Workbook

Sheet 1. Revenue
B4: Groups / Metrics | C4: Comments | D4: Source | E4: Sparklines | F4: Units | G4: Initial / Base | H4: 1996 | I4: 1997 | J4: 1998 | K4: 1999 | L4: 2000 | M4: 2001 | N4: 2002 | O4: 2003 | P4: 2004 | Q4: 2005 | R4: 2006 | S4: 2007 | T4: 2008 | U4: 2009 | V4: 2010 | W4: 2011 | X4: 2012 | Y4: 2013 | Z4: 2014 | AA4: 2015 | AB4: 2016 | AC4: 2017 | AD4: 2018 | AE4: 2019 | AF4: 2020 | AG4: 2021 | AH4: 2022 | AI4: 2023F | AJ4: 2024F | AK4: 2025F | AL4: 2026F
B5: Month | H5: 1 | I5: 2 | J5: 3 | K5: 4 | L5: 5 | M5: 6 | N5: 7 | O5: 8 | P5: 9 | Q5: 10 | R5: 11 | S5: 12 | T5: 13 | U5: 14 | V5: 15 | W5: 16 | X5: 17 | Y5: 18 | Z5: 19 | AA5: 20 | AB5: 21 | AC5: 22 | AD5: 23 | AE5: 24 | AF5: 25 | AG5: 26 | AH5: 27 | AI5: 28 | AJ5: 29 | AK5: 30 | AL5: 31
B7: General Inputs
B8: Inflation (CPI Percentage Change) | D8: Calculations | F8: % per year | G8: ='Calc. Inflation (CPI)'!$C$21 -> 0.046293447
B9: Mobile application parenting market size worldwide | D9: Statista - Parenting Market Size | F9: k USD | AI9: - | AJ9: 588000 | AK9: 633000 | AL9: 681000
B11: General Outputs
B12: Market Size | F12: k ppl | AI12: =AI34 -> 18192.702 | AJ12: =AJ34 -> 18270.931 | AK12: =AK34 -> 18349.16 | AL12: =AL34 -> 18427.389
B13: Our Revenue (Model 1: Top Down) | F13: USD | AI13: - | AJ13: =SUM(AI49:AT49) -> 289961.08 | AK13: =SUM(AU49:BF49) -> 2829202.5 | AL13: =SUM(BG49:BR49) -> 7351954.1
B14: Our Revenue (Model 2: Bottom Up) | F14: USD | AI14: - | AJ14: =SUM(AI56:AT56) -> 297559.53 | AK14: =SUM(AU56:BF56) -> 2974510.9 | AL14: =SUM(BG56:BR56) -> 7914009.9
B15: Benchmark: Similar app annual revenue | C15: "Boop Kids" - Smart Parenting, 2022 | D15: Statista - Parenting App Revenues | F15: USD | G15: 2432016
B18: Market Size
B19: Number of families | F19: k ppl | H19: =SUM(H20:H21) -> 69590 | I19: =SUM(I20:I21) -> 70240 | J19: =SUM(J20:J21) -> 70880 | K19: =SUM(K20:K21) -> 71540 | L19: =SUM(L20:L21) -> 72030 | M19: =SUM(M20:M21) -> 73770 | N19: =SUM(N20:N21) -> 74330 | O19: =SUM(O20:O21) -> 75600 | ... AL19: =SUM(AL20:AL21) -> 87735.586
B20: US | D20: Statista - Parents in the U.S. | F20: k ppl | H20: 69590 | I20: 70240 | J20: 70880 | K20: 71540 | L20: 72030 | M20: 73770 | N20: 74330 | O20: 75600 | P20: 76220 | Q20: 76860 | R20: 77400 | S20: 78430 | T20: 77870 | U20: 78850 | V20: 78830 | W20: 78610 | X20: 80510 | Y20: 80900 | Z20: 81350 | AA20: 81720 | AB20: 82180 | AC20: 82830 | AD20: 83090 | AE20: 83480 | AF20: 83680 | AG20: 83710 | AH20: 84230 | AI20: =AI$5*SLOPE($H20:$AH20,$H$5:$AH$5)+INTERCEPT($H20:$AH20,$H$5:$AH$5) -> 86035.385 | AJ20: =AJ$5*SLOPE($H20:$AH20,$H$5:$AH$5)+INTERCEPT($H20:$AH20,$H$5:$AH$5) -> 86602.118 | AK20: =AK$5*SLOPE($H20:$AH20,$H$5:$AH$5)+INTERCEPT($H20:$AH20,$H$5:$AH$5) -> 87168.852 | AL20: =AL$5*SLOPE($H20:$AH20,$H$5:$AH$5)+INTERCEPT($H20:$AH20,$H$5:$AH$5) -> 87735.586
B21: UK | D21: Statista - Households and Families in the U.K. | F21: k ppl | H21: - | I21: - | J21: - | K21: - | L21: - | M21: - | N21: - | O21: - | P21: - | Q21: - | R21: - | S21: - | T21: - | U21: - | V21: - | W21: - | X21: - | Y21: - | Z21: - | AA21: - | AB21: - | AC21: - | AD21: - | AE21: - | AF21: - | AG21: - | AH21: - | AI21: - | AJ21: - | AK21: - | AL21: -
B22: Number of families with children | F22: k ppl | H22: =SUM(H23:H24) -> 35230 | I22: =SUM(I23:I24) -> 35428 | J22: =SUM(J23:J24) -> 35723 | K22: =SUM(K23:K24) -> 36013 | L22: =SUM(L23:L24) -> 36168 | M22: =SUM(M23:M24) -> 36893 | N22: =SUM(N23:N24) -> 37128 | O22: =SUM(O23:O24) -> 37610 | ... AL22: =SUM(AL23:AL24) -> 43413.497
B23: US | D23: Statista - Parents in the U.S. | F23: k ppl | G23: 0.4 | H23: =H20*$G$23 -> 27836 | I23: =I20*$G$23 -> 28096 | J23: =J20*$G$23 -> 28352 | K23: =K20*$G$23 -> 28616 | L23: =L20*$G$23 -> 28812 | M23: =M20*$G$23 -> 29508 | N23: =N20*$G$23 -> 29732 | O23: =O20*$G$23 -> 30240 | ... AL23: =AL20*$G$23 -> 35094.234
B24: UK | D24: Statista - Households and Families in the U.K. | F24: k ppl | H24: 7394 | I24: 7332 | J24: 7371 | K24: 7397 | L24: 7356 | M24: 7385 | N24: 7396 | O24: 7370 | P24: 7444 | Q24: 7517 | R24: 7509 | S24: 7550 | T24: 7592 | U24: 7730 | V24: 7784 | W24: 7747 | X24: 7896 | Y24: 7915 | Z24: 7936 | AA24: 7961 | AB24: 7984 | AC24: 8006 | AD24: 8014 | AE24: 8043 | AF24: 8082 | AG24: 8165 | AH24: 8196 | AI24: =AI$5*SLOPE($H24:$AH24,$H$5:$AH$5)+INTERCEPT($H24:$AH24,$H$5:$AH$5) -> 8211.1054 | AJ24: =AJ$5*SLOPE($H24:$AH24,$H$5:$AH$5)+INTERCEPT($H24:$AH24,$H$5:$AH$5) -> 8247.1579 | AK24: =AK$5*SLOPE($H24:$AH24,$H$5:$AH$5)+INTERCEPT($H24:$AH24,$H$5:$AH$5) -> 8283.2104 | AL24: =AL$5*SLOPE($H24:$AH24,$H$5:$AH$5)+INTERCEPT($H24:$AH24,$H$5:$AH$5) -> 8319.2629
B25: Number of families with single parent | F25: k ppl | H25: =SUM(H26:H27) -> 19082 | I25: =SUM(I26:I27) -> 18935 | J25: =SUM(J26:J27) -> 19247 | K25: =SUM(K26:K27) -> 19407 | L25: =SUM(L26:L27) -> 19608 | M25: =SUM(M26:M27) -> 20098 | N25: =SUM(N26:N27) -> 20838 | O25: =SUM(O26:O27) -> 21105 | ... AL25: =SUM(AL26:AL27) -> 27331.911
B26: US | D26: Statista - Parents in the U.S. | F26: k ppl | H26: 16637 | I26: 16563 | J26: 16773 | K26: 16917 | L26: 17180 | M26: 17586 | N26: 18289 | O26: 18508 | P26: 18882 | Q26: 19229 | R26: 19491 | S26: 19514 | T26: 19737 | U26: 20439 | V26: 20892 | W26: 21566 | X26: 21720 | Y26: 21525 | Z26: 21715 | AA26: 21941 | AB26: 22033 | AC26: 21656 | AD26: 21537 | AE26: 21344 | AF26: 22426 | AG26: 22835 | AH26: 22170 | AI26: =AI$5*SLOPE($H26:$AH26,$H$5:$AH$5)+INTERCEPT($H26:$AH26,$H$5:$AH$5) -> 23449.929 | AJ26: =AJ$5*SLOPE($H26:$AH26,$H$5:$AH$5)+INTERCEPT($H26:$AH26,$H$5:$AH$5) -> 23698.72 | AK26: =AK$5*SLOPE($H26:$AH26,$H$5:$AH$5)+INTERCEPT($H26:$AH26,$H$5:$AH$5) -> 23947.511 | AL26: =AL$5*SLOPE($H26:$AH26,$H$5:$AH$5)+INTERCEPT($H26:$AH26,$H$5:$AH$5) -> 24196.302
B27: UK | D27: Statista - Households and Families in the U.K. | F27: k ppl | H27: 2445 | I27: 2372 | J27: 2474 | K27: 2490 | L27: 2428 | M27: 2512 | N27: 2549 | O27: 2597 | P27: 2686 | Q27: 2697 | R27: 2694 | S27: 2692 | T27: 2759 | U27: 2889 | V27: 2943 | W27: 2909 | X27: 3039 | Y27: 3000 | Z27: 3007 | AA27: 3031 | AB27: 2900 | AC27: 2815 | AD27: 2862 | AE27: 2852 | AF27: 2811 | AG27: 2968 | AH27: 2939 | AI27: =AI$5*SLOPE($H27:$AH27,$H$5:$AH$5)+INTERCEPT($H27:$AH27,$H$5:$AH$5) -> 3068.2792 | AJ27: =AJ$5*SLOPE($H27:$AH27,$H$5:$AH$5)+INTERCEPT($H27:$AH27,$H$5:$AH$5) -> 3090.7224 | AK27: =AK$5*SLOPE($H27:$AH27,$H$5:$AH$5)+INTERCEPT($H27:$AH27,$H$5:$AH$5) -> 3113.1656 | AL27: =AL$5*SLOPE($H27:$AH27,$H$5:$AH$5)+INTERCEPT($H27:$AH27,$H$5:$AH$5) -> 3135.6089
B28: Number of parents | F28: k ppl | H28: =SUM(H29:H30) -> 51378 | I28: =SUM(I29:I30) -> 51921 | J28: =SUM(J29:J30) -> 52199 | K28: =SUM(K29:K30) -> 52619 | L28: =SUM(L29:L30) -> 52728 | M28: =SUM(M29:M30) -> 53688 | N28: =SUM(N29:N30) -> 53418 | O28: =SUM(O29:O30) -> 54115 | ... AL28: =SUM(AL29:AL30) -> 59495.083
B29: US | F29: k ppl | H29: =(H23-H26)*2+H26 -> 39035 | I29: =(I23-I26)*2+I26 -> 39629 | J29: =(J23-J26)*2+J26 -> 39931 | K29: =(K23-K26)*2+K26 -> 40315 | L29: =(L23-L26)*2+L26 -> 40444 | M29: =(M23-M26)*2+M26 -> 41430 | N29: =(N23-N26)*2+N26 -> 41175 | O29: =(O23-O26)*2+O26 -> 41972 | ... AL29: =(AL23-AL26)*2+AL26 -> 45992.166
B30: UK | F30: k ppl | H30: =(H24-H27)*2+H27 -> 12343 | I30: =(I24-I27)*2+I27 -> 12292 | J30: =(J24-J27)*2+J27 -> 12268 | K30: =(K24-K27)*2+K27 -> 12304 | L30: =(L24-L27)*2+L27 -> 12284 | M30: =(M24-M27)*2+M27 -> 12258 | N30: =(N24-N27)*2+N27 -> 12243 | O30: =(O24-O27)*2+O27 -> 12143 | ... AL30: =(AL24-AL27)*2+AL27 -> 13502.917
B31: Number of parents of age 30-50 (Millenials) | F31: k ppl | H31: =SUM(H32:H33) -> 30559.88 | I31: =SUM(I32:I33) -> 30879.23 | J31: =SUM(J32:J33) -> 31042.77 | K31: =SUM(K32:K33) -> 31291.29 | L31: =SUM(L32:L33) -> 31355.2 | M31: =SUM(M32:M33) -> 31921.08 | N31: =SUM(N32:N33) -> 31761.48 | O31: =SUM(O32:O33) -> 32170.71 | ... AL31: =SUM(AL32:AL33) -> 35372.158
B32: US | D32: Statista - Target Audience: Parents in the U.S. | F32: k ppl | G32: 0.59 | H32: =H29*$G$32 -> 23030.65 | I32: =I29*$G$32 -> 23381.11 | J32: =J29*$G$32 -> 23559.29 | K32: =K29*$G$32 -> 23785.85 | L32: =L29*$G$32 -> 23861.96 | M32: =M29*$G$32 -> 24443.7 | N32: =N29*$G$32 -> 24293.25 | O32: =O29*$G$32 -> 24763.48 | ... AL32: =AL29*$G$32 -> 27135.378
B33: UK | D33: Statista - Target Audience: Parents in the U.K. | F33: k ppl | G33: 0.61 | H33: =H30*$G$33 -> 7529.23 | I33: =I30*$G$33 -> 7498.12 | J33: =J30*$G$33 -> 7483.48 | K33: =K30*$G$33 -> 7505.44 | L33: =L30*$G$33 -> 7493.24 | M33: =M30*$G$33 -> 7477.38 | N33: =N30*$G$33 -> 7468.23 | O33: =O30*$G$33 -> 7407.23 | ... AL33: =AL30*$G$33 -> 8236.7794
B34: Among them - with higher education (Bachelor+) | F34: k ppl | H34: =SUM(H35:H36) -> 15957.571 | I34: =SUM(I35:I36) -> 16114.446 | J34: =SUM(J35:J36) -> 16194.898 | K34: =SUM(K35:K36) -> 16321.135 | L34: =SUM(L35:L36) -> 16351.992 | M34: =SUM(M35:M36) -> 16633.504 | N34: =SUM(N35:N36) -> 16552.881 | O34: =SUM(O35:O36) -> 16752.006 | ... AL34: =SUM(AL35:AL36) -> 18427.389
B35: US | D35: Statista - Target Audience: Parents in the U.S. | F35: k ppl | G35: 0.5 | H35: =H32*$G$35 -> 11515.325 | I35: =I32*$G$35 -> 11690.555 | J35: =J32*$G$35 -> 11779.645 | K35: =K32*$G$35 -> 11892.925 | L35: =L32*$G$35 -> 11930.98 | M35: =M32*$G$35 -> 12221.85 | N35: =N32*$G$35 -> 12146.625 | O35: =O32*$G$35 -> 12381.74 | ... AL35: =AL32*$G$35 -> 13567.689
B36: UK | D36: Statista - Target Audience: Parents in the U.K. | F36: k ppl | G36: 0.59 | H36: =H33*$G$36 -> 4442.2457 | I36: =I33*$G$36 -> 4423.8908 | J36: =J33*$G$36 -> 4415.2532 | K36: =K33*$G$36 -> 4428.2096 | L36: =L33*$G$36 -> 4421.0116 | M36: =M33*$G$36 -> 4411.6542 | N36: =N33*$G$36 -> 4406.2557 | O36: =O33*$G$36 -> 4370.2657 | ... AL36: =AL33*$G$36 -> 4859.6998
B37: Would use social media for support and answers | D37: Pew Research - Parents and Social Media | F37: k ppl | G37: =AVERAGE(88,71,83,74,80,65,77,64,61,53)/100 -> 0.716 | H37: =H34*$G$37 -> 11425.621 | I37: =I34*$G$37 -> 11537.943 | J37: =J34*$G$37 -> 11595.547 | K37: =K34*$G$37 -> 11685.932 | L37: =L34*$G$37 -> 11708.026 | M37: =M34*$G$37 -> 11909.589 | N37: =N34*$G$37 -> 11851.863 | O37: =O34*$G$37 -> 11994.436 | ... AL37: =AL34*$G$37 -> 13194.01
AI40: Phase 1 | AJ40: Phase 1 | AK40: Phase 2 | AL40: Phase 2 | AM40: Phase 2 | AN40: Phase 2 | AO40: Phase 2 | AP40: Phase 2 | AQ40: Phase 2 | AR40: Phase 2 | AS40: Phase 2 | AT40: Phase 2 | AU40: Phase 3 | AV40: Phase 3 | AW40: Phase 3 | AX40: Phase 3 | AY40: Phase 3 | AZ40: Phase 3 | BA40: Phase 3 | BB40: Phase 3 | BC40: Phase 3 | BD40: Phase 3 | BE40: Phase 3 | BF40: Phase 3 | BG40: Phase 3 | BH40: Phase 3 | BI40: Phase 3 | BJ40: Phase 3 | BK40: Phase 3 | BL40: Phase 3 | BM40: Phase 3 | BN40: Phase 3 | BO40: Phase 3 | BP40: Phase 3 | BQ40: Phase 3 | BR40: Phase 3
B41: Market Share and Revenue | F41: Units | G41: Initial / Base | AI41: 45292 | AJ41: 45323 | AK41: 45352 | AL41: 45383 | AM41: 45413 | AN41: 45444 | AO41: 45474 | AP41: 45505 | AQ41: 45536 | AR41: 45566 | AS41: 45597 | AT41: 45627 | AU41: 45658 | AV41: 45689 | AW41: 45717 | AX41: 45748 | AY41: 45778 | AZ41: 45809 | BA41: 45839 | BB41: 45870 | BC41: 45901 | BD41: 45931 | BE41: 45962 | BF41: 45992 | BG41: 46023 | BH41: 46054 | BI41: 46082 | BJ41: 46113 | BK41: 46143 | BL41: 46174 | BM41: 46204 | BN41: 46235 | BO41: 46266 | BP41: 46296 | BQ41: 46327 | BR41: 46357
B42: Month | G42: 0 | AI42: 1 | AJ42: 2 | AK42: 3 | AL42: 4 | AM42: 5 | AN42: 6 | AO42: 7 | AP42: 8 | AQ42: 9 | AR42: 10 | AS42: 11 | AT42: 12 | AU42: 13 | AV42: 14 | AW42: 15 | AX42: 16 | AY42: 17 | AZ42: 18 | BA42: 19 | BB42: 20 | BC42: 21 | BD42: 22 | BE42: 23 | BF42: 24 | BG42: 25 | BH42: 26 | BI42: 27 | BJ42: 28 | BK42: 29 | BL42: 30 | BM42: 31 | BN42: 32 | BO42: 33 | BP42: 34 | BQ42: 35 | BR42: 36
B43: Year (for Inflation) | G43: 0 | AI43: 0 | AJ43: 0 | AK43: 0 | AL43: 0 | AM43: 0 | AN43: 0 | AO43: 0 | AP43: 0 | AQ43: 0 | AR43: 0 | AS43: 0 | AT43: 0 | AU43: 1 | AV43: 1 | AW43: 1 | AX43: 1 | AY43: 1 | AZ43: 1 | BA43: 1 | BB43: 1 | BC43: 1 | BD43: 1 | BE43: 1 | BF43: 1 | BG43: 2 | BH43: 2 | BI43: 2 | BJ43: 2 | BK43: 2 | BL43: 2 | BM43: 2 | BN43: 2 | BO43: 2 | BP43: 2 | BQ43: 2 | BR43: 2
B45: Model 1. Bottom Up: based on ppl and subscription price
B46: Our Share | D46: Expert - Scenario analysis | F46: % | AI46: ='4. Summary'!F9 -> 0 | AJ46: ='4. Summary'!G9 -> 0 | AK46: ='4. Summary'!H9 -> 0 | AL46: ='4. Summary'!I9 -> 0 | AM46: ='4. Summary'!J9 -> 0 | AN46: ='4. Summary'!K9 -> 0 | AO46: ='4. Summary'!L9 -> 0.0011 | AP46: ='4. Summary'!M9 -> 0.0022 | ... BR46: ='4. Summary'!AO9 -> 0.066
B47: Our Share | F47: ppl | AI47: =AI46*$AJ$37*1000 -> 0 | AJ47: =AJ46*$AJ$37*1000 -> 0 | AK47: =AK46*$AJ$37*1000 -> 0 | AL47: =AL46*$AJ$37*1000 -> 0 | AM47: =AM46*$AJ$37*1000 -> 0 | AN47: =AN46*$AJ$37*1000 -> 0 | AO47: =AO46*$AJ$37*1000 -> 14390.185 | AP47: =AP46*$AJ$37*1000 -> 28780.37 | ... AT47: =AT46*$AJ$37*1000 -> 143901.85 | AU47: =AU46*$AK$37*1000 -> 144517.98 | AV47: =AV46*$AK$37*1000 -> 187873.38 | AW47: =AW46*$AK$37*1000 -> 173421.58 | AX47: =AX46*$AK$37*1000 -> 187873.38 | AY47: =AY46*$AK$37*1000 -> 231228.77 | AZ47: =AZ46*$AK$37*1000 -> 274584.17 | BA47: =BA46*$AK$37*1000 -> 317939.56 | BB47: =BB46*$AK$37*1000 -> 361294.96 | ... BF47: =BF46*$AK$37*1000 -> 534716.54 | BG47: =BG46*$AL$37*1000 -> 580536.46 | BH47: =BH46*$AL$37*1000 -> 624076.7 | BI47: =BI46*$AL$37*1000 -> 667616.93 | BJ47: =BJ46*$AL$37*1000 -> 711157.16 | BK47: =BK46*$AL$37*1000 -> 754697.4 | BL47: =BL46*$AL$37*1000 -> 798237.63 | BM47: =BM46*$AL$37*1000 -> 841777.87 | BN47: =BN46*$AL$37*1000 -> 870804.69 | ... BR47: =BR46*$AL$37*1000 -> 870804.69
B48: User Retention | C48: "Lifestyle" app category | D48: Statista - Retention Rate by Category | F48: ppl | G48: 0.036 | AI48: =AI47*$G$48 -> 0 | AJ48: =AJ47*$G$48 -> 0 | AK48: =AK47*$G$48 -> 0 | AL48: =AL47*$G$48 -> 0 | AM48: =AM47*$G$48 -> 0 | AN48: =AN47*$G$48 -> 0 | AO48: =AO47*$G$48 -> 518.04666 | AP48: =AP47*$G$48 -> 1036.0933 | ... BR48: =BR47*$G$48 -> 31348.969
B49: Our Revenue | C49: Based on the subscription price | F49: USD | G49: 19.99 | AI49: =AI48*$G$49*(1+$G$8)^AI43 -> 0 | AJ49: =AJ48*$G$49*(1+$G$8)^AJ43 -> 0 | AK49: =AK48*$G$49*(1+$G$8)^AK43 -> 0 | AL49: =AL48*$G$49*(1+$G$8)^AL43 -> 0 | AM49: =AM48*$G$49*(1+$G$8)^AM43 -> 0 | AN49: =AN48*$G$49*(1+$G$8)^AN43 -> 0 | AO49: =AO48*$G$49*(1+$G$8)^AO43 -> 10355.753 | AP49: =AP48*$G$49*(1+$G$8)^AP43 -> 20711.506 | ... BR49: =BR48*$G$49*(1+$G$8)^BR43 -> 686029.93
B51: Model 2. Top Down: based on segment revenue
B52: Parenting apps market size worldwide | C52: Inflation included in the forecast | F52: USD | AI52: =$AJ$9/12*1000 -> 49000000 | AJ52: =$AJ$9/12*1000 -> 49000000 | AK52: =$AJ$9/12*1000 -> 49000000 | AL52: =$AJ$9/12*1000 -> 49000000 | AM52: =$AJ$9/12*1000 -> 49000000 | AN52: =$AJ$9/12*1000 -> 49000000 | AO52: =$AJ$9/12*1000 -> 49000000 | AP52: =$AJ$9/12*1000 -> 49000000 | ... AT52: =$AJ$9/12*1000 -> 49000000 | AU52: =$AK$9/12*1000 -> 52750000 | AV52: =$AK$9/12*1000 -> 52750000 | AW52: =$AK$9/12*1000 -> 52750000 | AX52: =$AK$9/12*1000 -> 52750000 | AY52: =$AK$9/12*1000 -> 52750000 | AZ52: =$AK$9/12*1000 -> 52750000 | BA52: =$AK$9/12*1000 -> 52750000 | BB52: =$AK$9/12*1000 -> 52750000 | ... BF52: =$AK$9/12*1000 -> 52750000 | BG52: =$AL$9/12*1000 -> 56750000 | BH52: =$AL$9/12*1000 -> 56750000 | BI52: =$AL$9/12*1000 -> 56750000 | BJ52: =$AL$9/12*1000 -> 56750000 | BK52: =$AL$9/12*1000 -> 56750000 | BL52: =$AL$9/12*1000 -> 56750000 | BM52: =$AL$9/12*1000 -> 56750000 | BN52: =$AL$9/12*1000 -> 56750000 | ... BR52: =$AL$9/12*1000 -> 56750000
B53: Parenting apps market size US + UK | D53: Statista - App Spendings by Country | F53: USD | G53: =(42192.2+3819.1)/167090 -> 0.27536836 | AI53: =AI52*$G$53 -> 13493050 | AJ53: =AJ52*$G$53 -> 13493050 | AK53: =AK52*$G$53 -> 13493050 | AL53: =AL52*$G$53 -> 13493050 | AM53: =AM52*$G$53 -> 13493050 | AN53: =AN52*$G$53 -> 13493050 | AO53: =AO52*$G$53 -> 13493050 | AP53: =AP52*$G$53 -> 13493050 | ... BR53: =BR52*$G$53 -> 15627155
B54: Parenting apps for for support and answers US + UK | D54: Pew Research - Parents and Social Media | F54: USD | G54: =G37 -> 0.716 | AI54: =AI53*$G$54 -> 9661023.7 | AJ54: =AJ53*$G$54 -> 9661023.7 | AK54: =AK53*$G$54 -> 9661023.7 | AL54: =AL53*$G$54 -> 9661023.7 | AM54: =AM53*$G$54 -> 9661023.7 | AN54: =AN53*$G$54 -> 9661023.7 | AO54: =AO53*$G$54 -> 9661023.7 | AP54: =AP53*$G$54 -> 9661023.7 | ... BR54: =BR53*$G$54 -> 11189043
B55: Our Share | D55: Expert - Scenario analysis | F55: % | AI55: =AI46 -> 0 | AJ55: =AJ46 -> 0 | AK55: =AK46 -> 0 | AL55: =AL46 -> 0 | AM55: =AM46 -> 0 | AN55: =AN46 -> 0 | AO55: =AO46 -> 0.0011 | AP55: =AP46 -> 0.0022 | ... BR55: =BR46 -> 0.066
B56: Our Revenue | F56: USD | AI56: =AI55*AI54 -> 0 | AJ56: =AJ55*AJ54 -> 0 | AK56: =AK55*AK54 -> 0 | AL56: =AL55*AL54 -> 0 | AM56: =AM55*AM54 -> 0 | AN56: =AN55*AN54 -> 0 | AO56: =AO55*AO54 -> 10627.126 | AP56: =AP55*AP54 -> 21254.252 | ... BR56: =BR55*BR54 -> 738476.82

Sheet 2. Expenses
H2: Phase 1 | I2: Phase 1 | J2: Phase 2 | K2: Phase 2 | L2: Phase 2 | M2: Phase 2 | N2: Phase 2 | O2: Phase 2 | P2: Phase 2 | Q2: Phase 2 | R2: Phase 2 | S2: Phase 2 | T2: Phase 3 | U2: Phase 3 | V2: Phase 3 | W2: Phase 3 | X2: Phase 3 | Y2: Phase 3 | Z2: Phase 3 | AA2: Phase 3 | AB2: Phase 3 | AC2: Phase 3 | AD2: Phase 3 | AE2: Phase 3 | AF2: Phase 3 | AG2: Phase 3 | AH2: Phase 3 | AI2: Phase 3 | AJ2: Phase 3 | AK2: Phase 3 | AL2: Phase 3 | AM2: Phase 3 | AN2: Phase 3 | AO2: Phase 3 | AP2: Phase 3 | AQ2: Phase 3
B4: Groups / Metrics | C4: Comments | D4: Source | E4: Sparklines | F4: Units | G4: Initial / Base | H4: 45292 | I4: 45323 | J4: 45352 | K4: 45383 | L4: 45413 | M4: 45444 | N4: 45474 | O4: 45505 | P4: 45536 | Q4: 45566 | R4: 45597 | S4: 45627 | T4: 45658 | U4: 45689 | V4: 45717 | W4: 45748 | X4: 45778 | Y4: 45809 | Z4: 45839 | AA4: 45870 | AB4: 45901 | AC4: 45931 | AD4: 45962 | AE4: 45992 | AF4: 46023 | AG4: 46054 | AH4: 46082 | AI4: 46113 | AJ4: 46143 | AK4: 46174 | AL4: 46204 | AM4: 46235 | AN4: 46266 | AO4: 46296 | AP4: 46327 | AQ4: 46357
B5: Month | G5: 0 | H5: 1 | I5: 2 | J5: 3 | K5: 4 | L5: 5 | M5: 6 | N5: 7 | O5: 8 | P5: 9 | Q5: 10 | R5: 11 | S5: 12 | T5: 13 | U5: 14 | V5: 15 | W5: 16 | X5: 17 | Y5: 18 | Z5: 19 | AA5: 20 | AB5: 21 | AC5: 22 | AD5: 23 | AE5: 24 | AF5: 25 | AG5: 26 | AH5: 27 | AI5: 28 | AJ5: 29 | AK5: 30 | AL5: 31 | AM5: 32 | AN5: 33 | AO5: 34 | AP5: 35 | AQ5: 36
B6: Year (for Inflation) | G6: - | H6: 0 | I6: 0 | J6: 0 | K6: 0 | L6: 0 | M6: 0 | N6: 0 | O6: 0 | P6: 0 | Q6: 0 | R6: 0 | S6: 0 | T6: 1 | U6: 1 | V6: 1 | W6: 1 | X6: 1 | Y6: 1 | Z6: 1 | AA6: 1 | AB6: 1 | AC6: 1 | AD6: 1 | AE6: 1 | AF6: 2 | AG6: 2 | AH6: 2 | AI6: 2 | AJ6: 2 | AK6: 2 | AL6: 2 | AM6: 2 | AN6: 2 | AO6: 2 | AP6: 2 | AQ6: 2
B8: General Inputs
B9: Inflation (CPI Percentage Change) | D9: Calculations | F9: % | G9: ='Calc. Inflation (CPI)'!$C$21 -> 0.046293447
B11: General Outputs
B12: Headcount (Inhouse) | F12: ppl | H12: =SUM(H30,H56,H74) -> 2.9 | I12: =SUM(I30,I56,I74) -> 4.9 | J12: =SUM(J30,J56,J74) -> 8.9 | K12: =SUM(K30,K56,K74) -> 7.9 | L12: =SUM(L30,L56,L74) -> 7.9 | M12: =SUM(M30,M56,M74) -> 8.9 | N12: =SUM(N30,N56,N74) -> 8.9 | O12: =SUM(O30,O56,O74) -> 8.9 | ... AQ12: =SUM(AQ30,AQ56,AQ74) -> 13
B13: Gross Wage (Inhouse) | C13: Less managerial bonuses | F13: USD | H13: =SUM(H26,H49,H61) -> 14500 | I13: =SUM(I26,I49,I61) -> 22300 | J13: =SUM(J26,J49,J61) -> 26500 | K13: =SUM(K26,K49,K61) -> 22300 | L13: =SUM(L26,L49,L61) -> 22300 | M13: =SUM(M26,M49,M61) -> 26500 | N13: =SUM(N26,N49,N61) -> 26500 | O13: =SUM(O26,O49,O61) -> 26500 | ... AQ13: =SUM(AQ26,AQ49,AQ61) -> 45759.713
B14: Gross Wage (Outsource) | F14: USD | H14: =SUM(H18,H25,H35,H36,H37) -> 39035 | I14: =SUM(I18,I25,I35,I36,I37) -> 39035 | J14: =SUM(J18,J25,J35,J36,J37) -> 49535 | K14: =SUM(K18,K25,K35,K36,K37) -> 49535 | L14: =SUM(L18,L25,L35,L36,L37) -> 49535 | M14: =SUM(M18,M25,M35,M36,M37) -> 49535 | N14: =SUM(N18,N25,N35,N36,N37) -> 49535 | O14: =SUM(O18,O25,O35,O36,O37) -> 49535 | ... AQ14: =SUM(AQ18,AQ25,AQ35,AQ36,AQ37) -> 58059.004
B17: Operating Expenses | F17: USD | H17: =SUM(H18,H23,H34,H39) -> 43565 | I17: =SUM(I18,I23,I34,I39) -> 47165 | J17: =SUM(J18,J23,J34,J39) -> 78665 | K17: =SUM(K18,K23,K34,K39) -> 78665 | L17: =SUM(L18,L23,L34,L39) -> 78665 | M17: =SUM(M18,M23,M34,M39) -> 78665 | N17: =SUM(N18,N23,N34,N39) -> 78665 | O17: =SUM(O18,O23,O34,O39) -> 78665 | ... AQ17: =SUM(AQ18,AQ23,AQ34,AQ39) -> 112937.82
B18: IT and Product Development Expenses | F18: USD | H18: =SUM(H19:H21) -> 21035 | I18: =SUM(I19:I21) -> 21035 | J18: =SUM(J19:J21) -> 21035 | K18: =SUM(K19:K21) -> 21035 | L18: =SUM(L19:L21) -> 21035 | M18: =SUM(M19:M21) -> 21035 | N18: =SUM(N19:N21) -> 21035 | O18: =SUM(O19:O21) -> 21035 | ... AQ18: =SUM(AQ19:AQ21) -> 23027.645
B19: App Builder | F19: USD | G19: 20000 | H19: =$G19*(1+$G$9)^H$6 -> 20000 | I19: =$G19*(1+$G$9)^I$6 -> 20000 | J19: =$G19*(1+$G$9)^J$6 -> 20000 | K19: =$G19*(1+$G$9)^K$6 -> 20000 | L19: =$G19*(1+$G$9)^L$6 -> 20000 | M19: =$G19*(1+$G$9)^M$6 -> 20000 | N19: =$G19*(1+$G$9)^N$6 -> 20000 | O19: =$G19*(1+$G$9)^O$6 -> 20000 | ... AQ19: =$G19*(1+$G$9)^AQ$6 -> 21894.6
B20: Website Builder | C20: Squarespace | F20: USD | G20: 35 | H20: =$G20*(1+$G$9)^H$6 -> 35 | I20: =$G20*(1+$G$9)^I$6 -> 35 | J20: =$G20*(1+$G$9)^J$6 -> 35 | K20: =$G20*(1+$G$9)^K$6 -> 35 | L20: =$G20*(1+$G$9)^L$6 -> 35 | M20: =$G20*(1+$G$9)^M$6 -> 35 | N20: =$G20*(1+$G$9)^N$6 -> 35 | O20: =$G20*(1+$G$9)^O$6 -> 35 | ... AQ20: =$G20*(1+$G$9)^AQ$6 -> 38.315549
B21: Software Licenses and Subscriptions | C21: ChatGPT, Analytical services, BI, etc. | F21: USD | G21: 1000 | H21: =$G21*(1+$G$9)^H$6 -> 1000 | I21: =$G21*(1+$G$9)^I$6 -> 1000 | J21: =$G21*(1+$G$9)^J$6 -> 1000 | K21: =$G21*(1+$G$9)^K$6 -> 1000 | L21: =$G21*(1+$G$9)^L$6 -> 1000 | M21: =$G21*(1+$G$9)^M$6 -> 1000 | N21: =$G21*(1+$G$9)^N$6 -> 1000 | O21: =$G21*(1+$G$9)^O$6 -> 1000 | ... AQ21: =$G21*(1+$G$9)^AQ$6 -> 1094.73
B23: Product Support Expenses | F23: USD | H23: =SUM(H24,H27) -> 0 | I23: =SUM(I24,I27) -> 3600 | J23: =SUM(J24,J27) -> 35100 | K23: =SUM(K24,K27) -> 35100 | L23: =SUM(L24,L27) -> 35100 | M23: =SUM(M24,M27) -> 35100 | N23: =SUM(N24,N27) -> 35100 | O23: =SUM(O24,O27) -> 35100 | ... AQ23: =SUM(AQ24,AQ27) -> 65245.907
B24: Salary | F24: USD | H24: =SUM(H25:H26) -> 0 | I24: =SUMPRODUCT(I25:I26,I31:I32) -> 3000 | J24: =SUMPRODUCT(J25:J26,J31:J32) -> 34500 | K24: =SUMPRODUCT(K25:K26,K31:K32) -> 34500 | L24: =SUMPRODUCT(L25:L26,L31:L32) -> 34500 | M24: =SUMPRODUCT(M25:M26,M31:M32) -> 34500 | N24: =SUMPRODUCT(N25:N26,N31:N32) -> 34500 | O24: =SUMPRODUCT(O25:O26,O31:O32) -> 34500 | P24: =SUMPRODUCT(P25:P26,P31:P32) -> 34500 | ... AQ24: =SUMPRODUCT(AQ25:AQ26,AQ31:AQ32) -> 64589.069
B25: Therapist / Methodologist | C25: Outsource | F25: USD | G25: 3500 | H25: =H31*$G25*(1+$G$9)^H$6 -> 0 | I25: =I31*$G25*(1+$G$9)^I$6 -> 0 | J25: =J31*$G25*(1+$G$9)^J$6 -> 10500 | K25: =K31*$G25*(1+$G$9)^K$6 -> 10500 | L25: =L31*$G25*(1+$G$9)^L$6 -> 10500 | M25: =M31*$G25*(1+$G$9)^M$6 -> 10500 | N25: =N31*$G25*(1+$G$9)^N$6 -> 10500 | O25: =O31*$G25*(1+$G$9)^O$6 -> 10500 | ... AQ25: =AQ31*$G25*(1+$G$9)^AQ$6 -> 15326.22
B26: Copywriter | F26: USD | G26: 3000 | H26: =H32*$G26*(1+$G$9)^H$6 -> 0 | I26: =I32*$G26*(1+$G$9)^I$6 -> 3000 | J26: =J32*$G26*(1+$G$9)^J$6 -> 3000 | K26: =K32*$G26*(1+$G$9)^K$6 -> 3000 | L26: =L32*$G26*(1+$G$9)^L$6 -> 3000 | M26: =M32*$G26*(1+$G$9)^M$6 -> 3000 | N26: =N32*$G26*(1+$G$9)^N$6 -> 3000 | O26: =O32*$G26*(1+$G$9)^O$6 -> 3000 | ... AQ26: =AQ32*$G26*(1+$G$9)^AQ$6 -> 3284.1899
B27: Bonuses | F27: USD | H27: =SUM(H28:H29) -> 0 | I27: =SUM(I28:I29) -> 600 | J27: =SUM(J28:J29) -> 600 | K27: =SUM(K28:K29) -> 600 | L27: =SUM(L28:L29) -> 600 | M27: =SUM(M28:M29) -> 600 | N27: =SUM(N28:N29) -> 600 | O27: =SUM(O28:O29) -> 600 | ... AQ27: =SUM(AQ28:AQ29) -> 656.83799
B28: Therapist / Methodologist | F28: USD (%) | H28: =H25*$G28 -> 0 | I28: =I25*$G28 -> 0 | J28: =J25*$G28 -> 0 | K28: =K25*$G28 -> 0 | L28: =L25*$G28 -> 0 | M28: =M25*$G28 -> 0 | N28: =N25*$G28 -> 0 | O28: =O25*$G28 -> 0 | ... AQ28: =AQ25*$G28 -> 0
B29: Copywriter | C29: Percent of salary | F29: USD (%) | G29: 0.2 | H29: =H26*$G29 -> 0 | I29: =I26*$G29 -> 600 | J29: =J26*$G29 -> 600 | K29: =K26*$G29 -> 600 | L29: =L26*$G29 -> 600 | M29: =M26*$G29 -> 600 | N29: =N26*$G29 -> 600 | O29: =O26*$G29 -> 600 | ... AQ29: =AQ26*$G29 -> 656.83799
B30: Headcount | F30: ppl | H30: =SUM(H31:H32) -> 0 | I30: =SUM(I31:I32) -> 1 | J30: =SUM(J31:J32) -> 4 | K30: =SUM(K31:K32) -> 4 | L30: =SUM(L31:L32) -> 4 | M30: =SUM(M31:M32) -> 4 | N30: =SUM(N31:N32) -> 4 | O30: =SUM(O31:O32) -> 4 | ... AQ30: =SUM(AQ31:AQ32) -> 5
B31: Therapist / Methodologist | F31: ppl | H31: 0 | I31: 0 | J31: 3 | K31: 3 | L31: 3 | M31: 3 | N31: 3 | O31: 3 | P31: 3 | Q31: 3 | R31: 3 | S31: 3 | T31: 4 | U31: 4 | V31: 4 | W31: 4 | X31: 4 | Y31: 4 | Z31: 4 | AA31: 4 | AB31: 4 | AC31: 4 | AD31: 4 | AE31: 4 | AF31: 4 | AG31: 4 | AH31: 4 | AI31: 4 | AJ31: 4 | AK31: 4 | AL31: 4 | AM31: 4 | AN31: 4 | AO31: 4 | AP31: 4 | AQ31: 4
B32: Copywriter | F32: ppl | H32: 0 | I32: 1 | J32: 1 | K32: 1 | L32: 1 | M32: 1 | N32: 1 | O32: 1 | P32: 1 | Q32: 1 | R32: 1 | S32: 1 | T32: 1 | U32: 1 | V32: 1 | W32: 1 | X32: 1 | Y32: 1 | Z32: 1 | AA32: 1 | AB32: 1 | AC32: 1 | AD32: 1 | AE32: 1 | AF32: 1 | AG32: 1 | AH32: 1 | AI32: 1 | AJ32: 1 | AK32: 1 | AL32: 1 | AM32: 1 | AN32: 1 | AO32: 1 | AP32: 1 | AQ32: 1
B34: Supportive Processes | F34: USD | H34: =SUM(H35:H37) -> 18000 | I34: =SUM(I35:I37) -> 18000 | J34: =SUM(J35:J37) -> 18000 | K34: =SUM(K35:K37) -> 18000 | L34: =SUM(L35:L37) -> 18000 | M34: =SUM(M35:M37) -> 18000 | N34: =SUM(N35:N37) -> 18000 | O34: =SUM(O35:O37) -> 18000 | ... AQ34: =SUM(AQ35:AQ37) -> 19705.14
B35: Legal | C35: Outsource | F35: USD | G35: 6000 | H35: =$G35*(1+$G$9)^H$6 -> 6000 | I35: =$G35*(1+$G$9)^I$6 -> 6000 | J35: =$G35*(1+$G$9)^J$6 -> 6000 | K35: =$G35*(1+$G$9)^K$6 -> 6000 | L35: =$G35*(1+$G$9)^L$6 -> 6000 | M35: =$G35*(1+$G$9)^M$6 -> 6000 | N35: =$G35*(1+$G$9)^N$6 -> 6000 | O35: =$G35*(1+$G$9)^O$6 -> 6000 | ... AQ35: =$G35*(1+$G$9)^AQ$6 -> 6568.3799
B36: Finance and Accounting | C36: Outsource | F36: USD | G36: 6000 | H36: =$G36*(1+$G$9)^H$6 -> 6000 | I36: =$G36*(1+$G$9)^I$6 -> 6000 | J36: =$G36*(1+$G$9)^J$6 -> 6000 | K36: =$G36*(1+$G$9)^K$6 -> 6000 | L36: =$G36*(1+$G$9)^L$6 -> 6000 | M36: =$G36*(1+$G$9)^M$6 -> 6000 | N36: =$G36*(1+$G$9)^N$6 -> 6000 | O36: =$G36*(1+$G$9)^O$6 -> 6000 | ... AQ36: =$G36*(1+$G$9)^AQ$6 -> 6568.3799
B37: Human Resources Management | C37: Outsource | F37: USD | G37: 6000 | H37: =$G37*(1+$G$9)^H$6 -> 6000 | I37: =$G37*(1+$G$9)^I$6 -> 6000 | J37: =$G37*(1+$G$9)^J$6 -> 6000 | K37: =$G37*(1+$G$9)^K$6 -> 6000 | L37: =$G37*(1+$G$9)^L$6 -> 6000 | M37: =$G37*(1+$G$9)^M$6 -> 6000 | N37: =$G37*(1+$G$9)^N$6 -> 6000 | O37: =$G37*(1+$G$9)^O$6 -> 6000 | ... AQ37: =$G37*(1+$G$9)^AQ$6 -> 6568.3799
B39: Office, Travel and Postage Expenses | F39: USD | H39: =SUM(H40:H44) -> 4530 | I39: =SUM(I40:I44) -> 4530 | J39: =SUM(J40:J44) -> 4530 | K39: =SUM(K40:K44) -> 4530 | L39: =SUM(L40:L44) -> 4530 | M39: =SUM(M40:M44) -> 4530 | N39: =SUM(N40:N44) -> 4530 | O39: =SUM(O40:O44) -> 4530 | ... AQ39: =SUM(AQ40:AQ44) -> 4959.1268
B40: Rent | C40: Coworking Space, Dedicated Desk, 3 ppl | D40: https://www.wework.com/ | F40: USD | G40: =510*3 -> 1530 | H40: =$G40*(1+$G$9)^H$6 -> 1530 | I40: =$G40*(1+$G$9)^I$6 -> 1530 | J40: =$G40*(1+$G$9)^J$6 -> 1530 | K40: =$G40*(1+$G$9)^K$6 -> 1530 | L40: =$G40*(1+$G$9)^L$6 -> 1530 | M40: =$G40*(1+$G$9)^M$6 -> 1530 | N40: =$G40*(1+$G$9)^N$6 -> 1530 | O40: =$G40*(1+$G$9)^O$6 -> 1530 | ... AQ40: =$G40*(1+$G$9)^AQ$6 -> 1674.9369
B41: Travel and Postage Costs | C41: Regular business travels, 3 ppl | F41: USD | G41: 3000 | H41: =$G41*(1+$G$9)^H$6 -> 3000 | I41: =$G41*(1+$G$9)^I$6 -> 3000 | J41: =$G41*(1+$G$9)^J$6 -> 3000 | K41: =$G41*(1+$G$9)^K$6 -> 3000 | L41: =$G41*(1+$G$9)^L$6 -> 3000 | M41: =$G41*(1+$G$9)^M$6 -> 3000 | N41: =$G41*(1+$G$9)^N$6 -> 3000 | O41: =$G41*(1+$G$9)^O$6 -> 3000 | ... AQ41: =$G41*(1+$G$9)^AQ$6 -> 3284.1899
B42: Utilities | C42: Online distributed team, no utilities budget | F42: USD | H42: =$G42*(1+$G$9)^H$6 -> 0 | I42: =$G42*(1+$G$9)^I$6 -> 0 | J42: =$G42*(1+$G$9)^J$6 -> 0 | K42: =$G42*(1+$G$9)^K$6 -> 0 | L42: =$G42*(1+$G$9)^L$6 -> 0 | M42: =$G42*(1+$G$9)^M$6 -> 0 | N42: =$G42*(1+$G$9)^N$6 -> 0 | O42: =$G42*(1+$G$9)^O$6 -> 0 | ... AQ42: =$G42*(1+$G$9)^AQ$6 -> 0
B43: Supplies | C43: Online distributed team, no supplies budget | F43: USD | H43: =$G43*(1+$G$9)^H$6 -> 0 | I43: =$G43*(1+$G$9)^I$6 -> 0 | J43: =$G43*(1+$G$9)^J$6 -> 0 | K43: =$G43*(1+$G$9)^K$6 -> 0 | L43: =$G43*(1+$G$9)^L$6 -> 0 | M43: =$G43*(1+$G$9)^M$6 -> 0 | N43: =$G43*(1+$G$9)^N$6 -> 0 | O43: =$G43*(1+$G$9)^O$6 -> 0 | ... AQ43: =$G43*(1+$G$9)^AQ$6 -> 0
B44: Telephone | C44: Free online services, no telephone budget | F44: USD | H44: =$G44*(1+$G$9)^H$6 -> 0 | I44: =$G44*(1+$G$9)^I$6 -> 0 | J44: =$G44*(1+$G$9)^J$6 -> 0 | K44: =$G44*(1+$G$9)^K$6 -> 0 | L44: =$G44*(1+$G$9)^L$6 -> 0 | M44: =$G44*(1+$G$9)^M$6 -> 0 | N44: =$G44*(1+$G$9)^N$6 -> 0 | O44: =$G44*(1+$G$9)^O$6 -> 0 | ... AQ44: =$G44*(1+$G$9)^AQ$6 -> 0
B46: Marketing and Selling Expenses | F46: USD | H46: =SUM(H47,H49) -> 7438.9882 | I46: =SUM(I47,I49) -> 12238.988 | J46: =SUM(J47,J49) -> 16438.988 | K46: =SUM(K47,K49) -> 12238.988 | L46: =SUM(L47,L49) -> 12238.988 | M46: =SUM(M47,M49) -> 16438.988 | N46: =SUM(N47,N49) -> 16438.988 | O46: =SUM(O47,O49) -> 16438.988 | ... AQ46: =SUM(AQ47,AQ49) -> 23250.957
B47: General Marketing Costs | C47: 30% of the first year revenue | F47: USD | H47: ='1. Revenue'!$AJ$14/12*30%*(1+$G$9)^H$6 -> 7438.9882 | I47: ='1. Revenue'!$AJ$14/12*30%*(1+$G$9)^I$6 -> 7438.9882 | J47: ='1. Revenue'!$AJ$14/12*30%*(1+$G$9)^J$6 -> 7438.9882 | K47: ='1. Revenue'!$AJ$14/12*30%*(1+$G$9)^K$6 -> 7438.9882 | L47: ='1. Revenue'!$AJ$14/12*30%*(1+$G$9)^L$6 -> 7438.9882 | M47: ='1. Revenue'!$AJ$14/12*30%*(1+$G$9)^M$6 -> 7438.9882 | N47: ='1. Revenue'!$AJ$14/12*30%*(1+$G$9)^N$6 -> 7438.9882 | O47: ='1. Revenue'!$AJ$14/12*30%*(1+$G$9)^O$6 -> 7438.9882 | ... AQ47: ='1. Revenue'!$AJ$14/12*30%*(1+$G$9)^AQ$6 -> 8143.6834
B49: Sales and Marketing Department | F49: USD | H49: =SUM(H50,H53) -> 0 | I49: =SUM(I50,I53) -> 4800 | J49: =SUM(J50,J53) -> 9000 | K49: =SUM(K50,K53) -> 4800 | L49: =SUM(L50,L53) -> 4800 | M49: =SUM(M50,M53) -> 9000 | N49: =SUM(N50,N53) -> 9000 | O49: =SUM(O50,O53) -> 9000 | ... AQ49: =SUM(AQ50,AQ53) -> 15107.274
B50: Salary | F50: USD | H50: =SUM(H51:H52) -> 0 | I50: =SUM(I51:I52) -> 4000 | J50: =SUM(J51:J52) -> 7500 | K50: =SUM(K51:K52) -> 4000 | L50: =SUM(L51:L52) -> 4000 | M50: =SUM(M51:M52) -> 7500 | N50: =SUM(N51:N52) -> 7500 | O50: =SUM(O51:O52) -> 7500 | ... AQ50: =SUM(AQ51:AQ52) -> 12589.395
B51: Content Creator / Illustrator | F51: USD | G51: 3500 | H51: =H57*$G51*(1+$G$9)^H$6 -> 0 | I51: =I57*$G51*(1+$G$9)^I$6 -> 0 | J51: =J57*$G51*(1+$G$9)^J$6 -> 3500 | K51: =K57*$G51*(1+$G$9)^K$6 -> 0 | L51: =L57*$G51*(1+$G$9)^L$6 -> 0 | M51: =M57*$G51*(1+$G$9)^M$6 -> 3500 | N51: =N57*$G51*(1+$G$9)^N$6 -> 3500 | O51: =O57*$G51*(1+$G$9)^O$6 -> 3500 | ... AQ51: =AQ57*$G51*(1+$G$9)^AQ$6 -> 3831.5549
B52: SEO / SEM / SMM Specialist | F52: USD | G52: 4000 | H52: =H58*$G52*(1+$G$9)^H$6 -> 0 | I52: =I58*$G52*(1+$G$9)^I$6 -> 4000 | J52: =J58*$G52*(1+$G$9)^J$6 -> 4000 | K52: =K58*$G52*(1+$G$9)^K$6 -> 4000 | L52: =L58*$G52*(1+$G$9)^L$6 -> 4000 | M52: =M58*$G52*(1+$G$9)^M$6 -> 4000 | N52: =N58*$G52*(1+$G$9)^N$6 -> 4000 | O52: =O58*$G52*(1+$G$9)^O$6 -> 4000 | ... AQ52: =AQ58*$G52*(1+$G$9)^AQ$6 -> 8757.8398
B53: Bonuses | F53: USD | H53: =SUM(H54:H55) -> 0 | I53: =SUM(I54:I55) -> 800 | J53: =SUM(J54:J55) -> 1500 | K53: =SUM(K54:K55) -> 800 | L53: =SUM(L54:L55) -> 800 | M53: =SUM(M54:M55) -> 1500 | N53: =SUM(N54:N55) -> 1500 | O53: =SUM(O54:O55) -> 1500 | ... AQ53: =SUM(AQ54:AQ55) -> 2517.8789
B54: Content Creator / Illustrator | C54: Percent of salary | F54: USD (%) | G54: 0.2 | H54: =H51*$G54 -> 0 | I54: =I51*$G54 -> 0 | J54: =J51*$G54 -> 700 | K54: =K51*$G54 -> 0 | L54: =L51*$G54 -> 0 | M54: =M51*$G54 -> 700 | N54: =N51*$G54 -> 700 | O54: =O51*$G54 -> 700 | ... AQ54: =AQ51*$G54 -> 766.31098
B55: SEO / SEM / SMM Specialist | C55: Percent of salary | F55: USD (%) | G55: 0.2 | H55: =H52*$G55 -> 0 | I55: =I52*$G55 -> 800 | J55: =J52*$G55 -> 800 | K55: =K52*$G55 -> 800 | L55: =L52*$G55 -> 800 | M55: =M52*$G55 -> 800 | N55: =N52*$G55 -> 800 | O55: =O52*$G55 -> 800 | ... AQ55: =AQ52*$G55 -> 1751.568
B56: Headcount | F56: USD | H56: =SUM(H57:H58) -> 0 | I56: =SUM(I57:I58) -> 1 | J56: =SUM(J57:J58) -> 2 | K56: =SUM(K57:K58) -> 1 | L56: =SUM(L57:L58) -> 1 | M56: =SUM(M57:M58) -> 2 | N56: =SUM(N57:N58) -> 2 | O56: =SUM(O57:O58) -> 2 | ... AQ56: =SUM(AQ57:AQ58) -> 3
B57: Content Creator / Illustrator | F57: USD | H57: 0 | I57: 0 | J57: 1 | K57: 0 | L57: 0 | M57: 1 | N57: 1 | O57: 1 | P57: 1 | Q57: 1 | R57: 1 | S57: 1 | T57: 1 | U57: 1 | V57: 1 | W57: 1 | X57: 1 | Y57: 1 | Z57: 1 | AA57: 1 | AB57: 1 | AC57: 1 | AD57: 1 | AE57: 1 | AF57: 1 | AG57: 1 | AH57: 1 | AI57: 1 | AJ57: 1 | AK57: 1 | AL57: 1 | AM57: 1 | AN57: 1 | AO57: 1 | AP57: 1 | AQ57: 1
B58: SEO / SEM / SMM Specialist | F58: USD | H58: 0 | I58: 1 | J58: 1 | K58: 1 | L58: 1 | M58: 1 | N58: 1 | O58: 1 | P58: 1 | Q58: 1 | R58: 1 | S58: 1 | T58: 2 | U58: 2 | V58: 2 | W58: 2 | X58: 2 | Y58: 2 | Z58: 2 | AA58: 2 | AB58: 2 | AC58: 2 | AD58: 2 | AE58: 2 | AF58: 2 | AG58: 2 | AH58: 2 | AI58: 2 | AJ58: 2 | AK58: 2 | AL58: 2 | AM58: 2 | AN58: 2 | AO58: 2 | AP58: 2 | AQ58: 2
B60: General and Administrative Expenses | F60: USD | H60: =SUM(H61) -> 14500 | I60: =SUM(I61) -> 14500 | J60: =SUM(J61) -> 14500 | K60: =SUM(K61) -> 14500 | L60: =SUM(L61) -> 14500 | M60: =SUM(M61) -> 14500 | N60: =SUM(N61) -> 14500 | O60: =SUM(O61) -> 14500 | ... AQ60: =SUM(AQ61) -> 27368.249
B61: Management | F61: USD | H61: =SUM(H62) -> 14500 | I61: =SUM(I62) -> 14500 | J61: =SUM(J62) -> 14500 | K61: =SUM(K62) -> 14500 | L61: =SUM(L62) -> 14500 | M61: =SUM(M62) -> 14500 | N61: =SUM(N62) -> 14500 | O61: =SUM(O62) -> 14500 | ... AQ61: =SUM(AQ62) -> 27368.249
B62: Salary | F62: USD | H62: =SUM(H63:H67) -> 14500 | I62: =SUM(I63:I67) -> 14500 | J62: =SUM(J63:J67) -> 14500 | K62: =SUM(K63:K67) -> 14500 | L62: =SUM(L63:L67) -> 14500 | M62: =SUM(M63:M67) -> 14500 | N62: =SUM(N63:N67) -> 14500 | O62: =SUM(O63:O67) -> 14500 | ... AQ62: =SUM(AQ63:AQ67) -> 27368.249
B63: CEO | C63: Board Member, Focus: general goals | F63: USD | G63: 5000 | H63: =H75*$G63*(1+$G$9)^H$6 -> 5000 | I63: =I75*$G63*(1+$G$9)^I$6 -> 5000 | J63: =J75*$G63*(1+$G$9)^J$6 -> 5000 | K63: =K75*$G63*(1+$G$9)^K$6 -> 5000 | L63: =L75*$G63*(1+$G$9)^L$6 -> 5000 | M63: =M75*$G63*(1+$G$9)^M$6 -> 5000 | N63: =N75*$G63*(1+$G$9)^N$6 -> 5000 | O63: =O75*$G63*(1+$G$9)^O$6 -> 5000 | ... AQ63: =AQ75*$G63*(1+$G$9)^AQ$6 -> 5473.6499
B64: COO | C64: Board Member, Focus: business processes | F64: USD | G64: 5000 | H64: =H76*$G64*(1+$G$9)^H$6 -> 1500 | I64: =I76*$G64*(1+$G$9)^I$6 -> 1500 | J64: =J76*$G64*(1+$G$9)^J$6 -> 1500 | K64: =K76*$G64*(1+$G$9)^K$6 -> 1500 | L64: =L76*$G64*(1+$G$9)^L$6 -> 1500 | M64: =M76*$G64*(1+$G$9)^M$6 -> 1500 | N64: =N76*$G64*(1+$G$9)^N$6 -> 1500 | O64: =O76*$G64*(1+$G$9)^O$6 -> 1500 | ... AQ64: =AQ76*$G64*(1+$G$9)^AQ$6 -> 5473.6499
B65: CTO | C65: Focus: product development | F65: USD | G65: 5000 | H65: =H77*$G65*(1+$G$9)^H$6 -> 1500 | I65: =I77*$G65*(1+$G$9)^I$6 -> 1500 | J65: =J77*$G65*(1+$G$9)^J$6 -> 1500 | K65: =K77*$G65*(1+$G$9)^K$6 -> 1500 | L65: =L77*$G65*(1+$G$9)^L$6 -> 1500 | M65: =M77*$G65*(1+$G$9)^M$6 -> 1500 | N65: =N77*$G65*(1+$G$9)^N$6 -> 1500 | O65: =O77*$G65*(1+$G$9)^O$6 -> 1500 | ... AQ65: =AQ77*$G65*(1+$G$9)^AQ$6 -> 5473.6499
B66: CMO | C66: Focus: sales and customer relations | F66: USD | G66: 5000 | H66: =H78*$G66*(1+$G$9)^H$6 -> 5000 | I66: =I78*$G66*(1+$G$9)^I$6 -> 5000 | J66: =J78*$G66*(1+$G$9)^J$6 -> 5000 | K66: =K78*$G66*(1+$G$9)^K$6 -> 5000 | L66: =L78*$G66*(1+$G$9)^L$6 -> 5000 | M66: =M78*$G66*(1+$G$9)^M$6 -> 5000 | N66: =N78*$G66*(1+$G$9)^N$6 -> 5000 | O66: =O78*$G66*(1+$G$9)^O$6 -> 5000 | ... AQ66: =AQ78*$G66*(1+$G$9)^AQ$6 -> 5473.6499
B67: CIO | C67: Focus: forecasting, data and information flows | F67: USD | G67: 5000 | H67: =H79*$G67*(1+$G$9)^H$6 -> 1500 | I67: =I79*$G67*(1+$G$9)^I$6 -> 1500 | J67: =J79*$G67*(1+$G$9)^J$6 -> 1500 | K67: =K79*$G67*(1+$G$9)^K$6 -> 1500 | L67: =L79*$G67*(1+$G$9)^L$6 -> 1500 | M67: =M79*$G67*(1+$G$9)^M$6 -> 1500 | N67: =N79*$G67*(1+$G$9)^N$6 -> 1500 | O67: =O79*$G67*(1+$G$9)^O$6 -> 1500 | ... AQ67: =AQ79*$G67*(1+$G$9)^AQ$6 -> 5473.6499
B68: Bonuses | F68: USD | H68: =SUM(H69:H73) -> 0 | I68: =SUM(I69:I73) -> 0 | J68: =SUM(J69:J73) -> 0 | K68: =SUM(K69:K73) -> 0 | L68: =SUM(L69:L73) -> 0 | M68: =SUM(M69:M73) -> 0 | N68: =SUM(N69:N73) -> 0 | O68: =SUM(O69:O73) -> 0 | ... AQ68: =SUM(AQ69:AQ73) -> 13061.823
B69: CEO | C69: Percent of EBITDA | F69: USD (%) | G69: 0.005 | H69: =IF('3. Statements'!H$15>0,$G69*'3. Statements'!H$15,0) -> 0 | I69: =IF('3. Statements'!I$15>0,$G69*'3. Statements'!I$15,0) -> 0 | J69: =IF('3. Statements'!J$15>0,$G69*'3. Statements'!J$15,0) -> 0 | K69: =IF('3. Statements'!K$15>0,$G69*'3. Statements'!K$15,0) -> 0 | L69: =IF('3. Statements'!L$15>0,$G69*'3. Statements'!L$15,0) -> 0 | M69: =IF('3. Statements'!M$15>0,$G69*'3. Statements'!M$15,0) -> 0 | N69: =IF('3. Statements'!N$15>0,$G69*'3. Statements'!N$15,0) -> 0 | O69: =IF('3. Statements'!O$15>0,$G69*'3. Statements'!O$15,0) -> 0 | ... AQ69: =IF('3. Statements'!AQ$15>0,$G69*'3. Statements'!AQ$15,0) -> 2612.3645
B70: COO | C70: Percent of EBITDA | F70: USD (%) | G70: 0.005 | H70: =IF('3. Statements'!H$15>0,$G70*'3. Statements'!H$15,0) -> 0 | I70: =IF('3. Statements'!I$15>0,$G70*'3. Statements'!I$15,0) -> 0 | J70: =IF('3. Statements'!J$15>0,$G70*'3. Statements'!J$15,0) -> 0 | K70: =IF('3. Statements'!K$15>0,$G70*'3. Statements'!K$15,0) -> 0 | L70: =IF('3. Statements'!L$15>0,$G70*'3. Statements'!L$15,0) -> 0 | M70: =IF('3. Statements'!M$15>0,$G70*'3. Statements'!M$15,0) -> 0 | N70: =IF('3. Statements'!N$15>0,$G70*'3. Statements'!N$15,0) -> 0 | O70: =IF('3. Statements'!O$15>0,$G70*'3. Statements'!O$15,0) -> 0 | ... AQ70: =IF('3. Statements'!AQ$15>0,$G70*'3. Statements'!AQ$15,0) -> 2612.3645
B71: CTO | C71: Percent of EBITDA | F71: USD (%) | G71: 0.005 | H71: =IF('3. Statements'!H$15>0,$G71*'3. Statements'!H$15,0) -> 0 | I71: =IF('3. Statements'!I$15>0,$G71*'3. Statements'!I$15,0) -> 0 | J71: =IF('3. Statements'!J$15>0,$G71*'3. Statements'!J$15,0) -> 0 | K71: =IF('3. Statements'!K$15>0,$G71*'3. Statements'!K$15,0) -> 0 | L71: =IF('3. Statements'!L$15>0,$G71*'3. Statements'!L$15,0) -> 0 | M71: =IF('3. Statements'!M$15>0,$G71*'3. Statements'!M$15,0) -> 0 | N71: =IF('3. Statements'!N$15>0,$G71*'3. Statements'!N$15,0) -> 0 | O71: =IF('3. Statements'!O$15>0,$G71*'3. Statements'!O$15,0) -> 0 | ... AQ71: =IF('3. Statements'!AQ$15>0,$G71*'3. Statements'!AQ$15,0) -> 2612.3645
B72: CMO | C72: Percent of EBITDA | F72: USD (%) | G72: 0.005 | H72: =IF('3. Statements'!H$15>0,$G72*'3. Statements'!H$15,0) -> 0 | I72: =IF('3. Statements'!I$15>0,$G72*'3. Statements'!I$15,0) -> 0 | J72: =IF('3. Statements'!J$15>0,$G72*'3. Statements'!J$15,0) -> 0 | K72: =IF('3. Statements'!K$15>0,$G72*'3. Statements'!K$15,0) -> 0 | L72: =IF('3. Statements'!L$15>0,$G72*'3. Statements'!L$15,0) -> 0 | M72: =IF('3. Statements'!M$15>0,$G72*'3. Statements'!M$15,0) -> 0 | N72: =IF('3. Statements'!N$15>0,$G72*'3. Statements'!N$15,0) -> 0 | O72: =IF('3. Statements'!O$15>0,$G72*'3. Statements'!O$15,0) -> 0 | ... AQ72: =IF('3. Statements'!AQ$15>0,$G72*'3. Statements'!AQ$15,0) -> 2612.3645
B73: CIO | C73: Percent of EBITDA | F73: USD (%) | G73: 0.005 | H73: =IF('3. Statements'!H$15>0,$G73*'3. Statements'!H$15,0) -> 0 | I73: =IF('3. Statements'!I$15>0,$G73*'3. Statements'!I$15,0) -> 0 | J73: =IF('3. Statements'!J$15>0,$G73*'3. Statements'!J$15,0) -> 0 | K73: =IF('3. Statements'!K$15>0,$G73*'3. Statements'!K$15,0) -> 0 | L73: =IF('3. Statements'!L$15>0,$G73*'3. Statements'!L$15,0) -> 0 | M73: =IF('3. Statements'!M$15>0,$G73*'3. Statements'!M$15,0) -> 0 | N73: =IF('3. Statements'!N$15>0,$G73*'3. Statements'!N$15,0) -> 0 | O73: =IF('3. Statements'!O$15>0,$G73*'3. Statements'!O$15,0) -> 0 | ... AQ73: =IF('3. Statements'!AQ$15>0,$G73*'3. Statements'!AQ$15,0) -> 2612.3645
B74: Headcount | F74: ppl | H74: =SUM(H75:H79) -> 2.9 | I74: =SUM(I75:I79) -> 2.9 | J74: =SUM(J75:J79) -> 2.9 | K74: =SUM(K75:K79) -> 2.9 | L74: =SUM(L75:L79) -> 2.9 | M74: =SUM(M75:M79) -> 2.9 | N74: =SUM(N75:N79) -> 2.9 | O74: =SUM(O75:O79) -> 2.9 | ... AQ74: =SUM(AQ75:AQ79) -> 5
B75: CEO | F75: ppl | H75: 1 | I75: 1 | J75: 1 | K75: 1 | L75: 1 | M75: 1 | N75: 1 | O75: 1 | P75: 1 | Q75: 1 | R75: 1 | S75: 1 | T75: 1 | U75: 1 | V75: 1 | W75: 1 | X75: 1 | Y75: 1 | Z75: 1 | AA75: 1 | AB75: 1 | AC75: 1 | AD75: 1 | AE75: 1 | AF75: 1 | AG75: 1 | AH75: 1 | AI75: 1 | AJ75: 1 | AK75: 1 | AL75: 1 | AM75: 1 | AN75: 1 | AO75: 1 | AP75: 1 | AQ75: 1
B76: COO | F76: ppl | H76: 0.3 | I76: 0.3 | J76: 0.3 | K76: 0.3 | L76: 0.3 | M76: 0.3 | N76: 0.3 | O76: 0.3 | P76: 0.3 | Q76: 0.3 | R76: 0.3 | S76: 0.3 | T76: 1 | U76: 1 | V76: 1 | W76: 1 | X76: 1 | Y76: 1 | Z76: 1 | AA76: 1 | AB76: 1 | AC76: 1 | AD76: 1 | AE76: 1 | AF76: 1 | AG76: 1 | AH76: 1 | AI76: 1 | AJ76: 1 | AK76: 1 | AL76: 1 | AM76: 1 | AN76: 1 | AO76: 1 | AP76: 1 | AQ76: 1
B77: CTO | F77: ppl | H77: 0.3 | I77: 0.3 | J77: 0.3 | K77: 0.3 | L77: 0.3 | M77: 0.3 | N77: 0.3 | O77: 0.3 | P77: 0.3 | Q77: 0.3 | R77: 0.3 | S77: 0.3 | T77: 1 | U77: 1 | V77: 1 | W77: 1 | X77: 1 | Y77: 1 | Z77: 1 | AA77: 1 | AB77: 1 | AC77: 1 | AD77: 1 | AE77: 1 | AF77: 1 | AG77: 1 | AH77: 1 | AI77: 1 | AJ77: 1 | AK77: 1 | AL77: 1 | AM77: 1 | AN77: 1 | AO77: 1 | AP77: 1 | AQ77: 1
B78: CMO | F78: ppl | H78: 1 | I78: 1 | J78: 1 | K78: 1 | L78: 1 | M78: 1 | N78: 1 | O78: 1 | P78: 1 | Q78: 1 | R78: 1 | S78: 1 | T78: 1 | U78: 1 | V78: 1 | W78: 1 | X78: 1 | Y78: 1 | Z78: 1 | AA78: 1 | AB78: 1 | AC78: 1 | AD78: 1 | AE78: 1 | AF78: 1 | AG78: 1 | AH78: 1 | AI78: 1 | AJ78: 1 | AK78: 1 | AL78: 1 | AM78: 1 | AN78: 1 | AO78: 1 | AP78: 1 | AQ78: 1
B79: CIO | F79: ppl | H79: 0.3 | I79: 0.3 | J79: 0.3 | K79: 0.3 | L79: 0.3 | M79: 0.3 | N79: 0.3 | O79: 0.3 | P79: 0.3 | Q79: 0.3 | R79: 0.3 | S79: 0.3 | T79: 1 | U79: 1 | V79: 1 | W79: 1 | X79: 1 | Y79: 1 | Z79: 1 | AA79: 1 | AB79: 1 | AC79: 1 | AD79: 1 | AE79: 1 | AF79: 1 | AG79: 1 | AH79: 1 | AI79: 1 | AJ79: 1 | AK79: 1 | AL79: 1 | AM79: 1 | AN79: 1 | AO79: 1 | AP79: 1 | AQ79: 1
B82: Working Capital
B83: Net Working Capital | C83: Not considered in the model | F83: USD | H83: =SUM('3. Statements'!H40:H41)-SUM('3. Statements'!H49:H50) -> 0 | I83: =SUM('3. Statements'!I40:I41)-SUM('3. Statements'!I49:I50) -> 0 | J83: =SUM('3. Statements'!J40:J41)-SUM('3. Statements'!J49:J50) -> 0 | K83: =SUM('3. Statements'!K40:K41)-SUM('3. Statements'!K49:K50) -> 0 | L83: =SUM('3. Statements'!L40:L41)-SUM('3. Statements'!L49:L50) -> 0 | M83: =SUM('3. Statements'!M40:M41)-SUM('3. Statements'!M49:M50) -> 0 | N83: =SUM('3. Statements'!N40:N41)-SUM('3. Statements'!N49:N50) -> 0 | O83: =SUM('3. Statements'!O40:O41)-SUM('3. Statements'!O49:O50) -> 0 | ... AQ83: =SUM('3. Statements'!AQ40:AQ41)-SUM('3. Statements'!AQ49:AQ50) -> 0
B84: Change in net Working Capital | C84: Not considered in the model | F84: USD | H84: =G83-H83 -> 0 | I84: =H83-I83 -> 0 | J84: =I83-J83 -> 0 | K84: =J83-K83 -> 0 | L84: =K83-L83 -> 0 | M84: =L83-M83 -> 0 | N84: =M83-N83 -> 0 | O84: =N83-O83 -> 0 | ... AQ84: =AP83-AQ83 -> 0
B85: Working Capital Level (as % of revenue) | G85: Expand
B86: Accounts Receivable | C86: Not considered in the model | F86: % | H86: =IFERROR(#REF!/#REF!,0) -> 0 | I86: =IFERROR(#REF!/#REF!,0) -> 0 | J86: =IFERROR(#REF!/#REF!,0) -> 0 | K86: =IFERROR(#REF!/#REF!,0) -> 0 | L86: =IFERROR(#REF!/#REF!,0) -> 0 | M86: =IFERROR(#REF!/#REF!,0) -> 0 | N86: =IFERROR(#REF!/#REF!,0) -> 0 | O86: =IFERROR(#REF!/#REF!,0) -> 0 | ... AQ86: =IFERROR(#REF!/#REF!,0) -> 0
B87: Accounts Payable | C87: Not considered in the model | F87: % | H87: =IFERROR(#REF!/#REF!,0) -> 0 | I87: =IFERROR(#REF!/#REF!,0) -> 0 | J87: =IFERROR(#REF!/#REF!,0) -> 0 | K87: =IFERROR(#REF!/#REF!,0) -> 0 | L87: =IFERROR(#REF!/#REF!,0) -> 0 | M87: =IFERROR(#REF!/#REF!,0) -> 0 | N87: =IFERROR(#REF!/#REF!,0) -> 0 | O87: =IFERROR(#REF!/#REF!,0) -> 0 | ... AQ87: =IFERROR(#REF!/#REF!,0) -> 0
B88: Target Working Capital Level | G88: Expand
B89: Accounts Receivable | C89: Not considered in the model | F89: % | H89: 0
B90: Accounts Payable | C90: Not considered in the model | F90: % | H90: 0
B92: Fixed Assets
B93: Capital Expenditures | F93: USD | H93: =H94*H95 -> 5800 | I93: =I94*I95 -> 4000 | J93: =J94*J95 -> 8000 | K93: =K94*K95 -> 0 | L93: =L94*L95 -> 0 | M93: =M94*M95 -> 0 | N93: =N94*N95 -> 0 | O93: =O94*O95 -> 0 | ... AQ93: =AQ94*AQ95 -> 0
B94: Equipment Price | C94: Laptops | F94: USD | G94: 2000 | H94: =$G94*(1+$G$9)^H$6 -> 2000 | I94: =$G94*(1+$G$9)^I$6 -> 2000 | J94: =$G94*(1+$G$9)^J$6 -> 2000 | K94: =$G94*(1+$G$9)^K$6 -> 2000 | L94: =$G94*(1+$G$9)^L$6 -> 2000 | M94: =$G94*(1+$G$9)^M$6 -> 2000 | N94: =$G94*(1+$G$9)^N$6 -> 2000 | O94: =$G94*(1+$G$9)^O$6 -> 2000 | ... AQ94: =$G94*(1+$G$9)^AQ$6 -> 2189.46
B95: Equipment Amount | C95: Laptops | F95: USD | H95: =IF(H12>MAX($G12:G12),H12-G12,0) -> 2.9 | I95: =IF(I12>MAX($G12:H12),I12-H12,0) -> 2 | J95: =IF(J12>MAX($G12:I12),J12-I12,0) -> 4 | K95: =IF(K12>MAX($G12:J12),K12-J12,0) -> 0 | L95: =IF(L12>MAX($G12:K12),L12-K12,0) -> 0 | M95: =IF(M12>MAX($G12:L12),M12-L12,0) -> 0 | N95: =IF(N12>MAX($G12:M12),N12-M12,0) -> 0 | O95: =IF(O12>MAX($G12:N12),O12-N12,0) -> 0 | ... AQ95: =IF(AQ12>MAX($G12:AP12),AQ12-AP12,0) -> 0
B96: Gross Book Value | F96: USD | H96: =H93+G96 -> 5800 | I96: =I93+H96 -> 9800 | J96: =J93+I96 -> 17800 | K96: =K93+J96 -> 17800 | L96: =L93+K96 -> 17800 | M96: =M93+L96 -> 17800 | N96: =N93+M96 -> 17800 | O96: =O93+N96 -> 17800 | ... AQ96: =AQ93+AP96 -> 26379.606
B97: Net Book Value | F97: USD | H97: =H96-H98 -> 5730.9524 | I97: =I96-I98 -> 9638.0952 | J97: =J96-J98 -> 17473.81 | K97: =K96-K98 -> 17261.905 | L97: =L96-L98 -> 17050 | M97: =M96-M98 -> 16838.095 | N97: =N96-N98 -> 16626.19 | O97: =O96-O98 -> 16414.286 | ... AQ97: =AQ96-AQ98 -> 16660.312
B98: Accumulated Depreciation | F98: USD | H98: =SUM($H101:H101) -> 69.047619 | I98: =SUM($H101:I101) -> 161.90476 | J98: =SUM($H101:J101) -> 326.19048 | K98: =SUM($H101:K101) -> 538.09524 | L98: =SUM($H101:L101) -> 750 | M98: =SUM($H101:M101) -> 961.90476 | N98: =SUM($H101:N101) -> 1173.8095 | O98: =SUM($H101:O101) -> 1385.7143 | ... AQ98: =SUM($H101:AQ101) -> 9719.2946
B99: Useful Life of Fixed Assets | F99: mo. | G99: =12*7 -> 84
B100: Depreciation Rate | F100: % | G100: =1/G99 -> 0.011904762
B101: Depreciation for the Period | F101: USD | H101: =MIN(G97,AVERAGE(G96:H96)*$G$100) -> 69.047619 | I101: =MIN(H97,AVERAGE(H96:I96)*$G$100) -> 92.857143 | J101: =MIN(I97,AVERAGE(I96:J96)*$G$100) -> 164.28571 | K101: =MIN(J97,AVERAGE(J96:K96)*$G$100) -> 211.90476 | L101: =MIN(K97,AVERAGE(K96:L96)*$G$100) -> 211.90476 | M101: =MIN(L97,AVERAGE(L96:M96)*$G$100) -> 211.90476 | N101: =MIN(M97,AVERAGE(M96:N96)*$G$100) -> 211.90476 | O101: =MIN(N97,AVERAGE(N96:O96)*$G$100) -> 211.90476 | ... AQ101: =MIN(AP97,AVERAGE(AP96:AQ96)*$G$100) -> 314.04293
B103: Taxes | F103: USD | H103: =(H104+H105)*MAX('3. Statements'!H19,0)+H106*H13 -> 1109.25 | I103: =(I104+I105)*MAX('3. Statements'!I19,0)+I106*I13 -> 1705.95 | J103: =(J104+J105)*MAX('3. Statements'!J19,0)+J106*J13 -> 2027.25 | K103: =(K104+K105)*MAX('3. Statements'!K19,0)+K106*K13 -> 1705.95 | L103: =(L104+L105)*MAX('3. Statements'!L19,0)+L106*L13 -> 1705.95 | M103: =(M104+M105)*MAX('3. Statements'!M19,0)+M106*M13 -> 2027.25 | N103: =(N104+N105)*MAX('3. Statements'!N19,0)+N106*N13 -> 2027.25 | O103: =(O104+O105)*MAX('3. Statements'!O19,0)+O106*O13 -> 2027.25 | ... AQ103: =(AQ104+AQ105)*MAX('3. Statements'!AQ19,0)+AQ106*AQ13 -> 154702.44
B104: State Income Tax | F104: % | H104: 0.21 | I104: 0.21 | J104: 0.21 | K104: 0.21 | L104: 0.21 | M104: 0.21 | N104: 0.21 | O104: 0.21 | P104: 0.21 | Q104: 0.21 | R104: 0.21 | S104: 0.21 | T104: 0.21 | U104: 0.21 | V104: 0.21 | W104: 0.21 | X104: 0.21 | Y104: 0.21 | Z104: 0.21 | AA104: 0.21 | AB104: 0.21 | AC104: 0.21 | AD104: 0.21 | AE104: 0.21 | AF104: 0.21 | AG104: 0.21 | AH104: 0.21 | AI104: 0.21 | AJ104: 0.21 | AK104: 0.21 | AL104: 0.21 | AM104: 0.21 | AN104: 0.21 | AO104: 0.21 | AP104: 0.21 | AQ104: 0.21
B105: Federal Income Tax | C105: Delaware | F105: % | H105: 0.087 | I105: 0.087 | J105: 0.087 | K105: 0.087 | L105: 0.087 | M105: 0.087 | N105: 0.087 | O105: 0.087 | P105: 0.087 | Q105: 0.087 | R105: 0.087 | S105: 0.087 | T105: 0.087 | U105: 0.087 | V105: 0.087 | W105: 0.087 | X105: 0.087 | Y105: 0.087 | Z105: 0.087 | AA105: 0.087 | AB105: 0.087 | AC105: 0.087 | AD105: 0.087 | AE105: 0.087 | AF105: 0.087 | AG105: 0.087 | AH105: 0.087 | AI105: 0.087 | AJ105: 0.087 | AK105: 0.087 | AL105: 0.087 | AM105: 0.087 | AN105: 0.087 | AO105: 0.087 | AP105: 0.087 | AQ105: 0.087
B106: Payroll Taxes | F106: % | H106: =SUM(H107:H108) -> 0.0765 | I106: =SUM(I107:I108) -> 0.0765 | J106: =SUM(J107:J108) -> 0.0765 | K106: =SUM(K107:K108) -> 0.0765 | L106: =SUM(L107:L108) -> 0.0765 | M106: =SUM(M107:M108) -> 0.0765 | N106: =SUM(N107:N108) -> 0.0765 | O106: =SUM(O107:O108) -> 0.0765 | ... AQ106: =SUM(AQ107:AQ108) -> 0.0765
B107: Social Security | F107: % | H107: 0.062 | I107: 0.062 | J107: 0.062 | K107: 0.062 | L107: 0.062 | M107: 0.062 | N107: 0.062 | O107: 0.062 | P107: 0.062 | Q107: 0.062 | R107: 0.062 | S107: 0.062 | T107: 0.062 | U107: 0.062 | V107: 0.062 | W107: 0.062 | X107: 0.062 | Y107: 0.062 | Z107: 0.062 | AA107: 0.062 | AB107: 0.062 | AC107: 0.062 | AD107: 0.062 | AE107: 0.062 | AF107: 0.062 | AG107: 0.062 | AH107: 0.062 | AI107: 0.062 | AJ107: 0.062 | AK107: 0.062 | AL107: 0.062 | AM107: 0.062 | AN107: 0.062 | AO107: 0.062 | AP107: 0.062 | AQ107: 0.062
B108: Medicare | F108: % | H108: 0.0145 | I108: 0.0145 | J108: 0.0145 | K108: 0.0145 | L108: 0.0145 | M108: 0.0145 | N108: 0.0145 | O108: 0.0145 | P108: 0.0145 | Q108: 0.0145 | R108: 0.0145 | S108: 0.0145 | T108: 0.0145 | U108: 0.0145 | V108: 0.0145 | W108: 0.0145 | X108: 0.0145 | Y108: 0.0145 | Z108: 0.0145 | AA108: 0.0145 | AB108: 0.0145 | AC108: 0.0145 | AD108: 0.0145 | AE108: 0.0145 | AF108: 0.0145 | AG108: 0.0145 | AH108: 0.0145 | AI108: 0.0145 | AJ108: 0.0145 | AK108: 0.0145 | AL108: 0.0145 | AM108: 0.0145 | AN108: 0.0145 | AO108: 0.0145 | AP108: 0.0145 | AQ108: 0.0145

Sheet 3. Statements
H2: Phase 1 | I2: Phase 1 | J2: Phase 2 | K2: Phase 2 | L2: Phase 2 | M2: Phase 2 | N2: Phase 2 | O2: Phase 2 | P2: Phase 2 | Q2: Phase 2 | R2: Phase 2 | S2: Phase 2 | T2: Phase 3 | U2: Phase 3 | V2: Phase 3 | W2: Phase 3 | X2: Phase 3 | Y2: Phase 3 | Z2: Phase 3 | AA2: Phase 3 | AB2: Phase 3 | AC2: Phase 3 | AD2: Phase 3 | AE2: Phase 3 | AF2: Phase 3 | AG2: Phase 3 | AH2: Phase 3 | AI2: Phase 3 | AJ2: Phase 3 | AK2: Phase 3 | AL2: Phase 3 | AM2: Phase 3 | AN2: Phase 3 | AO2: Phase 3 | AP2: Phase 3 | AQ2: Phase 3
B4: Groups / Metrics | C4: Comments | D4: Source | E4: Sparklines | F4: Units | G4: Initial / Base | H4: 45292 | I4: 45323 | J4: 45352 | K4: 45383 | L4: 45413 | M4: 45444 | N4: 45474 | O4: 45505 | P4: 45536 | Q4: 45566 | R4: 45597 | S4: 45627 | T4: 45658 | U4: 45689 | V4: 45717 | W4: 45748 | X4: 45778 | Y4: 45809 | Z4: 45839 | AA4: 45870 | AB4: 45901 | AC4: 45931 | AD4: 45962 | AE4: 45992 | AF4: 46023 | AG4: 46054 | AH4: 46082 | AI4: 46113 | AJ4: 46143 | AK4: 46174 | AL4: 46204 | AM4: 46235 | AN4: 46266 | AO4: 46296 | AP4: 46327 | AQ4: 46357
B5: Month | G5: 0 | H5: 1 | I5: 2 | J5: 3 | K5: 4 | L5: 5 | M5: 6 | N5: 7 | O5: 8 | P5: 9 | Q5: 10 | R5: 11 | S5: 12 | T5: 13 | U5: 14 | V5: 15 | W5: 16 | X5: 17 | Y5: 18 | Z5: 19 | AA5: 20 | AB5: 21 | AC5: 22 | AD5: 23 | AE5: 24 | AF5: 25 | AG5: 26 | AH5: 27 | AI5: 28 | AJ5: 29 | AK5: 30 | AL5: 31 | AM5: 32 | AN5: 33 | AO5: 34 | AP5: 35 | AQ5: 36
B6: Year | G6: 0 | H6: 1 | I6: 1 | J6: 1 | K6: 1 | L6: 1 | M6: 1 | N6: 1 | O6: 1 | P6: 1 | Q6: 1 | R6: 1 | S6: 1 | T6: 2 | U6: 2 | V6: 2 | W6: 2 | X6: 2 | Y6: 2 | Z6: 2 | AA6: 2 | AB6: 2 | AC6: 2 | AD6: 2 | AE6: 2 | AF6: 3 | AG6: 3 | AH6: 3 | AI6: 3 | AJ6: 3 | AK6: 3 | AL6: 3 | AM6: 3 | AN6: 3 | AO6: 3 | AP6: 3 | AQ6: 3
B8: Profit & Loss Statement (P&L)
B9: Revenue | F9: USD | H9: ='1. Revenue'!AI49 -> 0 | I9: ='1. Revenue'!AJ49 -> 0 | J9: ='1. Revenue'!AK49 -> 0 | K9: ='1. Revenue'!AL49 -> 0 | L9: ='1. Revenue'!AM49 -> 0 | M9: ='1. Revenue'!AN49 -> 0 | N9: ='1. Revenue'!AO49 -> 10355.753 | O9: ='1. Revenue'!AP49 -> 20711.506 | ... AQ9: ='1. Revenue'!BR49 -> 686029.93
B10: Operating Expenses | F10: USD | H10: =-'2. Expenses'!H17 -> -43565 | I10: =-'2. Expenses'!I17 -> -47165 | J10: =-'2. Expenses'!J17 -> -78665 | K10: =-'2. Expenses'!K17 -> -78665 | L10: =-'2. Expenses'!L17 -> -78665 | M10: =-'2. Expenses'!M17 -> -78665 | N10: =-'2. Expenses'!N17 -> -78665 | O10: =-'2. Expenses'!O17 -> -78665 | ... AQ10: =-'2. Expenses'!AQ17 -> -112937.82
B11: Gross Profit | F11: USD | H11: =H9+H10 -> -43565 | I11: =I9+I10 -> -47165 | J11: =J9+J10 -> -78665 | K11: =K9+K10 -> -78665 | L11: =L9+L10 -> -78665 | M11: =M9+M10 -> -78665 | N11: =N9+N10 -> -68309.247 | O11: =O9+O10 -> -57953.494 | ... AQ11: =AQ9+AQ10 -> 573092.12
B12: Gross Profit Margin | F12: % | H12: =IFERROR(MAX(H11/H9,0),0) -> 0 | I12: =IFERROR(MAX(I11/I9,0),0) -> 0 | J12: =IFERROR(MAX(J11/J9,0),0) -> 0 | K12: =IFERROR(MAX(K11/K9,0),0) -> 0 | L12: =IFERROR(MAX(L11/L9,0),0) -> 0 | M12: =IFERROR(MAX(M11/M9,0),0) -> 0 | N12: =IFERROR(MAX(N11/N9,0),0) -> 0 | O12: =IFERROR(MAX(O11/O9,0),0) -> 0 | ... AQ12: =IFERROR(MAX(AQ11/AQ9,0),0) -> 0.8353748
B13: Marketing and Selling Expenses | F13: USD | H13: =-'2. Expenses'!H46 -> -7438.9882 | I13: =-'2. Expenses'!I46 -> -12238.988 | J13: =-'2. Expenses'!J46 -> -16438.988 | K13: =-'2. Expenses'!K46 -> -12238.988 | L13: =-'2. Expenses'!L46 -> -12238.988 | M13: =-'2. Expenses'!M46 -> -16438.988 | N13: =-'2. Expenses'!N46 -> -16438.988 | O13: =-'2. Expenses'!O46 -> -16438.988 | ... AQ13: =-'2. Expenses'!AQ46 -> -23250.957
B14: General and Administrative Expenses | F14: USD | H14: =-'2. Expenses'!H60 -> -14500 | I14: =-'2. Expenses'!I60 -> -14500 | J14: =-'2. Expenses'!J60 -> -14500 | K14: =-'2. Expenses'!K60 -> -14500 | L14: =-'2. Expenses'!L60 -> -14500 | M14: =-'2. Expenses'!M60 -> -14500 | N14: =-'2. Expenses'!N60 -> -14500 | O14: =-'2. Expenses'!O60 -> -14500 | ... AQ14: =-'2. Expenses'!AQ60 -> -27368.249
B15: EBITDA Before Managerial Bonuses | F15: USD | H15: =H11+H13+H14 -> -65503.988 | I15: =I11+I13+I14 -> -73903.988 | J15: =J11+J13+J14 -> -109603.99 | K15: =K11+K13+K14 -> -105403.99 | L15: =L11+L13+L14 -> -105403.99 | M15: =M11+M13+M14 -> -109603.99 | N15: =N11+N13+N14 -> -99248.235 | O15: =O11+O13+O14 -> -88892.483 | ... AQ15: =AQ11+AQ13+AQ14 -> 522472.91
B16: EBITDA | F16: USD | H16: =H15-'2. Expenses'!H68 -> -65503.988 | I16: =I15-'2. Expenses'!I68 -> -73903.988 | J16: =J15-'2. Expenses'!J68 -> -109603.99 | K16: =K15-'2. Expenses'!K68 -> -105403.99 | L16: =L15-'2. Expenses'!L68 -> -105403.99 | M16: =M15-'2. Expenses'!M68 -> -109603.99 | N16: =N15-'2. Expenses'!N68 -> -99248.235 | O16: =O15-'2. Expenses'!O68 -> -88892.483 | ... AQ16: =AQ15-'2. Expenses'!AQ68 -> 509411.09
B17: EBITDA Margin | F17: % | H17: =IFERROR(MAX(H16/H9,0),0) -> 0 | I17: =IFERROR(MAX(I16/I9,0),0) -> 0 | J17: =IFERROR(MAX(J16/J9,0),0) -> 0 | K17: =IFERROR(MAX(K16/K9,0),0) -> 0 | L17: =IFERROR(MAX(L16/L9,0),0) -> 0 | M17: =IFERROR(MAX(M16/M9,0),0) -> 0 | N17: =IFERROR(MAX(N16/N9,0),0) -> 0 | O17: =IFERROR(MAX(O16/O9,0),0) -> 0 | ... AQ17: =IFERROR(MAX(AQ16/AQ9,0),0) -> 0.74254936
B18: Depreciation | F18: USD | H18: =-'2. Expenses'!H101 -> -69.047619 | I18: =-'2. Expenses'!I101 -> -92.857143 | J18: =-'2. Expenses'!J101 -> -164.28571 | K18: =-'2. Expenses'!K101 -> -211.90476 | L18: =-'2. Expenses'!L101 -> -211.90476 | M18: =-'2. Expenses'!M101 -> -211.90476 | N18: =-'2. Expenses'!N101 -> -211.90476 | O18: =-'2. Expenses'!O101 -> -211.90476 | ... AQ18: =-'2. Expenses'!AQ101 -> -314.04293
B19: EBIT | F19: USD | H19: =H16+H18 -> -65573.036 | I19: =I16+I18 -> -73996.845 | J19: =J16+J18 -> -109768.27 | K19: =K16+K18 -> -105615.89 | L19: =L16+L18 -> -105615.89 | M19: =M16+M18 -> -109815.89 | N19: =N16+N18 -> -99460.14 | O19: =O16+O18 -> -89104.387 | ... AQ19: =AQ16+AQ18 -> 509097.04
B20: Taxes | F20: USD | H20: =-'2. Expenses'!H103 -> -1109.25 | I20: =-'2. Expenses'!I103 -> -1705.95 | J20: =-'2. Expenses'!J103 -> -2027.25 | K20: =-'2. Expenses'!K103 -> -1705.95 | L20: =-'2. Expenses'!L103 -> -1705.95 | M20: =-'2. Expenses'!M103 -> -2027.25 | N20: =-'2. Expenses'!N103 -> -2027.25 | O20: =-'2. Expenses'!O103 -> -2027.25 | ... AQ20: =-'2. Expenses'!AQ103 -> -154702.44
B21: Net profit | F21: USD | H21: =H19+H20 -> -66682.286 | I21: =I19+I20 -> -75702.795 | J21: =J19+J20 -> -111795.52 | K21: =K19+K20 -> -107321.84 | L21: =L19+L20 -> -107321.84 | M21: =M19+M20 -> -111843.14 | N21: =N19+N20 -> -101487.39 | O21: =O19+O20 -> -91131.637 | ... AQ21: =AQ19+AQ20 -> 354394.6
B22: Net Profit Margin | F22: % | H22: =IFERROR(MAX(H21/H9,0),0) -> 0 | I22: =IFERROR(MAX(I21/I9,0),0) -> 0 | J22: =IFERROR(MAX(J21/J9,0),0) -> 0 | K22: =IFERROR(MAX(K21/K9,0),0) -> 0 | L22: =IFERROR(MAX(L21/L9,0),0) -> 0 | M22: =IFERROR(MAX(M21/M9,0),0) -> 0 | N22: =IFERROR(MAX(N21/N9,0),0) -> 0 | O22: =IFERROR(MAX(O21/O9,0),0) -> 0 | ... AQ22: =IFERROR(MAX(AQ21/AQ9,0),0) -> 0.51658767
B24: Cash Flow Statement
B25: EBIT | F25: USD | H25: =H19 -> -65573.036 | I25: =I19 -> -73996.845 | J25: =J19 -> -109768.27 | K25: =K19 -> -105615.89 | L25: =L19 -> -105615.89 | M25: =M19 -> -109815.89 | N25: =N19 -> -99460.14 | O25: =O19 -> -89104.387 | ... AQ25: =AQ19 -> 509097.04
B26: Depreciation | F26: USD | H26: =-H18 -> 69.047619 | I26: =-I18 -> 92.857143 | J26: =-J18 -> 164.28571 | K26: =-K18 -> 211.90476 | L26: =-L18 -> 211.90476 | M26: =-M18 -> 211.90476 | N26: =-N18 -> 211.90476 | O26: =-O18 -> 211.90476 | ... AQ26: =-AQ18 -> 314.04293
B27: Change in net working capital | F27: USD | H27: ='2. Expenses'!H84 -> 0 | I27: ='2. Expenses'!I84 -> 0 | J27: ='2. Expenses'!J84 -> 0 | K27: ='2. Expenses'!K84 -> 0 | L27: ='2. Expenses'!L84 -> 0 | M27: ='2. Expenses'!M84 -> 0 | N27: ='2. Expenses'!N84 -> 0 | O27: ='2. Expenses'!O84 -> 0 | ... AQ27: ='2. Expenses'!AQ84 -> 0
B28: Taxes | F28: USD | H28: =H20 -> -1109.25 | I28: =I20 -> -1705.95 | J28: =J20 -> -2027.25 | K28: =K20 -> -1705.95 | L28: =L20 -> -1705.95 | M28: =M20 -> -2027.25 | N28: =N20 -> -2027.25 | O28: =O20 -> -2027.25 | ... AQ28: =AQ20 -> -154702.44
B29: Capital expenditures | F29: USD | H29: =-'2. Expenses'!H93 -> -5800 | I29: =-'2. Expenses'!I93 -> -4000 | J29: =-'2. Expenses'!J93 -> -8000 | K29: =-'2. Expenses'!K93 -> 0 | L29: =-'2. Expenses'!L93 -> 0 | M29: =-'2. Expenses'!M93 -> 0 | N29: =-'2. Expenses'!N93 -> 0 | O29: =-'2. Expenses'!O93 -> 0 | ... AQ29: =-'2. Expenses'!AQ93 -> 0
B30: Cash and equivalents at the beginning of the period | F30: USD | H30: 0 | I30: =H32 -> -72413.238 | J30: =I32 -> -152023.18 | K30: =J32 -> -271654.41 | L30: =K32 -> -378764.35 | M30: =L32 -> -485874.29 | N30: =M32 -> -597505.53 | O30: =N32 -> -698781.01 | P30: =O32 -> -789700.75 | ... AQ30: =AP32 -> 2894093.5
B31: Net cash flows for the period | F31: USD | H31: =SUM(H25:H29) -> -72413.238 | I31: =SUM(I25:I29) -> -79609.938 | J31: =SUM(J25:J29) -> -119631.24 | K31: =SUM(K25:K29) -> -107109.94 | L31: =SUM(L25:L29) -> -107109.94 | M31: =SUM(M25:M29) -> -111631.24 | N31: =SUM(N25:N29) -> -101275.49 | O31: =SUM(O25:O29) -> -90919.733 | ... AQ31: =SUM(AQ25:AQ29) -> 354708.65
B32: Cash and equivalents at the end of the period | F32: USD | H32: =SUM(H30:H31) -> -72413.238 | I32: =SUM(I30:I31) -> -152023.18 | J32: =SUM(J30:J31) -> -271654.41 | K32: =SUM(K30:K31) -> -378764.35 | L32: =SUM(L30:L31) -> -485874.29 | M32: =SUM(M30:M31) -> -597505.53 | N32: =SUM(N30:N31) -> -698781.01 | O32: =SUM(O30:O31) -> -789700.75 | ... AQ32: =SUM(AQ30:AQ31) -> 3248802.2
B33: Equity injections | C33: 10% of all expenses in the first year (MVP) | F33: USD | G33: =-SUM(H10:S10,H13:S13,H14:S14)*10% -> 122704.79
B34: Additional equity injections (Cash Deficit) | F34: USD | H34: =IF((H32+$G$33+SUM($G34:G34))<0,-(H32+$G$33+SUM($G34:G34)),0) -> 0 | I34: =IF((I32+$G$33+SUM($G34:H34))<0,-(I32+$G$33+SUM($G34:H34)),0) -> 29318.391 | J34: =IF((J32+$G$33+SUM($G34:I34))<0,-(J32+$G$33+SUM($G34:I34)),0) -> 119631.24 | K34: =IF((K32+$G$33+SUM($G34:J34))<0,-(K32+$G$33+SUM($G34:J34)),0) -> 107109.94 | L34: =IF((L32+$G$33+SUM($G34:K34))<0,-(L32+$G$33+SUM($G34:K34)),0) -> 107109.94 | M34: =IF((M32+$G$33+SUM($G34:L34))<0,-(M32+$G$33+SUM($G34:L34)),0) -> 111631.24 | N34: =IF((N32+$G$33+SUM($G34:M34))<0,-(N32+$G$33+SUM($G34:M34)),0) -> 101275.49 | O34: =IF((O32+$G$33+SUM($G34:N34))<0,-(O32+$G$33+SUM($G34:N34)),0) -> 90919.733 | ... AQ34: =IF((AQ32+$G$33+SUM($G34:AP34))<0,-(AQ32+$G$33+SUM($G34:AP34)),0) -> 0
B36: Balance Sheet
B37: Non-current assets | F37: USD | H37: =SUM(H38:H38) -> 5730.9524 | I37: =SUM(I38:I38) -> 9638.0952 | J37: =SUM(J38:J38) -> 17473.81 | K37: =SUM(K38:K38) -> 17261.905 | L37: =SUM(L38:L38) -> 17050 | M37: =SUM(M38:M38) -> 16838.095 | N37: =SUM(N38:N38) -> 16626.19 | O37: =SUM(O38:O38) -> 16414.286 | ... AQ37: =SUM(AQ38:AQ38) -> 16660.312
B38: Fixed assets (Net book value) | F38: USD | H38: ='2. Expenses'!H97 -> 5730.9524 | I38: ='2. Expenses'!I97 -> 9638.0952 | J38: ='2. Expenses'!J97 -> 17473.81 | K38: ='2. Expenses'!K97 -> 17261.905 | L38: ='2. Expenses'!L97 -> 17050 | M38: ='2. Expenses'!M97 -> 16838.095 | N38: ='2. Expenses'!N97 -> 16626.19 | O38: ='2. Expenses'!O97 -> 16414.286 | ... AQ38: ='2. Expenses'!AQ97 -> 16660.312
B39: Current assets | F39: USD | H39: =SUM(H40:H42) -> 50291.548 | I39: =SUM(I40:I42) -> 0 | J39: =SUM(J40:J42) -> 0 | K39: =SUM(K40:K42) -> 0 | L39: =SUM(L40:L42) -> 0 | M39: =SUM(M40:M42) -> 0 | N39: =SUM(N40:N42) -> 0 | O39: =SUM(O40:O42) -> 0 | ... AQ39: =SUM(AQ40:AQ42) -> 4351063.9
B40: Accounts receivable | C40: Not considered in the model | F40: USD | H40: 0 | I40: 0 | J40: 0 | K40: 0 | L40: 0 | M40: 0 | N40: 0 | O40: 0 | P40: 0 | Q40: 0 | R40: 0 | S40: 0 | T40: 0 | U40: 0 | V40: 0 | W40: 0 | X40: 0 | Y40: 0 | Z40: 0 | AA40: 0 | AB40: 0 | AC40: 0 | AD40: 0 | AE40: 0 | AF40: 0 | AG40: 0 | AH40: 0 | AI40: 0 | AJ40: 0 | AK40: 0 | AL40: 0 | AM40: 0 | AN40: 0 | AO40: 0 | AP40: 0 | AQ40: 0
B41: VAT receivable | C41: Not considered in the model | F41: USD | H41: 0 | I41: 0 | J41: 0 | K41: 0 | L41: 0 | M41: 0 | N41: 0 | O41: 0 | P41: 0 | Q41: 0 | R41: 0 | S41: 0 | T41: 0 | U41: 0 | V41: 0 | W41: 0 | X41: 0 | Y41: 0 | Z41: 0 | AA41: 0 | AB41: 0 | AC41: 0 | AD41: 0 | AE41: 0 | AF41: 0 | AG41: 0 | AH41: 0 | AI41: 0 | AJ41: 0 | AK41: 0 | AL41: 0 | AM41: 0 | AN41: 0 | AO41: 0 | AP41: 0 | AQ41: 0
B42: Cash and equivalents | F42: USD | H42: =(H32+$G$33+SUM($H34:H34)) -> 50291.548 | I42: =(I32+$G$33+SUM($H34:I34)) -> 0 | J42: =(J32+$G$33+SUM($H34:J34)) -> 0 | K42: =(K32+$G$33+SUM($H34:K34)) -> 0 | L42: =(L32+$G$33+SUM($H34:L34)) -> 0 | M42: =(M32+$G$33+SUM($H34:M34)) -> 0 | N42: =(N32+$G$33+SUM($H34:N34)) -> 0 | O42: =(O32+$G$33+SUM($H34:O34)) -> 0 | ... AQ42: =(AQ32+$G$33+SUM($H34:AQ34)) -> 4351063.9
B43: Total Assets | F43: USD | H43: =H37+H39 -> 56022.5 | I43: =I37+I39 -> 9638.0952 | J43: =J37+J39 -> 17473.81 | K43: =K37+K39 -> 17261.905 | L43: =L37+L39 -> 17050 | M43: =M37+M39 -> 16838.095 | N43: =N37+N39 -> 16626.19 | O43: =O37+O39 -> 16414.286 | ... AQ43: =AQ37+AQ39 -> 4367724.2
B44: Shareholder's equity | F44: USD | H44: =SUM(H45:H47) -> 56022.5 | I44: =SUM(I45:I47) -> 9638.0952 | J44: =SUM(J45:J47) -> 17473.81 | K44: =SUM(K45:K47) -> 17261.905 | L44: =SUM(L45:L47) -> 17050 | M44: =SUM(M45:M47) -> 16838.095 | N44: =SUM(N45:N47) -> 16626.19 | O44: =SUM(O45:O47) -> 16414.286 | ... AQ44: =SUM(AQ45:AQ47) -> 4367724.2
B45: Shareholder's equity | F45: USD | G45: =G33 -> 122704.79 | H45: =G45+H33 -> 122704.79 | I45: =H45+I33 -> 122704.79 | J45: =I45+J33 -> 122704.79 | K45: =J45+K33 -> 122704.79 | L45: =K45+L33 -> 122704.79 | M45: =L45+M33 -> 122704.79 | N45: =M45+N33 -> 122704.79 | O45: =N45+O33 -> 122704.79 | ... AQ45: =AP45+AQ33 -> 122704.79
B46: Additional capital | F46: USD | H46: =G46+H34 -> 0 | I46: =H46+I34 -> 29318.391 | J46: =I46+J34 -> 148949.63 | K46: =J46+K34 -> 256059.57 | L46: =K46+L34 -> 363169.51 | M46: =L46+M34 -> 474800.74 | N46: =M46+N34 -> 576076.23 | O46: =N46+O34 -> 666995.96 | ... AQ46: =AP46+AQ34 -> 979556.97
B47: Retained earnings (losses) | F47: USD | H47: =H21+G47 -> -66682.286 | I47: =I21+H47 -> -142385.08 | J47: =J21+I47 -> -254180.61 | K47: =K21+J47 -> -361502.45 | L47: =L21+K47 -> -468824.29 | M47: =M21+L47 -> -580667.43 | N47: =N21+M47 -> -682154.82 | O47: =O21+N47 -> -773286.46 | ... AQ47: =AQ21+AP47 -> 3265462.5
B48: Short-term liabilities | F48: USD | H48: =SUM(H49:H50) -> 0 | I48: =SUM(I49:I50) -> 0 | J48: =SUM(J49:J50) -> 0 | K48: =SUM(K49:K50) -> 0 | L48: =SUM(L49:L50) -> 0 | M48: =SUM(M49:M50) -> 0 | N48: =SUM(N49:N50) -> 0 | O48: =SUM(O49:O50) -> 0 | ... AQ48: =SUM(AQ49:AQ50) -> 0
B49: Accounts payable | C49: Not considered in the model | F49: USD | H49: 0 | I49: 0 | J49: 0 | K49: 0 | L49: 0 | M49: 0 | N49: 0 | O49: 0 | P49: 0 | Q49: 0 | R49: 0 | S49: 0 | T49: 0 | U49: 0 | V49: 0 | W49: 0 | X49: 0 | Y49: 0 | Z49: 0 | AA49: 0 | AB49: 0 | AC49: 0 | AD49: 0 | AE49: 0 | AF49: 0 | AG49: 0 | AH49: 0 | AI49: 0 | AJ49: 0 | AK49: 0 | AL49: 0 | AM49: 0 | AN49: 0 | AO49: 0 | AP49: 0 | AQ49: 0
B50: VAT payable | C50: Not considered in the model | F50: USD | H50: 0 | I50: 0 | J50: 0 | K50: 0 | L50: 0 | M50: 0 | N50: 0 | O50: 0 | P50: 0 | Q50: 0 | R50: 0 | S50: 0 | T50: 0 | U50: 0 | V50: 0 | W50: 0 | X50: 0 | Y50: 0 | Z50: 0 | AA50: 0 | AB50: 0 | AC50: 0 | AD50: 0 | AE50: 0 | AF50: 0 | AG50: 0 | AH50: 0 | AI50: 0 | AJ50: 0 | AK50: 0 | AL50: 0 | AM50: 0 | AN50: 0 | AO50: 0 | AP50: 0 | AQ50: 0
B51: Total Liabilities and Shareholder's equity | F51: USD | H51: =H44+H48 -> 56022.5 | I51: =I44+I48 -> 9638.0952 | J51: =J44+J48 -> 17473.81 | K51: =K44+K48 -> 17261.905 | L51: =L44+L48 -> 17050 | M51: =M44+M48 -> 16838.095 | N51: =N44+N48 -> 16626.19 | O51: =O44+O48 -> 16414.286 | ... AQ51: =AQ44+AQ48 -> 4367724.2
B52: Balance check | F52: USD | H52: =H43-H51 -> 0 | I52: =I43-I51 -> 3.092282e-11 | J52: =J43-J51 -> 0 | K52: =K43-K51 -> 2.910383e-11 | L52: =L43-L51 -> 0 | M52: =M43-M51 -> 8.7311491e-11 | N52: =N43-N51 -> 1.7826096e-10 | O52: =O43-O51 -> 1.4915713e-10 | ... AQ52: =AQ43-AQ51 -> 0

Sheet 4. Summary
C2: NPV | D2: IRR | E2: DPP
C3: k USD | D3: % per year | E3: mo.
B4: Choose Scenario ⯆ | C4: =E26/1000 -> 851.57774 | D4: =E32 -> 0.39185404 | E4: =E35 -> 17
B5: Blue Sky Scenario | C5: =_xlfn.CONCAT("Max Market Share = ",TEXT(MAX(F9:AO9),"0.0%")) -> Max Market Share = 6.6% | F5: Phase 1 | G5: Phase 1 | H5: Phase 2 | I5: Phase 2 | J5: Phase 2 | K5: Phase 2 | L5: Phase 2 | M5: Phase 2 | N5: Phase 2 | O5: Phase 2 | P5: Phase 2 | Q5: Phase 2 | R5: Phase 3 | S5: Phase 3 | T5: Phase 3 | U5: Phase 3 | V5: Phase 3 | W5: Phase 3 | X5: Phase 3 | Y5: Phase 3 | Z5: Phase 3 | AA5: Phase 3 | AB5: Phase 3 | AC5: Phase 3 | AD5: Phase 3 | AE5: Phase 3 | AF5: Phase 3 | AG5: Phase 3 | AH5: Phase 3 | AI5: Phase 3 | AJ5: Phase 3 | AK5: Phase 3 | AL5: Phase 3 | AM5: Phase 3 | AN5: Phase 3 | AO5: Phase 3
B6: Groups / Metrics | C6: Sparklines | D6: Units | E6: Initial / Base | F6: 45292 | G6: 45323 | H6: 45352 | I6: 45383 | J6: 45413 | K6: 45444 | L6: 45474 | M6: 45505 | N6: 45536 | O6: 45566 | P6: 45597 | Q6: 45627 | R6: 45658 | S6: 45689 | T6: 45717 | U6: 45748 | V6: 45778 | W6: 45809 | X6: 45839 | Y6: 45870 | Z6: 45901 | AA6: 45931 | AB6: 45962 | AC6: 45992 | AD6: 46023 | AE6: 46054 | AF6: 46082 | AG6: 46113 | AH6: 46143 | AI6: 46174 | AJ6: 46204 | AK6: 46235 | AL6: 46266 | AM6: 46296 | AN6: 46327 | AO6: 46357
B7: Month | E7: 0 | F7: 1 | G7: 2 | H7: 3 | I7: 4 | J7: 5 | K7: 6 | L7: 7 | M7: 8 | N7: 9 | O7: 10 | P7: 11 | Q7: 12 | R7: 13 | S7: 14 | T7: 15 | U7: 16 | V7: 17 | W7: 18 | X7: 19 | Y7: 20 | Z7: 21 | AA7: 22 | AB7: 23 | AC7: 24 | AD7: 25 | AE7: 26 | AF7: 27 | AG7: 28 | AH7: 29 | AI7: 30 | AJ7: 31 | AK7: 32 | AL7: 33 | AM7: 34 | AN7: 35 | AO7: 36
B8: Year | E8: 0 | F8: 1 | G8: 1 | H8: 1 | I8: 1 | J8: 1 | K8: 1 | L8: 1 | M8: 1 | N8: 1 | O8: 1 | P8: 1 | Q8: 1 | R8: 2 | S8: 2 | T8: 2 | U8: 2 | V8: 2 | W8: 2 | X8: 2 | Y8: 2 | Z8: 2 | AA8: 2 | AB8: 2 | AC8: 2 | AD8: 3 | AE8: 3 | AF8: 3 | AG8: 3 | AH8: 3 | AI8: 3 | AJ8: 3 | AK8: 3 | AL8: 3 | AM8: 3 | AN8: 3 | AO8: 3
B9: Our Share in the Target Segment | D9: % | F9: =VLOOKUP($B$5,$B$10:$AO$12,F7+4) -> 0 | G9: =VLOOKUP($B$5,$B$10:$AO$12,G7+4) -> 0 | H9: =VLOOKUP($B$5,$B$10:$AO$12,H7+4) -> 0 | I9: =VLOOKUP($B$5,$B$10:$AO$12,I7+4) -> 0 | J9: =VLOOKUP($B$5,$B$10:$AO$12,J7+4) -> 0 | K9: =VLOOKUP($B$5,$B$10:$AO$12,K7+4) -> 0 | L9: =VLOOKUP($B$5,$B$10:$AO$12,L7+4) -> 0.0011 | M9: =VLOOKUP($B$5,$B$10:$AO$12,M7+4) -> 0.0022 | ... AO9: =VLOOKUP($B$5,$B$10:$AO$12,AO7+4) -> 0.066
B10: Blue Sky Scenario | F10: =F11*1.1 -> 0 | G10: =G11*1.1 -> 0 | H10: =H11*1.1 -> 0 | I10: =I11*1.1 -> 0 | J10: =J11*1.1 -> 0 | K10: =K11*1.1 -> 0 | L10: =L11*1.1 -> 0.0011 | M10: =M11*1.1 -> 0.0022 | ... AO10: =AO11*1.1 -> 0.066
B11: Grey Sky Scenario | F11: 0 | G11: 0 | H11: 0 | I11: 0 | J11: 0 | K11: 0 | L11: 0.001 | M11: 0.002 | N11: 0.003 | O11: 0.005 | P11: 0.007 | Q11: 0.01 | R11: 0.01 | S11: 0.013 | T11: 0.012 | U11: 0.013 | V11: 0.016 | W11: 0.019 | X11: 0.022 | Y11: 0.025 | Z11: 0.028 | AA11: 0.031 | AB11: 0.034 | AC11: 0.037 | AD11: 0.04 | AE11: 0.043 | AF11: 0.046 | AG11: 0.049 | AH11: 0.052 | AI11: 0.055 | AJ11: 0.058 | AK11: 0.06 | AL11: 0.06 | AM11: 0.06 | AN11: 0.06 | AO11: 0.06
B12: Stormy Weather Scenario | F12: =F11*0.9 -> 0 | G12: =G11*0.9 -> 0 | H12: =H11*0.9 -> 0 | I12: =I11*0.9 -> 0 | J12: =J11*0.9 -> 0 | K12: =K11*0.9 -> 0 | L12: =L11*0.9 -> 0.0009 | M12: =M11*0.9 -> 0.0018 | ... AO12: =AO11*0.9 -> 0.054
B14: Weighted Average Cost of Capital (WACC) | D14: % per mo. | F14: =(1+'Calc. WACC'!$C$16)^(1/12)-1 -> 0.012951904 | G14: =(1+'Calc. WACC'!$C$16)^(1/12)-1 -> 0.012951904 | H14: =(1+'Calc. WACC'!$C$16)^(1/12)-1 -> 0.012951904 | I14: =(1+'Calc. WACC'!$C$16)^(1/12)-1 -> 0.012951904 | J14: =(1+'Calc. WACC'!$C$16)^(1/12)-1 -> 0.012951904 | K14: =(1+'Calc. WACC'!$C$16)^(1/12)-1 -> 0.012951904 | L14: =(1+'Calc. WACC'!$C$16)^(1/12)-1 -> 0.012951904 | M14: =(1+'Calc. WACC'!$C$16)^(1/12)-1 -> 0.012951904 | ... Q14: =(1+'Calc. WACC'!$C$16)^(1/12)-1 -> 0.012951904 | R14: =(1+'Calc. WACC'!$D$16)^(1/12)-1 -> 0.012882304 | S14: =(1+'Calc. WACC'!$D$16)^(1/12)-1 -> 0.012882304 | T14: =(1+'Calc. WACC'!$D$16)^(1/12)-1 -> 0.012882304 | U14: =(1+'Calc. WACC'!$D$16)^(1/12)-1 -> 0.012882304 | V14: =(1+'Calc. WACC'!$D$16)^(1/12)-1 -> 0.012882304 | W14: =(1+'Calc. WACC'!$D$16)^(1/12)-1 -> 0.012882304 | X14: =(1+'Calc. WACC'!$D$16)^(1/12)-1 -> 0.012882304 | Y14: =(1+'Calc. WACC'!$D$16)^(1/12)-1 -> 0.012882304 | ... AC14: =(1+'Calc. WACC'!$D$16)^(1/12)-1 -> 0.012882304 | AD14: =(1+'Calc. WACC'!$E$16)^(1/12)-1 -> 0.014273484 | AE14: =(1+'Calc. WACC'!$E$16)^(1/12)-1 -> 0.014273484 | AF14: =(1+'Calc. WACC'!$E$16)^(1/12)-1 -> 0.014273484 | AG14: =(1+'Calc. WACC'!$E$16)^(1/12)-1 -> 0.014273484 | AH14: =(1+'Calc. WACC'!$E$16)^(1/12)-1 -> 0.014273484 | AI14: =(1+'Calc. WACC'!$E$16)^(1/12)-1 -> 0.014273484 | AJ14: =(1+'Calc. WACC'!$E$16)^(1/12)-1 -> 0.014273484 | AK14: =(1+'Calc. WACC'!$E$16)^(1/12)-1 -> 0.014273484 | ... AO14: =(1+'Calc. WACC'!$E$16)^(1/12)-1 -> 0.014273484
B15: Free Cash Flow (FCF) | D15: USD | E15: =-E25 -> -1016114.1 | F15: ='3. Statements'!H31 -> -72413.238 | G15: ='3. Statements'!I31 -> -79609.938 | H15: ='3. Statements'!J31 -> -119631.24 | I15: ='3. Statements'!K31 -> -107109.94 | J15: ='3. Statements'!L31 -> -107109.94 | K15: ='3. Statements'!M31 -> -111631.24 | L15: ='3. Statements'!N31 -> -101275.49 | M15: ='3. Statements'!O31 -> -90919.733 | ... AO15: ='3. Statements'!AQ31 -> 354708.65
B16: Discounted Free Cash Flow (DFCF) | D16: USD | E16: =E15/((1+E14)^E7) -> -1016114.1 | F16: =F15/((1+F14)^F7) -> -71487.341 | G16: =G15/((1+G14)^G7) -> -77587.121 | H16: =H15/((1+H14)^H7) -> -115100.74 | I16: =I15/((1+I14)^I7) -> -101735.96 | J16: =J15/((1+J14)^J7) -> -100435.13 | K16: =K15/((1+K14)^K7) -> -103336.27 | L16: =L15/((1+L14)^L7) -> -92551.307 | ... AO16: =AO15/((1+AO14)^AO7) -> 212955.66
B17: Investments Cash Flow (ICF) | D17: USD | E17: ='3. Statements'!G33 -> 122704.79 | F17: ='3. Statements'!H34 -> 0 | G17: ='3. Statements'!I34 -> 29318.391 | H17: ='3. Statements'!J34 -> 119631.24 | I17: ='3. Statements'!K34 -> 107109.94 | J17: ='3. Statements'!L34 -> 107109.94 | K17: ='3. Statements'!M34 -> 111631.24 | L17: ='3. Statements'!N34 -> 101275.49 | M17: ='3. Statements'!O34 -> 90919.733 | ... AO17: ='3. Statements'!AQ34 -> 0
B18: Discounted Investments Cash Flow (DICF) | D18: USD | E18: =E17/((1+E14)^E7) -> 122704.79 | F18: =F17/((1+F14)^F7) -> 0 | G18: =G17/((1+G14)^G7) -> 28573.437 | H18: =H17/((1+H14)^H7) -> 115100.74 | I18: =I17/((1+I14)^I7) -> 101735.96 | J18: =J17/((1+J14)^J7) -> 100435.13 | K18: =K17/((1+K14)^K7) -> 103336.27 | L18: =L17/((1+L14)^L7) -> 92551.307 | ... AO18: =AO17/((1+AO14)^AO7) -> 0
B19: Payback Period (PP) | D19: Y/N | F19: =IF(MIN(F15:$AO15)<0,IF(MAX(G19:$AO19)=1,0,1),0) -> 0 | G19: =IF(MIN(G15:$AO15)<0,IF(MAX(H19:$AO19)=1,0,1),0) -> 0 | H19: =IF(MIN(H15:$AO15)<0,IF(MAX(I19:$AO19)=1,0,1),0) -> 0 | I19: =IF(MIN(I15:$AO15)<0,IF(MAX(J19:$AO19)=1,0,1),0) -> 0 | J19: =IF(MIN(J15:$AO15)<0,IF(MAX(K19:$AO19)=1,0,1),0) -> 0 | K19: =IF(MIN(K15:$AO15)<0,IF(MAX(L19:$AO19)=1,0,1),0) -> 0 | L19: =IF(MIN(L15:$AO15)<0,IF(MAX(M19:$AO19)=1,0,1),0) -> 0 | M19: =IF(MIN(M15:$AO15)<0,IF(MAX(N19:$AO19)=1,0,1),0) -> 0 | ... AN19: =IF(MIN(AN15:$AO15)<0,IF(MAX(AO19:$AO19)=1,0,1),0) -> 0 | AO19: =IF(MIN(AO15:$AO15)<0,1,0) -> 0
B20: Discounted Payback Period (DPP) | D20: Y/N | F20: =IF(MIN(F16:$AO16)<0,IF(MAX(G20:$AO20)=1,0,1),0) -> 0 | G20: =IF(MIN(G16:$AO16)<0,IF(MAX(H20:$AO20)=1,0,1),0) -> 0 | H20: =IF(MIN(H16:$AO16)<0,IF(MAX(I20:$AO20)=1,0,1),0) -> 0 | I20: =IF(MIN(I16:$AO16)<0,IF(MAX(J20:$AO20)=1,0,1),0) -> 0 | J20: =IF(MIN(J16:$AO16)<0,IF(MAX(K20:$AO20)=1,0,1),0) -> 0 | K20: =IF(MIN(K16:$AO16)<0,IF(MAX(L20:$AO20)=1,0,1),0) -> 0 | L20: =IF(MIN(L16:$AO16)<0,IF(MAX(M20:$AO20)=1,0,1),0) -> 0 | M20: =IF(MIN(M16:$AO16)<0,IF(MAX(N20:$AO20)=1,0,1),0) -> 0 | ... AN20: =IF(MIN(AN16:$AO16)<0,IF(MAX(AO20:$AO20)=1,0,1),0) -> 0 | AO20: =IF(MIN(AO16:$AO16)<0,1,0) -> 0
B22: Efficiency Metrics
B23: Groups / Metrics | C23: Abbreviation | D23: Units | E23: Value
B24: Present Value | C24: PV | D24: USD | E24: =SUM(F16:AO16) -> 1867691.8
B25: Investments PV | C25: IPV | D25: USD | E25: =SUM(E18:AO18) -> 1016114.1
B26: Net Present Value | C26: NPV | D26: USD | E26: =SUM(E16:AO16) -> 851577.74
B27: Terminal Value | C27: TeV | D27: USD | E27: =AO15*(1+E31)/(E30-E31) -> 1892101.5
B28: Total Value | C28: TV | D28: USD | E28: =E27+E26 -> 2743679.3
B29: Weighted Average Cost of Capital (Project) | C29: WACC | D29: % per year | E29: =AVERAGE('Calc. WACC'!C16:E16) -> 0.17280015
B30: Weighted Average Cost of Capital (Long Term) | C30: WACC (2027+) | D30: % per year | E30: ='Calc. WACC'!F16 -> 0.18758683
B31: Growth Rate (Long Term) | C31: GR (2027+) | D31: % per mo. | E31: 0.0001
B32: Internal Rate of Return | C32: IRR | D32: % per year | E32: =(IRR(E15:AO15)+1)^12-1 -> 0.39185404
B33: Profitability Index | C33: PI | D33: USD | E33: =E24/E25 -> 1.8380729
B34: Payback Period | C34: PP | D34: mo. | E34: =INDEX(F7:AO7,1,MATCH(1,F19:AO19,0))+1 -> 17
B35: Discounted Payback Period | C35: DPP | D35: mo. | E35: =INDEX(F7:AO7,1,MATCH(1,F20:AO20,0))+1 -> 17
B37: Customers Lifetime Value (CLTV) Matrix | F37: Glancers | G37: Thinkers | H37: Doers | I37: Improvers | J37: Parents 2.0
B38: Average Customer Lifespan = Purchase Frequency | D38: mo. | F38: 1 | G38: 3 | H38: 6 | I38: 12 | J38: 24
B39: Average Purchase Value | D39: USD | F39: ='1. Revenue'!G49 -> 19.99 | G39: ='1. Revenue'!G49 -> 19.99 | H39: ='1. Revenue'!G49 -> 19.99 | I39: ='1. Revenue'!G49 -> 19.99 | J39: ='1. Revenue'!G49 -> 19.99
B40: LTV Weighted Average | D40: USD | F40: =F38*F39 -> 19.99 | G40: =G38*G39 -> 59.97 | H40: =H38*H39 -> 119.94 | I40: =I38*I39 -> 239.88 | J40: =J38*J39 -> 479.76
B42: Supportive Calculations
B43: 1. Gague Chart
B45: Scale - Stats | C45: Value
B46: Start | C46: 0
B47: WACC | C47: =E29 -> 0.17280015
B48: IRR | C48: =1-C47 -> 0.82719985
B49: Maximum | C49: 1
B51: Labels | C51: Values
B52: 0 | C52: 0
B53: 0.1 | C53: 0.1
B54: 0.2 | C54: 0.1
B55: 0.3 | C55: 0.1
B56: 0.4 | C56: 0.1
B57: 0.5 | C57: 0.1
B58: 0.6 | C58: 0.1
B59: 0.7 | C59: 0.1
B60: 0.8 | C60: 0.1
B61: 0.9 | C61: 0.1
B62: 1 | C62: 0.1
B63: Total | C63: 1
B65: Specifications | C65: Value
B66: Pointer | C66: =E32 -> 0.39185404
B67: Thickness | C67: 0.02
B68: Rest | C68: =C49+C63-C66-C67 -> 1.588146
B70: 2. NPV to WACC Sensitivity
B72: Groups / Metrics | C72: Comments | D72: Units | E72: Initial / Base | F72: 45292 | G72: 45323 | H72: 45352 | I72: 45383 | J72: 45413 | K72: 45444 | L72: 45474 | M72: 45505 | N72: 45536 | O72: 45566 | P72: 45597 | Q72: 45627 | R72: 45658 | S72: 45689 | T72: 45717 | U72: 45748 | V72: 45778 | W72: 45809 | X72: 45839 | Y72: 45870 | Z72: 45901 | AA72: 45931 | AB72: 45962 | AC72: 45992 | AD72: 46023 | AE72: 46054 | AF72: 46082 | AG72: 46113 | AH72: 46143 | AI72: 46174 | AJ72: 46204 | AK72: 46235 | AL72: 46266 | AM72: 46296 | AN72: 46327 | AO72: 46357
B73: Month | E73: 0 | F73: 1 | G73: 2 | H73: 3 | I73: 4 | J73: 5 | K73: 6 | L73: 7 | M73: 8 | N73: 9 | O73: 10 | P73: 11 | Q73: 12 | R73: 13 | S73: 14 | T73: 15 | U73: 16 | V73: 17 | W73: 18 | X73: 19 | Y73: 20 | Z73: 21 | AA73: 22 | AB73: 23 | AC73: 24 | AD73: 25 | AE73: 26 | AF73: 27 | AG73: 28 | AH73: 29 | AI73: 30 | AJ73: 31 | AK73: 32 | AL73: 33 | AM73: 34 | AN73: 35 | AO73: 36
B74: Year | E74: 0 | F74: 1 | G74: 1 | H74: 1 | I74: 1 | J74: 1 | K74: 1 | L74: 1 | M74: 1 | N74: 1 | O74: 1 | P74: 1 | Q74: 1 | R74: 2 | S74: 2 | T74: 2 | U74: 2 | V74: 2 | W74: 2 | X74: 2 | Y74: 2 | Z74: 2 | AA74: 2 | AB74: 2 | AC74: 2 | AD74: 3 | AE74: 3 | AF74: 3 | AG74: 3 | AH74: 3 | AI74: 3 | AJ74: 3 | AK74: 3 | AL74: 3 | AM74: 3 | AN74: 3 | AO74: 3
B75: WACC (-10%) | C75: -0.1 | D75: % | E75: =ROUND(E$80,2)+$C75 -> 0.07 | F75: =(1+$E75)^(1/12)-1 -> 0.0056541454 | G75: =(1+$E75)^(1/12)-1 -> 0.0056541454 | H75: =(1+$E75)^(1/12)-1 -> 0.0056541454 | I75: =(1+$E75)^(1/12)-1 -> 0.0056541454 | J75: =(1+$E75)^(1/12)-1 -> 0.0056541454 | K75: =(1+$E75)^(1/12)-1 -> 0.0056541454 | L75: =(1+$E75)^(1/12)-1 -> 0.0056541454 | M75: =(1+$E75)^(1/12)-1 -> 0.0056541454 | ... AO75: =(1+$E75)^(1/12)-1 -> 0.0056541454
B76: WACC (-8%) | C76: -0.08 | D76: % | E76: =ROUND(E$80,2)+$C76 -> 0.09 | F76: =(1+$E76)^(1/12)-1 -> 0.0072073233 | G76: =(1+$E76)^(1/12)-1 -> 0.0072073233 | H76: =(1+$E76)^(1/12)-1 -> 0.0072073233 | I76: =(1+$E76)^(1/12)-1 -> 0.0072073233 | J76: =(1+$E76)^(1/12)-1 -> 0.0072073233 | K76: =(1+$E76)^(1/12)-1 -> 0.0072073233 | L76: =(1+$E76)^(1/12)-1 -> 0.0072073233 | M76: =(1+$E76)^(1/12)-1 -> 0.0072073233 | ... AO76: =(1+$E76)^(1/12)-1 -> 0.0072073233
B77: WACC (-6%) | C77: -0.06 | D77: % | E77: =ROUND(E$80,2)+$C77 -> 0.11 | F77: =(1+$E77)^(1/12)-1 -> 0.0087345938 | G77: =(1+$E77)^(1/12)-1 -> 0.0087345938 | H77: =(1+$E77)^(1/12)-1 -> 0.0087345938 | I77: =(1+$E77)^(1/12)-1 -> 0.0087345938 | J77: =(1+$E77)^(1/12)-1 -> 0.0087345938 | K77: =(1+$E77)^(1/12)-1 -> 0.0087345938 | L77: =(1+$E77)^(1/12)-1 -> 0.0087345938 | M77: =(1+$E77)^(1/12)-1 -> 0.0087345938 | ... AO77: =(1+$E77)^(1/12)-1 -> 0.0087345938
B78: WACC (-4%) | C78: -0.04 | D78: % | E78: =ROUND(E$80,2)+$C78 -> 0.13 | F78: =(1+$E78)^(1/12)-1 -> 0.010236844 | G78: =(1+$E78)^(1/12)-1 -> 0.010236844 | H78: =(1+$E78)^(1/12)-1 -> 0.010236844 | I78: =(1+$E78)^(1/12)-1 -> 0.010236844 | J78: =(1+$E78)^(1/12)-1 -> 0.010236844 | K78: =(1+$E78)^(1/12)-1 -> 0.010236844 | L78: =(1+$E78)^(1/12)-1 -> 0.010236844 | M78: =(1+$E78)^(1/12)-1 -> 0.010236844 | ... AO78: =(1+$E78)^(1/12)-1 -> 0.010236844
B79: WACC (-2%) | C79: -0.02 | D79: % | E79: =ROUND(E$80,2)+$C79 -> 0.15 | F79: =(1+$E79)^(1/12)-1 -> 0.011714917 | G79: =(1+$E79)^(1/12)-1 -> 0.011714917 | H79: =(1+$E79)^(1/12)-1 -> 0.011714917 | I79: =(1+$E79)^(1/12)-1 -> 0.011714917 | J79: =(1+$E79)^(1/12)-1 -> 0.011714917 | K79: =(1+$E79)^(1/12)-1 -> 0.011714917 | L79: =(1+$E79)^(1/12)-1 -> 0.011714917 | M79: =(1+$E79)^(1/12)-1 -> 0.011714917 | ... AO79: =(1+$E79)^(1/12)-1 -> 0.011714917
B80: WACC (Project) | C80: 0 | D80: % | E80: =AVERAGE('Calc. WACC'!C16:E16) -> 0.17280015 | F80: =(1+'Calc. WACC'!$C$16)^(1/12)-1 -> 0.012951904 | G80: =(1+'Calc. WACC'!$C$16)^(1/12)-1 -> 0.012951904 | H80: =(1+'Calc. WACC'!$C$16)^(1/12)-1 -> 0.012951904 | I80: =(1+'Calc. WACC'!$C$16)^(1/12)-1 -> 0.012951904 | J80: =(1+'Calc. WACC'!$C$16)^(1/12)-1 -> 0.012951904 | K80: =(1+'Calc. WACC'!$C$16)^(1/12)-1 -> 0.012951904 | L80: =(1+'Calc. WACC'!$C$16)^(1/12)-1 -> 0.012951904 | M80: =(1+'Calc. WACC'!$C$16)^(1/12)-1 -> 0.012951904 | ... Q80: =(1+'Calc. WACC'!$C$16)^(1/12)-1 -> 0.012951904 | R80: =(1+'Calc. WACC'!$D$16)^(1/12)-1 -> 0.012882304 | S80: =(1+'Calc. WACC'!$D$16)^(1/12)-1 -> 0.012882304 | T80: =(1+'Calc. WACC'!$D$16)^(1/12)-1 -> 0.012882304 | U80: =(1+'Calc. WACC'!$D$16)^(1/12)-1 -> 0.012882304 | V80: =(1+'Calc. WACC'!$D$16)^(1/12)-1 -> 0.012882304 | W80: =(1+'Calc. WACC'!$D$16)^(1/12)-1 -> 0.012882304 | X80: =(1+'Calc. WACC'!$D$16)^(1/12)-1 -> 0.012882304 | Y80: =(1+'Calc. WACC'!$D$16)^(1/12)-1 -> 0.012882304 | ... AC80: =(1+'Calc. WACC'!$D$16)^(1/12)-1 -> 0.012882304 | AD80: =(1+'Calc. WACC'!$E$16)^(1/12)-1 -> 0.014273484 | AE80: =(1+'Calc. WACC'!$E$16)^(1/12)-1 -> 0.014273484 | AF80: =(1+'Calc. WACC'!$E$16)^(1/12)-1 -> 0.014273484 | AG80: =(1+'Calc. WACC'!$E$16)^(1/12)-1 -> 0.014273484 | AH80: =(1+'Calc. WACC'!$E$16)^(1/12)-1 -> 0.014273484 | AI80: =(1+'Calc. WACC'!$E$16)^(1/12)-1 -> 0.014273484 | AJ80: =(1+'Calc. WACC'!$E$16)^(1/12)-1 -> 0.014273484 | AK80: =(1+'Calc. WACC'!$E$16)^(1/12)-1 -> 0.014273484 | ... AO80: =(1+'Calc. WACC'!$E$16)^(1/12)-1 -> 0.014273484
B81: WACC (2%) | C81: 0.02 | D81: % | E81: =ROUND(E$80,2)+$C81 -> 0.19 | F81: =(1+$E81)^(1/12)-1 -> 0.014601687 | G81: =(1+$E81)^(1/12)-1 -> 0.014601687 | H81: =(1+$E81)^(1/12)-1 -> 0.014601687 | I81: =(1+$E81)^(1/12)-1 -> 0.014601687 | J81: =(1+$E81)^(1/12)-1 -> 0.014601687 | K81: =(1+$E81)^(1/12)-1 -> 0.014601687 | L81: =(1+$E81)^(1/12)-1 -> 0.014601687 | M81: =(1+$E81)^(1/12)-1 -> 0.014601687 | ... AO81: =(1+$E81)^(1/12)-1 -> 0.014601687
B82: WACC (4%) | C82: 0.04 | D82: % | E82: =ROUND(E$80,2)+$C82 -> 0.21 | F82: =(1+$E82)^(1/12)-1 -> 0.016011868 | G82: =(1+$E82)^(1/12)-1 -> 0.016011868 | H82: =(1+$E82)^(1/12)-1 -> 0.016011868 | I82: =(1+$E82)^(1/12)-1 -> 0.016011868 | J82: =(1+$E82)^(1/12)-1 -> 0.016011868 | K82: =(1+$E82)^(1/12)-1 -> 0.016011868 | L82: =(1+$E82)^(1/12)-1 -> 0.016011868 | M82: =(1+$E82)^(1/12)-1 -> 0.016011868 | ... AO82: =(1+$E82)^(1/12)-1 -> 0.016011868
B83: WACC (6%) | C83: 0.06 | D83: % | E83: =ROUND(E$80,2)+$C83 -> 0.23 | F83: =(1+$E83)^(1/12)-1 -> 0.017400842 | G83: =(1+$E83)^(1/12)-1 -> 0.017400842 | H83: =(1+$E83)^(1/12)-1 -> 0.017400842 | I83: =(1+$E83)^(1/12)-1 -> 0.017400842 | J83: =(1+$E83)^(1/12)-1 -> 0.017400842 | K83: =(1+$E83)^(1/12)-1 -> 0.017400842 | L83: =(1+$E83)^(1/12)-1 -> 0.017400842 | M83: =(1+$E83)^(1/12)-1 -> 0.017400842 | ... AO83: =(1+$E83)^(1/12)-1 -> 0.017400842
B84: WACC (8%) | C84: 0.08 | D84: % | E84: =ROUND(E$80,2)+$C84 -> 0.25 | F84: =(1+$E84)^(1/12)-1 -> 0.018769265 | G84: =(1+$E84)^(1/12)-1 -> 0.018769265 | H84: =(1+$E84)^(1/12)-1 -> 0.018769265 | I84: =(1+$E84)^(1/12)-1 -> 0.018769265 | J84: =(1+$E84)^(1/12)-1 -> 0.018769265 | K84: =(1+$E84)^(1/12)-1 -> 0.018769265 | L84: =(1+$E84)^(1/12)-1 -> 0.018769265 | M84: =(1+$E84)^(1/12)-1 -> 0.018769265 | ... AO84: =(1+$E84)^(1/12)-1 -> 0.018769265
B85: WACC (10%) | C85: 0.1 | D85: % | E85: =ROUND(E$80,2)+$C85 -> 0.27 | F85: =(1+$E85)^(1/12)-1 -> 0.020117763 | G85: =(1+$E85)^(1/12)-1 -> 0.020117763 | H85: =(1+$E85)^(1/12)-1 -> 0.020117763 | I85: =(1+$E85)^(1/12)-1 -> 0.020117763 | J85: =(1+$E85)^(1/12)-1 -> 0.020117763 | K85: =(1+$E85)^(1/12)-1 -> 0.020117763 | L85: =(1+$E85)^(1/12)-1 -> 0.020117763 | M85: =(1+$E85)^(1/12)-1 -> 0.020117763 | ... AO85: =(1+$E85)^(1/12)-1 -> 0.020117763
B86: FCF (Project) | D86: USD | E86: =E15 -> -1016114.1 | F86: =F15 -> -72413.238 | G86: =G15 -> -79609.938 | H86: =H15 -> -119631.24 | I86: =I15 -> -107109.94 | J86: =J15 -> -107109.94 | K86: =K15 -> -111631.24 | L86: =L15 -> -101275.49 | ... AO86: =AO15 -> 354708.65
B87: DFCF (-10%) | D87: USD | E87: =E$86/((1+E75)^E$73) -> -1016114.1 | F87: =F$86/((1+F75)^F$73) -> -72006.105 | G87: =G$86/((1+G75)^G$73) -> -78717.264 | H87: =H$86/((1+H75)^H$73) -> -117624.73 | I87: =I$86/((1+I75)^I$73) -> -104721.34 | J87: =J$86/((1+J75)^J$73) -> -104132.56 | K87: =K$86/((1+K75)^K$73) -> -107917.99 | L87: =L$86/((1+L75)^L$73) -> -97356.241 | ... AO87: =AO$86/((1+AO75)^AO$73) -> 289547.91
B88: DFCF (-8%) | D88: USD | E88: =E$86/((1+E76)^E$73) -> -1016114.1 | F88: =F$86/((1+F76)^F$73) -> -71895.067 | G88: =G$86/((1+G76)^G$73) -> -78474.677 | H88: =H$86/((1+H76)^H$73) -> -117081.42 | I88: =I$86/((1+I76)^I$73) -> -104076.88 | J88: =J$86/((1+J76)^J$73) -> -103332.13 | K88: =K$86/((1+K76)^K$73) -> -106923.33 | L88: =L$86/((1+L76)^L$73) -> -96310.183 | ... AO88: =AO$86/((1+AO76)^AO$73) -> 273900.16
B89: DFCF (-6%) | D89: USD | E89: =E$86/((1+E77)^E$73) -> -1016114.1 | F89: =F$86/((1+F77)^F$73) -> -71786.215 | G89: =G$86/((1+G77)^G$73) -> -78237.228 | H89: =H$86/((1+H77)^H$73) -> -116550.42 | I89: =I$86/((1+I77)^I$73) -> -103448 | J89: =J$86/((1+J77)^J$73) -> -102552.25 | K89: =K$86/((1+K77)^K$73) -> -105955.68 | L89: =L$86/((1+L77)^L$73) -> -95294.082 | ... AO89: =AO$86/((1+AO77)^AO$73) -> 259359.9
B90: DFCF (-4%) | D90: USD | E90: =E$86/((1+E78)^E$73) -> -1016114.1 | F90: =F$86/((1+F78)^F$73) -> -71679.467 | G90: =G$86/((1+G78)^G$73) -> -78004.72 | H90: =H$86/((1+H78)^H$73) -> -116031.25 | I90: =I$86/((1+I78)^I$73) -> -102834.05 | J90: =J$86/((1+J78)^J$73) -> -101792.02 | K90: =K$86/((1+K78)^K$73) -> -105013.84 | L90: =L$86/((1+L78)^L$73) -> -94306.561 | ... AO90: =AO$86/((1+AO78)^AO$73) -> 245830.88
B91: DFCF (-2%) | D91: USD | E91: =E$86/((1+E79)^E$73) -> -1016114.1 | F91: =F$86/((1+F79)^F$73) -> -71574.746 | G91: =G$86/((1+G79)^G$73) -> -77776.963 | H91: =H$86/((1+H79)^H$73) -> -115523.45 | I91: =I$86/((1+I79)^I$73) -> -102234.42 | J91: =J$86/((1+J79)^J$73) -> -101050.62 | K91: =K$86/((1+K79)^K$73) -> -104096.67 | L91: =L$86/((1+L79)^L$73) -> -93346.333 | ... AO91: =AO$86/((1+AO79)^AO$73) -> 233226.69
B92: DFCF (Project) | D92: USD | E92: =E$86/((1+E80)^E$73) -> -1016114.1 | F92: =F86/((1+F80)^F73) -> -71487.341 | G92: =G86/((1+G80)^G73) -> -77587.121 | H92: =H86/((1+H80)^H73) -> -115100.74 | I92: =I86/((1+I80)^I73) -> -101735.96 | J92: =J86/((1+J80)^J73) -> -100435.13 | K92: =K86/((1+K80)^K73) -> -103336.27 | L92: =L86/((1+L80)^L73) -> -92551.307 | M92: =M86/((1+M80)^M73) -> -82025.247 | ... AO92: =AO86/((1+AO80)^AO73) -> 212955.66
B93: DFCF (2%) | D93: USD | E93: =E$86/((1+E81)^E$73) -> -1016114.1 | F93: =F$86/((1+F81)^F$73) -> -71371.1 | G93: =G$86/((1+G81)^G$73) -> -77335.007 | H93: =H$86/((1+H81)^H$73) -> -114540.18 | I93: =I$86/((1+I81)^I$73) -> -101075.86 | J93: =J$86/((1+J81)^J$73) -> -99621.223 | K93: =K$86/((1+K81)^K$73) -> -102332.19 | L93: =L$86/((1+L81)^L$73) -> -91502.987 | ... AO93: =AO$86/((1+AO81)^AO$73) -> 210489.72
B94: DFCF (4%) | D94: USD | E94: =E$86/((1+E82)^E$73) -> -1016114.1 | F94: =F$86/((1+F82)^F$73) -> -71272.04 | G94: =G$86/((1+G82)^G$73) -> -77120.48 | H94: =H$86/((1+H82)^H$73) -> -114063.91 | I94: =I$86/((1+I82)^I$73) -> -100515.87 | J94: =J$86/((1+J82)^J$73) -> -98931.789 | K94: =K$86/((1+K82)^K$73) -> -101482.94 | L94: =L$86/((1+L82)^L$73) -> -90617.665 | ... AO94: =AO$86/((1+AO82)^AO$73) -> 200223.78
B95: DFCF (6%) | D95: USD | E95: =E$86/((1+E83)^E$73) -> -1016114.1 | F95: =F$86/((1+F83)^F$73) -> -71174.738 | G95: =G$86/((1+G83)^G$73) -> -76910.051 | H95: =H$86/((1+H83)^H$73) -> -113597.38 | I95: =I$86/((1+I83)^I$73) -> -99968.091 | J95: =J$86/((1+J83)^J$73) -> -98258.314 | K95: =K$86/((1+K83)^K$73) -> -100654.5 | L95: =L$86/((1+L83)^L$73) -> -89755.214 | ... AO95: =AO$86/((1+AO83)^AO$73) -> 190614.72
B96: DFCF (8%) | D96: USD | E96: =E$86/((1+E84)^E$73) -> -1016114.1 | F96: =F$86/((1+F84)^F$73) -> -71079.135 | G96: =G$86/((1+G84)^G$73) -> -76703.577 | H96: =H$86/((1+H84)^H$73) -> -113140.24 | I96: =I$86/((1+I84)^I$73) -> -99432.059 | J96: =J$86/((1+J84)^J$73) -> -97600.175 | K96: =K$86/((1+K84)^K$73) -> -99846.015 | L96: =L$86/((1+L84)^L$73) -> -88914.685 | ... AO96: =AO$86/((1+AO84)^AO$73) -> 181610.83
B97: DFCF (10%) | D97: USD | E97: =E$86/((1+E85)^E$73) -> -1016114.1 | F97: =F$86/((1+F85)^F$73) -> -70985.175 | G97: =G$86/((1+G85)^G$73) -> -76500.922 | H97: =H$86/((1+H85)^H$73) -> -112692.15 | I97: =I$86/((1+I85)^I$73) -> -98907.341 | J97: =J$86/((1+J85)^J$73) -> -96956.788 | K97: =K$86/((1+K85)^K$73) -> -99056.706 | L97: =L$86/((1+L85)^L$73) -> -88095.183 | ... AO97: =AO$86/((1+AO85)^AO$73) -> 173165.2
B99: Change | C99: WACC, % | D99: NPV, k USD
B100: -10% | C100: =E75 -> 0.07 | D100: =SUM(E87:AO87)/1000 -> 1604.9149
B101: -8% | C101: =E76 -> 0.09 | D101: =SUM(E88:AO88)/1000 -> 1451.7406
B102: -6% | C102: =E77 -> 0.11 | D102: =SUM(E89:AO89)/1000 -> 1308.4694
B103: -4% | C103: =E78 -> 0.13 | D103: =SUM(E90:AO90)/1000 -> 1174.3043
B104: -2% | C104: =E79 -> 0.15 | D104: =SUM(E91:AO91)/1000 -> 1048.5251
B105: 0 | C105: =E80 -> 0.17280015 | D105: =SUM(E92:AO92)/1000 -> 851.57774
B106: +2% | C106: =E81 -> 0.19 | D106: =SUM(E93:AO93)/1000 -> 819.57675
B107: +4% | C107: =E82 -> 0.21 | D107: =SUM(E94:AO94)/1000 -> 715.27893
B108: +6% | C108: =E83 -> 0.23 | D108: =SUM(E95:AO95)/1000 -> 617.0974
B109: +8% | C109: =E84 -> 0.25 | D109: =SUM(E96:AO96)/1000 -> 524.58661
B110: +10% | C110: =E85 -> 0.27 | D110: =SUM(E97:AO97)/1000 -> 437.33987

Sheet Calc. Inflation (CPI)
D2: 3 year inflation forecast using model with the minimal Mean Squared Error (MSE)
B4: Source | C4: OECD | H4: =IF(I6=MIN($I$6,$K$6,$M$6,$O$6,$Q$6,$S$6,$U$6,$W$6,$Y$6),"⯆","-") -> - | J4: =IF(K6=MIN($I$6,$K$6,$M$6,$O$6,$Q$6,$S$6,$U$6,$W$6,$Y$6),"⯆","-") -> - | L4: =IF(M6=MIN($I$6,$K$6,$M$6,$O$6,$Q$6,$S$6,$U$6,$W$6,$Y$6),"⯆","-") -> - | N4: =IF(O6=MIN($I$6,$K$6,$M$6,$O$6,$Q$6,$S$6,$U$6,$W$6,$Y$6),"⯆","-") -> - | P4: =IF(Q6=MIN($I$6,$K$6,$M$6,$O$6,$Q$6,$S$6,$U$6,$W$6,$Y$6),"⯆","-") -> - | R4: =IF(S6=MIN($I$6,$K$6,$M$6,$O$6,$Q$6,$S$6,$U$6,$W$6,$Y$6),"⯆","-") -> - | T4: =IF(U6=MIN($I$6,$K$6,$M$6,$O$6,$Q$6,$S$6,$U$6,$W$6,$Y$6),"⯆","-") -> - | V4: =IF(W6=MIN($I$6,$K$6,$M$6,$O$6,$Q$6,$S$6,$U$6,$W$6,$Y$6),"⯆","-") -> - | X4: =IF(Y6=MIN($I$6,$K$6,$M$6,$O$6,$Q$6,$S$6,$U$6,$W$6,$Y$6),"⯆","-") -> ⯆
F5: Year | G5: CPI % Change | H5: Mov. AVG 3 | I5: MSE | J5: Mov. AVG 4 | K5: MSE | L5: Mov. AVG 5 | M5: MSE | N5: Mov. AVG 7 | O5: MSE | P5: Mov. AVG 10 | Q5: MSE | R5: Mov. AVG 15 | S5: MSE | T5: Mov. AVG 20 | U5: MSE | V5: Exp. Sm. a = .3 | W5: MSE | X5: Exp. Sm. a = .4 | Y5: MSE
I6: =AVERAGE(I10:I69) -> 0.00049199955 | K6: =AVERAGE(K11:K69) -> 0.0005114638 | M6: =AVERAGE(M12:M69) -> 0.00051847911 | O6: =AVERAGE(O14:O69) -> 0.00058721319 | Q6: =AVERAGE(Q17:Q69) -> 0.00067247452 | S6: =AVERAGE(S22:S69) -> 0.0006854201 | U6: =AVERAGE(U27:U69) -> 0.00054066501 | W6: =AVERAGE(W8:W69) -> 0.00043744684 | Y6: =AVERAGE(Y8:Y69) -> 0.00039831416
F7: 1961 | G7: 0.010703622
F8: 1962 | G8: 0.011760771 | V8: =G7 -> 0.010703622 | W8: =(V8-$G8)^2 -> 1.1175642e-06 | X8: =G7 -> 0.010703622 | Y8: =(X8-$G8)^2 -> 1.1175642e-06
F9: 1963 | G9: 0.012560599 | V9: =0.3*G8+0.7*V8 -> 0.011020767 | W9: =(V9-$G9)^2 -> 2.3710836e-06 | X9: =0.4*G8+0.6*X8 -> 0.011126482 | Y9: =(X9-$G9)^2 -> 2.0566928e-06
F10: 1964 | G10: 0.013220892 | H10: =AVERAGE(G7:G9) -> 0.011674998 | I10: =(H10-$G10)^2 -> 2.38979e-06 | V10: =0.3*G9+0.7*V9 -> 0.011482717 | W10: =(V10-$G10)^2 -> 3.0212541e-06 | X10: =0.4*G9+0.6*X9 -> 0.011700129 | Y10: =(X10-$G10)^2 -> 2.3127211e-06
F11: 1965 | G11: 0.01578693 | H11: =AVERAGE(G8:G10) -> 0.012514088 | I11: =(H11-$G11)^2 -> 1.0711498e-05 | J11: =AVERAGE(G7:G10) -> 0.012061471 | K11: =(J11-$G11)^2 -> 1.3879043e-05 | V11: =0.3*G10+0.7*V10 -> 0.012004169 | W11: =(V11-$G11)^2 -> 1.4309279e-05 | X11: =0.4*G10+0.6*X10 -> 0.012308434 | Y11: =(X11-$G11)^2 -> 1.2099934e-05
F12: 1966 | G12: 0.029893746 | H12: =AVERAGE(G9:G11) -> 0.013856141 | I12: =(H12-$G12)^2 -> 0.0002572048 | J12: =AVERAGE(G8:G11) -> 0.013332298 | K12: =(J12-$G12)^2 -> 0.00027428156 | L12: =AVERAGE(G7:G11) -> 0.012806563 | M12: =(L12-$G12)^2 -> 0.00029197183 | V12: =0.3*G11+0.7*V11 -> 0.013138998 | W12: =(V12-$G12)^2 -> 0.00028072161 | X12: =0.4*G11+0.6*X11 -> 0.013699833 | Y12: =(X12-$G12)^2 -> 0.00026224284
F13: 1967 | G13: 0.027845502 | H13: =AVERAGE(G10:G12) -> 0.019633856 | I13: =(H13-$G13)^2 -> 6.7431132e-05 | J13: =AVERAGE(G9:G12) -> 0.017865542 | K13: =(J13-$G13)^2 -> 9.9599608e-05 | L13: =AVERAGE(G8:G12) -> 0.016644588 | M13: =(L13-$G13)^2 -> 0.00012546048 | V13: =0.3*G12+0.7*V12 -> 0.018165422 | W13: =(V13-$G13)^2 -> 9.3703951e-05 | X13: =0.4*G12+0.6*X12 -> 0.020177398 | Y13: =(X13-$G13)^2 -> 5.8799823e-05
F14: 1968 | G14: 0.042446941 | H14: =AVERAGE(G11:G13) -> 0.024508726 | I14: =(H14-$G14)^2 -> 0.00032177956 | J14: =AVERAGE(G10:G13) -> 0.021686768 | K14: =(J14-$G14)^2 -> 0.00043098481 | L14: =AVERAGE(G9:G13) -> 0.019861534 | M14: =(L14-$G14)^2 -> 0.00051010062 | N14: =AVERAGE(G7:G13) -> 0.017396009 | O14: =(N14-$G14)^2 -> 0.0006275492 | V14: =0.3*G13+0.7*V13 -> 0.021069446 | W14: =(V14-$G14)^2 -> 0.00045699729 | X14: =0.4*G13+0.6*X13 -> 0.02324464 | Y14: =(X14-$G14)^2 -> 0.00036872838
F15: 1969 | G15: 0.054371257 | H15: =AVERAGE(G12:G14) -> 0.033395397 | I15: =(H15-$G15)^2 -> 0.00043998674 | J15: =AVERAGE(G11:G14) -> 0.02899328 | K15: =(J15-$G15)^2 -> 0.00064404174 | L15: =AVERAGE(G10:G14) -> 0.025838802 | M15: =(L15-$G15)^2 -> 0.00081410099 | N15: =AVERAGE(G8:G14) -> 0.021930769 | O15: =(N15-$G15)^2 -> 0.0010523853 | V15: =0.3*G14+0.7*V14 -> 0.027482695 | W15: =(V15-$G15)^2 -> 0.0007229948 | X15: =0.4*G14+0.6*X14 -> 0.03092556 | Y15: =(X15-$G15)^2 -> 0.00054970071
F16: 1970 | G16: 0.058836892 | H16: =AVERAGE(G13:G15) -> 0.041554567 | I16: =(H16-$G16)^2 -> 0.00029867877 | J16: =AVERAGE(G12:G15) -> 0.038639362 | K16: =(J16-$G16)^2 -> 0.00040794024 | L16: =AVERAGE(G11:G15) -> 0.034068876 | M16: =(L16-$G16)^2 -> 0.00061345466 | N16: =AVERAGE(G9:G15) -> 0.028017981 | O16: =(N16-$G16)^2 -> 0.00094980527 | V16: =0.3*G15+0.7*V15 -> 0.035549264 | W16: =(V16-$G16)^2 -> 0.00054231365 | X16: =0.4*G15+0.6*X15 -> 0.040303839 | Y16: =(X16-$G16)^2 -> 0.00034347406
F17: 1971 | G17: 0.042265608 | H17: =AVERAGE(G14:G16) -> 0.05188503 | I17: =(H17-$G17)^2 -> 9.2533282e-05 | J17: =AVERAGE(G13:G16) -> 0.045875148 | K17: =(J17-$G17)^2 -> 1.302878e-05 | L17: =AVERAGE(G12:G16) -> 0.042678868 | M17: =(L17-$G17)^2 -> 1.7078361e-07 | N17: =AVERAGE(G10:G16) -> 0.03462888 | O17: =(N17-$G17)^2 -> 5.8319613e-05 | P17: =AVERAGE(G7:G16) -> 0.027742716 | Q17: =(P17-$G17)^2 -> 0.00021091441 | V17: =0.3*G16+0.7*V16 -> 0.042535552 | W17: =(V17-$G17)^2 -> 7.2869753e-08 | X17: =0.4*G16+0.6*X16 -> 0.04771706 | Y17: =(X17-$G17)^2 -> 2.9718332e-05
F18: 1972 | G18: 0.032729518 | H18: =AVERAGE(G15:G17) -> 0.051824586 | I18: =(H18-$G18)^2 -> 0.00036462161 | J18: =AVERAGE(G14:G17) -> 0.049480175 | K18: =(J18-$G18)^2 -> 0.00028058449 | L18: =AVERAGE(G13:G17) -> 0.04515324 | M18: =(L18-$G18)^2 -> 0.00015434887 | N18: =AVERAGE(G11:G17) -> 0.038778125 | O18: =(N18-$G18)^2 -> 3.6585648e-05 | P18: =AVERAGE(G8:G17) -> 0.030898914 | Q18: =(P18-$G18)^2 -> 3.3511117e-06 | V18: =0.3*G17+0.7*V17 -> 0.042454569 | W18: =(V18-$G18)^2 -> 9.4576611e-05 | X18: =0.4*G17+0.6*X17 -> 0.04553648 | Y18: =(X18-$G18)^2 -> 0.00016401826
F19: 1973 | G19: 0.062587204 | H19: =AVERAGE(G16:G18) -> 0.044610673 | I19: =(H19-$G19)^2 -> 0.00032315565 | J19: =AVERAGE(G15:G18) -> 0.047050819 | K19: =(J19-$G19)^2 -> 0.00024137924 | L19: =AVERAGE(G14:G18) -> 0.046130044 | M19: =(L19-$G19)^2 -> 0.00027083811 | N19: =AVERAGE(G12:G18) -> 0.041198495 | O19: =(N19-$G19)^2 -> 0.00045747684 | P19: =AVERAGE(G9:G18) -> 0.032995789 | Q19: =(P19-$G19)^2 -> 0.00087565182 | V19: =0.3*G18+0.7*V18 -> 0.039537054 | W19: =(V19-$G19)^2 -> 0.0005313094 | X19: =0.4*G18+0.6*X18 -> 0.040413695 | Y19: =(X19-$G19)^2 -> 0.00049166448
B20: Year | C20: Forecast | F20: 1974 | G20: 0.11011067 | H20: =AVERAGE(G17:G19) -> 0.045860777 | I20: =(H20-$G20)^2 -> 0.0041280492 | J20: =AVERAGE(G16:G19) -> 0.049104806 | K20: =(J20-$G20)^2 -> 0.0037217159 | L20: =AVERAGE(G15:G19) -> 0.050158096 | M20: =(L20-$G20)^2 -> 0.0035943115 | N20: =AVERAGE(G13:G19) -> 0.045868989 | O20: =(N20-$G20)^2 -> 0.004126994 | P20: =AVERAGE(G10:G19) -> 0.037998449 | Q20: =(P20-$G20)^2 -> 0.0052001729 | V20: =0.3*G19+0.7*V19 -> 0.046452099 | W20: =(V20-$G20)^2 -> 0.0040524141 | X20: =0.4*G19+0.6*X19 -> 0.049283098 | Y20: =(X20-$G20)^2 -> 0.0036999939
B21: 2024 | C21: =X70 -> 0.046293447 | F21: 1975 | G21: 0.091416019 | H21: =AVERAGE(G18:G20) -> 0.068475798 | I21: =(H21-$G21)^2 -> 0.00052625372 | J21: =AVERAGE(G17:G20) -> 0.061923251 | K21: =(J21-$G21)^2 -> 0.00086982337 | L21: =AVERAGE(G16:G20) -> 0.061305979 | M21: =(L21-$G21)^2 -> 0.00090661449 | N21: =AVERAGE(G14:G20) -> 0.057621156 | O21: =(N21-$G21)^2 -> 0.0011420927 | P21: =AVERAGE(G11:G20) -> 0.047687427 | Q21: =(P21-$G21)^2 -> 0.0019121897 | V21: =0.3*G20+0.7*V20 -> 0.065549671 | W21: =(V21-$G21)^2 -> 0.00066906795 | X21: =0.4*G20+0.6*X20 -> 0.073614128 | Y21: =(X21-$G21)^2 -> 0.0003169073
B22: 2025 | C22: =X71 -> 0.046293447 | F22: 1976 | G22: 0.057748878 | H22: =AVERAGE(G19:G21) -> 0.088037965 | I22: =(H22-$G22)^2 -> 0.00091742884 | J22: =AVERAGE(G18:G21) -> 0.074210854 | K22: =(J22-$G22)^2 -> 0.00027099665 | L22: =AVERAGE(G17:G21) -> 0.067821804 | M22: =(L22-$G22)^2 -> 0.00010146386 | N22: =AVERAGE(G15:G21) -> 0.064616739 | O22: =(N22-$G22)^2 -> 4.716752e-05 | P22: =AVERAGE(G12:G21) -> 0.055250336 | Q22: =(P22-$G22)^2 -> 6.2427087e-06 | R22: =AVERAGE(G7:G21) -> 0.041102412 | S22: =(R22-$G22)^2 -> 0.00027710482 | V22: =0.3*G21+0.7*V21 -> 0.073309575 | W22: =(V22-$G22)^2 -> 0.00024213532 | X22: =0.4*G21+0.6*X21 -> 0.080734885 | Y22: =(X22-$G22)^2 -> 0.00052835652
B23: 2026 | C23: =X72 -> 0.046293447 | F23: 1977 | G23: 0.06469555 | H23: =AVERAGE(G20:G22) -> 0.08642519 | I23: =(H23-$G23)^2 -> 0.00047217724 | J23: =AVERAGE(G19:G22) -> 0.080465693 | K23: =(J23-$G23)^2 -> 0.00024869741 | L23: =AVERAGE(G18:G22) -> 0.070918458 | M23: =(L23-$G23)^2 -> 3.8724584e-05 | N23: =AVERAGE(G16:G22) -> 0.065099256 | O23: =(N23-$G23)^2 -> 1.6297828e-07 | P23: =AVERAGE(G13:G22) -> 0.058035849 | Q23: =(P23-$G23)^2 -> 4.4351617e-05 | R23: =AVERAGE(G8:G22) -> 0.044238762 | S23: =(R23-$G23)^2 -> 0.00041848018 | V23: =0.3*G22+0.7*V22 -> 0.068641366 | W23: =(V23-$G23)^2 -> 1.5569462e-05 | X23: =0.4*G22+0.6*X22 -> 0.071540482 | Y23: =(X23-$G23)^2 -> 4.6853086e-05
F24: 1978 | G24: 0.076299148 | H24: =AVERAGE(G21:G23) -> 0.071286816 | I24: =(H24-$G24)^2 -> 2.5123473e-05 | J24: =AVERAGE(G20:G23) -> 0.08099278 | K24: =(J24-$G24)^2 -> 2.2030185e-05 | L24: =AVERAGE(G19:G23) -> 0.077311665 | M24: =(L24-$G24)^2 -> 1.0251909e-06 | N24: =AVERAGE(G17:G23) -> 0.065936207 | O24: =(N24-$G24)^2 -> 0.00010739054 | P24: =AVERAGE(G14:G23) -> 0.061720854 | Q24: =(P24-$G24)^2 -> 0.00021252664 | R24: =AVERAGE(G9:G23) -> 0.047767747 | S24: =(R24-$G24)^2 -> 0.0008140408 | V24: =0.3*G23+0.7*V23 -> 0.067457621 | W24: =(V24-$G24)^2 -> 7.8172587e-05 | X24: =0.4*G23+0.6*X23 -> 0.068802509 | Y24: =(X24-$G24)^2 -> 5.6199588e-05
F25: 1979 | G25: 0.11253034 | H25: =AVERAGE(G22:G24) -> 0.066247859 | I25: =(H25-$G25)^2 -> 0.0021420677 | J25: =AVERAGE(G21:G24) -> 0.072539899 | K25: =(J25-$G25)^2 -> 0.0015992351 | L25: =AVERAGE(G20:G24) -> 0.080054054 | M25: =(L25-$G25)^2 -> 0.0010547089 | N25: =AVERAGE(G18:G24) -> 0.070798141 | O25: =(N25-$G25)^2 -> 0.0017415761 | P25: =AVERAGE(G15:G24) -> 0.065106075 | Q25: =(P25-$G25)^2 -> 0.0022490605 | R25: =AVERAGE(G10:G24) -> 0.052016984 | S25: =(R25-$G25)^2 -> 0.0036618658 | V25: =0.3*G24+0.7*V24 -> 0.070110079 | W25: =(V25-$G25)^2 -> 0.0017994782 | X25: =0.4*G24+0.6*X24 -> 0.071801165 | Y25: =(X25-$G25)^2 -> 0.0016588654
F26: 1980 | G26: 0.13501722 | H26: =AVERAGE(G23:G25) -> 0.084508345 | I26: =(H26-$G26)^2 -> 0.0025511466 | J26: =AVERAGE(G22:G25) -> 0.077818478 | K26: =(J26-$G26)^2 -> 0.0032716963 | L26: =AVERAGE(G21:G25) -> 0.080537986 | M26: =(L26-$G26)^2 -> 0.0029679871 | N26: =AVERAGE(G19:G25) -> 0.082198258 | O26: =(N26-$G26)^2 -> 0.0027898429 | P26: =AVERAGE(G16:G25) -> 0.070921983 | Q26: =(P26-$G26)^2 -> 0.0041081997 | R26: =AVERAGE(G11:G25) -> 0.058637614 | S26: =(R26-$G26)^2 -> 0.0058338445 | V26: =0.3*G25+0.7*V25 -> 0.082836156 | W26: =(V26-$G26)^2 -> 0.0027228636 | X26: =0.4*G25+0.6*X25 -> 0.088092833 | Y26: =(X26-$G26)^2 -> 0.0022018982
F27: 1981 | G27: 0.10378313 | H27: =AVERAGE(G24:G26) -> 0.1079489 | I27: =(H27-$G27)^2 -> 1.7353674e-05 | J27: =AVERAGE(G23:G26) -> 0.097135564 | K27: =(J27-$G27)^2 -> 4.4190104e-05 | L27: =AVERAGE(G22:G26) -> 0.089258227 | M27: =(L27-$G27)^2 -> 0.00021097275 | N27: =AVERAGE(G20:G26) -> 0.092545404 | O27: =(N27-$G27)^2 -> 0.00012628644 | P27: =AVERAGE(G17:G26) -> 0.078540016 | Q27: =(P27-$G27)^2 -> 0.00063721471 | R27: =AVERAGE(G12:G26) -> 0.0665863 | S27: =(R27-$G27)^2 -> 0.001383604 | T27: =AVERAGE(G7:G26) -> 0.053141366 | U27: =(T27-$G27)^2 -> 0.0025645881 | V27: =0.3*G26+0.7*V26 -> 0.098490476 | W27: =(V27-$G27)^2 -> 2.8012163e-05 | X27: =0.4*G26+0.6*X26 -> 0.10686259 | Y27: =(X27-$G27)^2 -> 9.4830792e-06
F28: 1982 | G28: 0.061583578 | H28: =AVERAGE(G25:G27) -> 0.11711023 | I28: =(H28-$G28)^2 -> 0.0030832089 | J28: =AVERAGE(G24:G27) -> 0.10690746 | K28: =(J28-$G28)^2 -> 0.0020542541 | L28: =AVERAGE(G23:G27) -> 0.098465077 | M28: =(L28-$G28)^2 -> 0.001360245 | N28: =AVERAGE(G21:G27) -> 0.091641469 | O28: =(N28-$G28)^2 -> 0.0009034768 | P28: =AVERAGE(G18:G27) -> 0.084691767 | Q28: =(P28-$G28)^2 -> 0.00053398843 | R28: =AVERAGE(G13:G27) -> 0.071512258 | S28: =(R28-$G28)^2 -> 9.8578701e-05 | T28: =AVERAGE(G8:G27) -> 0.057795341 | U28: =(T28-$G28)^2 -> 1.4350739e-05 | V28: =0.3*G27+0.7*V27 -> 0.10007827 | W28: =(V28-$G28)^2 -> 0.0014818414 | X28: =0.4*G27+0.6*X27 -> 0.1056308 | Y28: =(X28-$G28)^2 -> 0.0019401582
F29: 1983 | G29: 0.031595304 | H29: =AVERAGE(G26:G28) -> 0.10012798 | I29: =(H29-$G29)^2 -> 0.0046967271 | J29: =AVERAGE(G25:G28) -> 0.10322857 | K29: =(J29-$G29)^2 -> 0.0051313242 | L29: =AVERAGE(G24:G28) -> 0.097842682 | M29: =(L29-$G29)^2 -> 0.0043887151 | N29: =AVERAGE(G22:G28) -> 0.087379691 | O29: =(N29-$G29)^2 -> 0.0031118979 | P29: =AVERAGE(G19:G28) -> 0.087577173 | Q29: =(P29-$G29)^2 -> 0.0031339697 | R29: =AVERAGE(G14:G28) -> 0.073761463 | S29: =(R29-$G29)^2 -> 0.001777985 | T29: =AVERAGE(G9:G28) -> 0.060286481 | U29: =(T29-$G29)^2 -> 0.00082318365 | V29: =0.3*G28+0.7*V28 -> 0.088529863 | W29: =(V29-$G29)^2 -> 0.0032415441 | X29: =0.4*G28+0.6*X28 -> 0.088011914 | Y29: =(X29-$G29)^2 -> 0.0031828339
F30: 1984 | G30: 0.043682008 | H30: =AVERAGE(G27:G29) -> 0.065654003 | I30: =(H30-$G30)^2 -> 0.00048276855 | J30: =AVERAGE(G26:G29) -> 0.082994808 | K30: =(J30-$G30)^2 -> 0.0015454962 | L30: =AVERAGE(G25:G29) -> 0.088901913 | M30: =(L30-$G30)^2 -> 0.0020448398 | N30: =AVERAGE(G23:G29) -> 0.083643466 | O30: =(N30-$G30)^2 -> 0.0015969181 | P30: =AVERAGE(G20:G29) -> 0.084477983 | Q30: =(P30-$G30)^2 -> 0.0016643116 | R30: =AVERAGE(G15:G29) -> 0.073038021 | S30: =(R30-$G30)^2 -> 0.00086177548 | T30: =AVERAGE(G10:G29) -> 0.061238216 | U30: =(T30-$G30)^2 -> 0.00030822044 | V30: =0.3*G29+0.7*V29 -> 0.071449495 | W30: =(V30-$G30)^2 -> 0.00077103334 | X30: =0.4*G29+0.6*X29 -> 0.06544527 | Y30: =(X30-$G30)^2 -> 0.00047363954
F31: 1985 | G31: 0.035279025 | H31: =AVERAGE(G28:G30) -> 0.045620297 | I31: =(H31-$G31)^2 -> 0.0001069419 | J31: =AVERAGE(G27:G30) -> 0.060161004 | K31: =(J31-$G31)^2 -> 0.0006191129 | L31: =AVERAGE(G26:G30) -> 0.075132248 | M31: =(L31-$G31)^2 -> 0.0015882794 | N31: =AVERAGE(G24:G30) -> 0.080641532 | O31: =(N31-$G31)^2 -> 0.002057757 | P31: =AVERAGE(G21:G30) -> 0.077835117 | Q31: =(P31-$G31)^2 -> 0.001811021 | R31: =AVERAGE(G16:G30) -> 0.072325404 | S31: =(R31-$G31)^2 -> 0.0013724342 | T31: =AVERAGE(G11:G30) -> 0.062761272 | U31: =(T31-$G31)^2 -> 0.00075527391 | V31: =0.3*G30+0.7*V30 -> 0.063119249 | W31: =(V31-$G31)^2 -> 0.00077507809 | X31: =0.4*G30+0.6*X30 -> 0.056739965 | Y31: =(X31-$G31)^2 -> 0.00046057195
F32: 1986 | G32: 0.019439281 | H32: =AVERAGE(G29:G31) -> 0.036852112 | I32: =(H32-$G32)^2 -> 0.00030320669 | J32: =AVERAGE(G28:G31) -> 0.043034979 | K32: =(J32-$G32)^2 -> 0.00055675694 | L32: =AVERAGE(G27:G31) -> 0.055184609 | M32: =(L32-$G32)^2 -> 0.0012777284 | N32: =AVERAGE(G25:G31) -> 0.074781514 | O32: =(N32-$G32)^2 -> 0.0030627628 | P32: =AVERAGE(G22:G31) -> 0.072221418 | Q32: =(P32-$G32)^2 -> 0.0027859539 | R32: =AVERAGE(G17:G31) -> 0.07075488 | S32: =(R32-$G32)^2 -> 0.0026332907 | T32: =AVERAGE(G12:G31) -> 0.063735877 | U32: =(T32-$G32)^2 -> 0.0019621884 | V32: =0.3*G31+0.7*V31 -> 0.054767182 | W32: =(V32-$G32)^2 -> 0.0012480606 | X32: =0.4*G31+0.6*X31 -> 0.048155589 | Y32: =(X32-$G32)^2 -> 0.00082462633
F33: 1987 | G33: 0.035782117 | H33: =AVERAGE(G30:G32) -> 0.032800105 | I33: =(H33-$G33)^2 -> 8.8923935e-06 | J33: =AVERAGE(G29:G32) -> 0.032498905 | K33: =(J33-$G33)^2 -> 1.077948e-05 | L33: =AVERAGE(G28:G32) -> 0.038315839 | M33: =(L33-$G33)^2 -> 6.4197508e-06 | N33: =AVERAGE(G26:G32) -> 0.061482792 | O33: =(N33-$G33)^2 -> 0.00066052473 | P33: =AVERAGE(G23:G32) -> 0.068390458 | Q33: =(P33-$G33)^2 -> 0.0010633039 | R33: =AVERAGE(G18:G32) -> 0.069233125 | S33: =(R33-$G33)^2 -> 0.0011189699 | T33: =AVERAGE(G13:G32) -> 0.063213154 | U33: =(T33-$G33)^2 -> 0.0007524618 | V33: =0.3*G32+0.7*V32 -> 0.044168812 | W33: =(V33-$G33)^2 -> 7.0336658e-05 | X33: =0.4*G32+0.6*X32 -> 0.036669066 | Y33: =(X33-$G33)^2 -> 7.8667931e-07
F34: 1988 | G34: 0.04100044 | H34: =AVERAGE(G31:G33) -> 0.030166808 | I34: =(H34-$G34)^2 -> 0.00011736759 | J34: =AVERAGE(G30:G33) -> 0.033545608 | K34: =(J34-$G34)^2 -> 5.5574524e-05 | L34: =AVERAGE(G29:G33) -> 0.033155547 | M34: =(L34-$G34)^2 -> 6.1542347e-05 | N34: =AVERAGE(G27:G33) -> 0.047306349 | O34: =(N34-$G34)^2 -> 3.9764483e-05 | P34: =AVERAGE(G24:G33) -> 0.065499115 | Q34: =(P34-$G34)^2 -> 0.00060018505 | R34: =AVERAGE(G19:G33) -> 0.069436631 | S34: =(R34-$G34)^2 -> 0.00080861697 | T34: =AVERAGE(G14:G33) -> 0.063609984 | U34: =(T34-$G34)^2 -> 0.00051119149 | V34: =0.3*G33+0.7*V33 -> 0.041652803 | W34: =(V34-$G34)^2 -> 4.2557769e-07 | X34: =0.4*G33+0.6*X33 -> 0.036314286 | Y34: =(X34-$G34)^2 -> 2.1960038e-05
F35: 1989 | G35: 0.047910942 | H35: =AVERAGE(G32:G34) -> 0.032073946 | I35: =(H35-$G35)^2 -> 0.00025081044 | J35: =AVERAGE(G31:G34) -> 0.032875216 | K35: =(J35-$G35)^2 -> 0.00022607306 | L35: =AVERAGE(G30:G34) -> 0.035036574 | M35: =(L35-$G35)^2 -> 0.00016574935 | N35: =AVERAGE(G28:G34) -> 0.038337393 | O35: =(N35-$G35)^2 -> 9.1652836e-05 | P35: =AVERAGE(G25:G34) -> 0.061969244 | Q35: =(P35-$G35)^2 -> 0.00019763585 | R35: =AVERAGE(G20:G34) -> 0.067997514 | S35: =(R35-$G35)^2 -> 0.00040347036 | T35: =AVERAGE(G15:G34) -> 0.063537659 | U35: =(T35-$G35)^2 -> 0.00024419429 | V35: =0.3*G34+0.7*V34 -> 0.041457094 | W35: =(V35-$G35)^2 -> 4.1652151e-05 | X35: =0.4*G34+0.6*X34 -> 0.038188748 | Y35: =(X35-$G35)^2 -> 9.4521061e-05
F36: 1990 | G36: 0.05419216 | H36: =AVERAGE(G33:G35) -> 0.0415645 | I36: =(H36-$G36)^2 -> 0.00015945782 | J36: =AVERAGE(G32:G35) -> 0.036033195 | K36: =(J36-$G36)^2 -> 0.00032974802 | L36: =AVERAGE(G31:G35) -> 0.035882361 | M36: =(L36-$G36)^2 -> 0.00033524875 | N36: =AVERAGE(G29:G35) -> 0.03638416 | O36: =(N36-$G36)^2 -> 0.00031712489 | P36: =AVERAGE(G26:G35) -> 0.055507304 | Q36: =(P36-$G36)^2 -> 1.7296041e-06 | R36: =AVERAGE(G21:G35) -> 0.063850865 | S36: =(R36-$G36)^2 -> 9.3290576e-05 | T36: =AVERAGE(G16:G35) -> 0.063214644 | U36: =(T36-$G36)^2 -> 8.1405204e-05 | V36: =0.3*G35+0.7*V35 -> 0.043393249 | W36: =(V36-$G36)^2 -> 0.00011661649 | X36: =0.4*G35+0.6*X35 -> 0.042077625 | Y36: =(X36-$G36)^2 -> 0.00014676195
F37: 1991 | G37: 0.042158301 | H37: =AVERAGE(G34:G36) -> 0.047701181 | I37: =(H37-$G37)^2 -> 3.0723517e-05 | J37: =AVERAGE(G33:G36) -> 0.044721415 | K37: =(J37-$G37)^2 -> 6.5695524e-06 | L37: =AVERAGE(G32:G36) -> 0.039664988 | M37: =(L37-$G37)^2 -> 6.2166091e-06 | N37: =AVERAGE(G30:G36) -> 0.039612282 | O37: =(N37-$G37)^2 -> 6.4822126e-06 | P37: =AVERAGE(G27:G36) -> 0.047424798 | Q37: =(P37-$G37)^2 -> 2.7735995e-05 | R37: =AVERAGE(G22:G36) -> 0.061369274 | S37: =(R37-$G37)^2 -> 0.0003690615 | T37: =AVERAGE(G17:G36) -> 0.062982407 | U37: =(T37-$G37)^2 -> 0.00043364339 | V37: =0.3*G36+0.7*V36 -> 0.046632922 | W37: =(V37-$G37)^2 -> 2.0022235e-05 | X37: =0.4*G36+0.6*X36 -> 0.046923439 | Y37: =(X37-$G37)^2 -> 2.2706545e-05
F38: 1992 | G38: 0.030416157 | H38: =AVERAGE(G35:G37) -> 0.048087134 | I38: =(H38-$G38)^2 -> 0.00031226345 | J38: =AVERAGE(G34:G37) -> 0.046315461 | K38: =(J38-$G38)^2 -> 0.00025278787 | L38: =AVERAGE(G33:G37) -> 0.044208792 | M38: =(L38-$G38)^2 -> 0.00019023679 | N38: =AVERAGE(G31:G37) -> 0.039394609 | O38: =(N38-$G38)^2 -> 8.0612614e-05 | P38: =AVERAGE(G28:G37) -> 0.041262316 | Q38: =(P38-$G38)^2 -> 0.00011763916 | R38: =AVERAGE(G23:G37) -> 0.060329903 | S38: =(R38-$G38)^2 -> 0.0008948322 | T38: =AVERAGE(G18:G37) -> 0.062977042 | U38: =(T38-$G38)^2 -> 0.0010602112 | V38: =0.3*G37+0.7*V37 -> 0.045290536 | W38: =(V38-$G38)^2 -> 0.00022124715 | X38: =0.4*G37+0.6*X37 -> 0.045017384 | Y38: =(X38-$G38)^2 -> 0.00021319584
... F69: 2023 | G69: 0.042186608 | H69: =AVERAGE(G66:G68) -> 0.046401071 | I69: =(H69-$G69)^2 -> 1.7761696e-05 | J69: =AVERAGE(G65:G68) -> 0.039333037 | K69: =(J69-$G69)^2 -> 8.1428673e-06 | L69: =AVERAGE(G64:G68) -> 0.036344428 | M69: =(L69-$G69)^2 -> 3.4131059e-05 | N69: =AVERAGE(G62:G68) -> 0.030815742 | O69: =(N69-$G69)^2 -> 0.00012929658 | P69: =AVERAGE(G59:G68) -> 0.024773592 | Q69: =(P69-$G69)^2 -> 0.00030321313 | R69: =AVERAGE(G54:G68) -> 0.023411734 | S69: =(R69-$G69)^2 -> 0.0003524959 | T69: =AVERAGE(G49:G68) -> 0.024770821 | U69: =(T69-$G69)^2 -> 0.00030330964 | V69: =0.3*G68+0.7*V68 -> 0.041897923 | W69: =(V69-$G69)^2 -> 8.3339059e-08 | X69: =0.4*G68+0.6*X68 -> 0.04903134 | Y69: =(X69-$G69)^2 -> 4.6850356e-05
X70: =0.4*G69+0.6*X69 -> 0.046293447
F71: REGRESSION SUMMARY OUTPUT: insignificant dependency -> using Moving Average or Exponential Smoothing instead of Linear Regression | X71: =0.4*C21+0.6*X70 -> 0.046293447
X72: =0.4*C22+0.6*X71 -> 0.046293447
F73: Regression Statistics
F74: Multiple R | G74: 0.30038706
F75: R Square | G75: 0.090232385
F76: Adjusted R Square | G76: 0.075318161
F77: Standard Error | G77: 0.02659341
F78: Observations | G78: 63
F80: ANOVA
G81: df | H81: SS | I81: MS | J81: F | K81: Significance F
F82: Regression | G82: 1 | H82: 0.0042786804 | I82: 0.0042786804 | J82: 6.0500895 | K82: 0.016755395
F83: Residual | G83: 61 | H83: 0.043139776 | I83: 0.00070720944
F84: Total | G84: 62 | H84: 0.047418457
G86: Coefficients | H86: Standard Error | I86: t Stat | J86: P-value | K86: Lower 95% | L86: Upper 95% | M86: Lower 95.0% | N86: Upper 95.0%
F87: Intercept | G87: 0.94085111 | H87: 0.36704218 | I87: 2.5633324 | J87: 0.012848805 | K87: 0.20690492 | L87: 1.6747973 | M87: 0.20690492 | N87: 1.6747973
F88: X Variable 1 | G88: -0.00045319952 | H88: 0.00018425044 | I88: -2.459693 | J88: 0.016755395 | K88: -0.00082163105 | L88: -8.4767986e-05 | M88: -0.00082163105 | N88: -8.4767986e-05

Sheet Calc. WACC
D2: Capital Assets Pricing Model (CAPM)
M3: =IF(N5=MIN($N$5,$P$5,$R$5,$T$5,$V$5,$X$5,$Z$5,$AB$5,$AD$5),"⯆","-") -> - | O3: =IF(P5=MIN($N$5,$P$5,$R$5,$T$5,$V$5,$X$5,$Z$5,$AB$5,$AD$5),"⯆","-") -> - | Q3: =IF(R5=MIN($N$5,$P$5,$R$5,$T$5,$V$5,$X$5,$Z$5,$AB$5,$AD$5),"⯆","-") -> - | S3: =IF(T5=MIN($N$5,$P$5,$R$5,$T$5,$V$5,$X$5,$Z$5,$AB$5,$AD$5),"⯆","-") -> - | U3: =IF(V5=MIN($N$5,$P$5,$R$5,$T$5,$V$5,$X$5,$Z$5,$AB$5,$AD$5),"⯆","-") -> - | W3: =IF(X5=MIN($N$5,$P$5,$R$5,$T$5,$V$5,$X$5,$Z$5,$AB$5,$AD$5),"⯆","-") -> ⯆ | Y3: =IF(Z5=MIN($N$5,$P$5,$R$5,$T$5,$V$5,$X$5,$Z$5,$AB$5,$AD$5),"⯆","-") -> - | AA3: =IF(AB5=MIN($N$5,$P$5,$R$5,$T$5,$V$5,$X$5,$Z$5,$AB$5,$AD$5),"⯆","-") -> - | AC3: =IF(AD5=MIN($N$5,$P$5,$R$5,$T$5,$V$5,$X$5,$Z$5,$AB$5,$AD$5),"⯆","-") -> -
B4: Metric | C4: 2024 | D4: 2025 | E4: 2026 | F4: 2027+ | G4: Comment | H4: Source | J4: Year | K4: Value | L4: % Change | M4: Mov. AVG 3 | N4: MSE | O4: Mov. AVG 4 | P4: MSE | Q4: Mov. AVG 5 | R4: MSE | S4: Mov. AVG 7 | T4: MSE | U4: Mov. AVG 10 | V4: MSE | W4: Mov. AVG 15 | X4: MSE | Y4: Mov. AVG 20 | Z4: MSE | AA4: Exp. Sm. a = .3 | AB4: MSE | AC4: Exp. Sm. a = .4 | AD4: MSE
B5: Risk-Free Rate (Rf) | C5: 0.05405 | D5: 0.05058 | E5: 0.04817 | F5: 0.05002 | G5: U.S. Treasuries | H5: CNBC | N5: =AVERAGE(N9:N101) -> 0.047044425 | P5: =AVERAGE(P10:P101) -> 0.043910309 | R5: =AVERAGE(R11:R101) -> 0.044935064 | T5: =AVERAGE(T13:T101) -> 0.035955343 | V5: =AVERAGE(V16:V101) -> 0.028737148 | X5: =AVERAGE(X21:X101) -> 0.026004495 | Z5: =AVERAGE(Z21:Z101) -> 0.026563255 | AB5: =AVERAGE(AB8:AB101) -> 0.042504429 | AD5: =AVERAGE(AD8:AD101) -> 0.045325074
B6: Market Return (Rm) | C6: =G37 -> 0.098685946 | D6: =G38 -> 0.096994787 | E6: =G39 -> 0.11002739 | F6: =G40 -> 0.11212413 | G6: S&P 500 Yield | H6: MacroTrends | J6: 1928 | K6: 24.35 | L6: -
B7: Beta Unlevered (β_u) | C7: 1.41 | D7: 1.41 | E7: 1.41 | F7: 1.41 | G7: Software (System & Application) | H7: NY University | J7: 1929 | K7: 21.45 | L7: =(K7-K6)/K6 -> -0.11909651
B8: Tax Rate | C8: =21%+8.7% -> 0.297 | D8: =21%+8.7% -> 0.297 | E8: =21%+8.7% -> 0.297 | F8: =21%+8.7% -> 0.297 | G8: Federal CIT + State CIT | H8: PWC | J8: 1930 | K8: 15.34 | L8: =(K8-K7)/K7 -> -0.28484848 | AA8: =L7 -> -0.11909651 | AB8: =(AA8-$L8)^2 -> 0.027473717 | AC8: =L7 -> -0.11909651 | AD8: =(AC8-$L8)^2 -> 0.027473717
B9: Equity Share | C9: 1 | D9: 1 | E9: 1 | F9: 1 | J9: 1931 | K9: 8.12 | L9: =(K9-K8)/K8 -> -0.47066493 | M9: =AVERAGE(L6:L8) -> -0.2019725 | N9: =(M9-$L9)^2 -> 0.072195623 | AA9: =0.3*L8+0.7*AA8 -> -0.1688221 | AB9: =(AA9-$L9)^2 -> 0.091109092 | AC9: =0.4*L8+0.6*AC8 -> -0.1853973 | AD9: =(AC9-$L9)^2 -> 0.08137762
B10: Debt Share | C10: 0 | D10: 0 | E10: 0 | F10: 0 | J10: 1932 | K10: 6.89 | L10: =(K10-K9)/K9 -> -0.15147783 | M10: =AVERAGE(L7:L9) -> -0.29153664 | N10: =(M10-$L10)^2 -> 0.01961647 | O10: =AVERAGE(L6:L9) -> -0.29153664 | P10: =(O10-$L10)^2 -> 0.01961647 | AA10: =0.3*L9+0.7*AA9 -> -0.25937495 | AB10: =(AA10-$L10)^2 -> 0.011641788 | AC10: =0.4*L9+0.6*AC9 -> -0.29950435 | AD10: =(AC10-$L10)^2 -> 0.02191185
B11: Beta Levered (β_l) | C11: =C7*(1+(1-C8)*C10/C9) -> 1.41 | D11: =D7*(1+(1-D8)*D10/D9) -> 1.41 | E11: =E7*(1+(1-E8)*E10/E9) -> 1.41 | F11: =F7*(1+(1-F8)*F10/F9) -> 1.41 | J11: 1933 | K11: 10.1 | L11: =(K11-K10)/K10 -> 0.4658926 | M11: =AVERAGE(L8:L10) -> -0.30233042 | N11: =(M11-$L11)^2 -> 0.5901666 | O11: =AVERAGE(L7:L10) -> -0.25652194 | P11: =(O11-$L11)^2 -> 0.52188276 | Q11: =AVERAGE(L6:L10) -> -0.25652194 | R11: =(Q11-$L11)^2 -> 0.52188276 | AA11: =0.3*L10+0.7*AA10 -> -0.22700581 | AB11: =(AA11-$L11)^2 -> 0.48010821 | AC11: =0.4*L10+0.6*AC10 -> -0.24029374 | AD11: =(AC11-$L11)^2 -> 0.49869915
B12: Company Size Risk Premium | C12: 0.03 | D12: 0.03 | E12: 0.03 | F12: 0.03 | J12: 1934 | K12: 9.5 | L12: =(K12-K11)/K11 -> -0.059405941 | M12: =AVERAGE(L9:L11) -> -0.052083388 | N12: =(M12-$L12)^2 -> 5.3619782e-05 | O12: =AVERAGE(L8:L11) -> -0.11027466 | P12: =(O12-$L12)^2 -> 0.0025876268 | Q12: =AVERAGE(L7:L11) -> -0.11203903 | R12: =(Q12-$L12)^2 -> 0.0027702422 | AA12: =0.3*L11+0.7*AA11 -> -0.019136291 | AB12: =(AA12-$L12)^2 -> 0.0016216447 | AC12: =0.4*L11+0.6*AC11 -> 0.042180793 | AD12: =(AC12-$L12)^2 -> 0.010319864
B13: Industry-Specific Risk Premium | C13: 0.02 | D13: 0.02 | E13: 0.02 | F13: 0.02 | J13: 1935 | K13: 13.43 | L13: =(K13-K12)/K12 -> 0.41368421 | M13: =AVERAGE(L10:L12) -> 0.085002942 | N13: =(M13-$L13)^2 -> 0.10803138 | O13: =AVERAGE(L9:L12) -> -0.053914026 | P13: =(O13-$L13)^2 -> 0.21864811 | Q13: =AVERAGE(L8:L12) -> -0.10010092 | R13: =(Q13-$L13)^2 -> 0.26397516 | S13: =AVERAGE(L6:L12) -> -0.10326685 | T13: =(S13-$L13)^2 -> 0.2672384 | AA13: =0.3*L12+0.7*AA12 -> -0.031217186 | AB13: =(AA13-$L13)^2 -> 0.19793725 | AC13: =0.4*L12+0.6*AC12 -> 0.0015460996 | AD13: =(AC13-$L13)^2 -> 0.16985782
B14: Cost of Equity | C14: =C5+C11*(C6-C5)+C12+C13 -> 0.16698668 | D14: =D5+D11*(D6-D5)+D12+D13 -> 0.16602485 | E14: =E5+E11*(E6-E5)+E12+E13 -> 0.18538892 | F14: =F5+F11*(F6-F5)+F12+F13 -> 0.18758683 | J14: 1936 | K14: 17.18 | L14: =(K14-K13)/K13 -> 0.27922561 | M14: =AVERAGE(L11:L13) -> 0.27339029 | N14: =(M14-$L14)^2 -> 3.4051018e-05 | O14: =AVERAGE(L10:L13) -> 0.16717326 | P14: =(O14-$L14)^2 -> 0.01255573 | Q14: =AVERAGE(L9:L13) -> 0.039605621 | R14: =(Q14-$L14)^2 -> 0.057417741 | S14: =AVERAGE(L7:L13) -> -0.029416698 | T14: =(S14-$L14)^2 -> 0.095260077 | AA14: =0.3*L13+0.7*AA13 -> 0.10225323 | AB14: =(AA14-$L14)^2 -> 0.031319224 | AC14: =0.4*L13+0.6*AC13 -> 0.16640134 | AD14: =(AC14-$L14)^2 -> 0.012729316
B15: Cost of Debt | C15: 0 | D15: 0 | E15: 0 | F15: 0 | J15: 1937 | K15: 10.55 | L15: =(K15-K14)/K14 -> -0.38591385 | M15: =AVERAGE(L12:L14) -> 0.21116796 | N15: =(M15-$L15)^2 -> 0.35650669 | O15: =AVERAGE(L11:L14) -> 0.27484912 | P15: =(O15-$L15)^2 -> 0.43660771 | Q15: =AVERAGE(L10:L14) -> 0.18958373 | R15: =(Q15-$L15)^2 -> 0.33119747 | S15: =AVERAGE(L8:L14) -> 0.027486462 | T15: =(S15-$L15)^2 -> 0.17089982 | AA15: =0.3*L14+0.7*AA14 -> 0.15534495 | AB15: =(AA15-$L15)^2 -> 0.29296109 | AC15: =0.4*L14+0.6*AC14 -> 0.21153105 | AD15: =(AC15-$L15)^2 -> 0.35694042
B16: WACC | C16: =C9*C14+C10*C15*(1-C8) -> 0.16698668 | D16: =D9*D14+D10*D15*(1-D8) -> 0.16602485 | E16: =E9*E14+E10*E15*(1-E8) -> 0.18538892 | F16: =F9*F14+F10*F15*(1-F8) -> 0.18758683 | J16: 1938 | K16: 13.21 | L16: =(K16-K15)/K15 -> 0.2521327 | M16: =AVERAGE(L13:L15) -> 0.10233199 | N16: =(M16-$L16)^2 -> 0.022440253 | O16: =AVERAGE(L12:L15) -> 0.061897508 | P16: =(O16-$L16)^2 -> 0.036189429 | Q16: =AVERAGE(L11:L15) -> 0.14269653 | R16: =(Q16-$L16)^2 -> 0.011976277 | S16: =AVERAGE(L9:L15) -> 0.013048553 | T16: =(S16-$L16)^2 -> 0.05716123 | U16: =AVERAGE(L6:L15) -> -0.034733903 | V16: =(U16-$L16)^2 -> 0.082292449 | AA16: =0.3*L15+0.7*AA15 -> -0.0070326928 | AB16: =(AA16-$L16)^2 -> 0.067166702 | AC16: =0.4*L15+0.6*AC15 -> -0.02744691 | AD16: =(AC16-$L16)^2 -> 0.078164759
J17: 1939 | K17: 12.49 | L17: =(K17-K16)/K16 -> -0.054504164 | M17: =AVERAGE(L14:L16) -> 0.048481487 | N17: =(M17-$L17)^2 -> 0.010606044 | O17: =AVERAGE(L13:L16) -> 0.13978217 | P17: =(O17-$L17)^2 -> 0.037747179 | Q17: =AVERAGE(L12:L16) -> 0.099944546 | R17: =(Q17-$L17)^2 -> 0.023854404 | S17: =AVERAGE(L10:L16) -> 0.11630536 | T17: =(S17-$L17)^2 -> 0.029175892 | U17: =AVERAGE(L7:L16) -> -0.0060472425 | V17: =(U17-$L17)^2 -> 0.0023480732 | AA17: =0.3*L16+0.7*AA16 -> 0.070716925 | AB17: =(AA17-$L17)^2 -> 0.015680321 | AC17: =0.4*L16+0.6*AC16 -> 0.084384935 | AD17: =(AC17-$L17)^2 -> 0.019290182
J18: 1940 | K18: 10.58 | L18: =(K18-K17)/K17 -> -0.15292234 | M18: =AVERAGE(L15:L17) -> -0.062761772 | N18: =(M18-$L18)^2 -> 0.0081289277 | O18: =AVERAGE(L14:L17) -> 0.022735075 | P18: =(O18-$L18)^2 -> 0.030855527 | Q18: =AVERAGE(L13:L17) -> 0.1009249 | R18: =(Q18-$L18)^2 -> 0.064438421 | S18: =AVERAGE(L11:L17) -> 0.13015874 | T18: =(S18-$L18)^2 -> 0.080134896 | U18: =AVERAGE(L8:L17) -> 0.00041199211 | V18: =(U18-$L18)^2 -> 0.023511417 | AA18: =0.3*L17+0.7*AA17 -> 0.033150599 | AB18: =(AA18-$L18)^2 -> 0.034623138 | AC18: =0.4*L17+0.6*AC17 -> 0.028829295 | AD18: =(AC18-$L18)^2 -> 0.033033656
J19: 1941 | K19: 8.69 | L19: =(K19-K18)/K18 -> -0.17863894 | M19: =AVERAGE(L16:L18) -> 0.014902067 | N19: =(M19-$L19)^2 -> 0.037458122 | O19: =AVERAGE(L15:L18) -> -0.085301913 | P19: =(O19-$L19)^2 -> 0.0087118008 | Q19: =AVERAGE(L14:L18) -> -0.012396408 | R19: =(Q19-$L19)^2 -> 0.02763658 | S19: =AVERAGE(L12:L18) -> 0.041756604 | T19: =(S19-$L19)^2 -> 0.048574197 | U19: =AVERAGE(L9:L18) -> 0.013604607 | V19: =(U19-$L19)^2 -> 0.036957582 | AA19: =0.3*L18+0.7*AA18 -> -0.022671282 | AB19: =(AA19-$L19)^2 -> 0.024325911 | AC19: =0.4*L18+0.6*AC18 -> -0.043871358 | AD19: =(AC19-$L19)^2 -> 0.018162302
J20: 1942 | K20: 9.77 | L20: =(K20-K19)/K19 -> 0.12428078 | M20: =AVERAGE(L17:L19) -> -0.12868848 | N20: =(M20-$L20)^2 -> 0.063993448 | O20: =AVERAGE(L16:L19) -> -0.033483185 | P20: =(O20-$L20)^2 -> 0.02488947 | Q20: =AVERAGE(L15:L19) -> -0.10396932 | R20: =(Q20-$L20)^2 -> 0.052098109 | S20: =AVERAGE(L13:L19) -> 0.024723319 | T20: =(S20-$L20)^2 -> 0.0099116886 | U20: =AVERAGE(L10:L19) -> 0.042807206 | V20: =(U20-$L20)^2 -> 0.0066379438 | AA20: =0.3*L19+0.7*AA19 -> -0.06946158 | AB20: =(AA20-$L20)^2 -> 0.037536103 | AC20: =0.4*L19+0.6*AC19 -> -0.097778391 | AD20: =(AC20-$L20)^2 -> 0.049310277
J21: 1943 | K21: 11.67 | L21: =(K21-K20)/K20 -> 0.19447288 | M21: =AVERAGE(L18:L20) -> -0.069093499 | N21: =(M21-$L21)^2 -> 0.069467234 | O21: =AVERAGE(L17:L20) -> -0.065446165 | P21: =(O21-$L21)^2 -> 0.067557908 | Q21: =AVERAGE(L16:L20) -> -0.0019303918 | R21: =(Q21-$L21)^2 -> 0.038574244 | S21: =AVERAGE(L14:L20) -> -0.016620028 | T21: =(S21-$L21)^2 -> 0.044560214 | U21: =AVERAGE(L11:L20) -> 0.070383067 | V21: =(U21-$L21)^2 -> 0.015398281 | W21: =AVERAGE(L7:L21) -> -0.0085189472 | X21: =(W21-$L21)^2 -> 0.04120568 | AA21: =0.3*L20+0.7*AA20 -> -0.011338871 | AB21: =(AA21-$L21)^2 -> 0.042358475 | AC21: =0.4*L20+0.6*AC20 -> -0.0089547218 | AD21: =(AC21-$L21)^2 -> 0.041382788
J22: 1944 | K22: 13.28 | L22: =(K22-K21)/K21 -> 0.13796058 | M22: =AVERAGE(L19:L21) -> 0.046704906 | N22: =(M22-$L22)^2 -> 0.0083275986 | O22: =AVERAGE(L18:L21) -> -0.0032019052 | P22: =(O22-$L22)^2 -> 0.019926848 | Q22: =AVERAGE(L17:L21) -> -0.013462357 | R22: =(Q22-$L22)^2 -> 0.022928907 | S22: =AVERAGE(L15:L21) -> -0.028727562 | T22: =(S22-$L22)^2 -> 0.027784938 | U22: =AVERAGE(L12:L21) -> 0.043241095 | V22: =(U22-$L22)^2 -> 0.0089717814 | W22: =AVERAGE(L8:L22) -> 0.0086181922 | X22: =(W22-$L22)^2 -> 0.016729454 | AA22: =0.3*L21+0.7*AA21 -> 0.050404653 | AB22: =(AA22-$L22)^2 -> 0.0076660408 | AC22: =0.4*L21+0.6*AC21 -> 0.072416317 | AD22: =(AC22-$L22)^2 -> 0.0042960507
J23: 1945 | K23: 17.36 | L23: =(K23-K22)/K22 -> 0.30722892 | M23: =AVERAGE(L20:L22) -> 0.15223808 | N23: =(M23-$L23)^2 -> 0.024022159 | O23: =AVERAGE(L19:L22) -> 0.069518825 | P23: =(O23-$L23)^2 -> 0.056506087 | Q23: =AVERAGE(L18:L22) -> 0.025030592 | R23: =(Q23-$L23)^2 -> 0.079635894 | S23: =AVERAGE(L16:L22) -> 0.046111643 | T23: =(S23-$L23)^2 -> 0.06818223 | U23: =AVERAGE(L13:L22) -> 0.062977747 | V23: =(U23-$L23)^2 -> 0.059658633 | W23: =AVERAGE(L9:L23) -> 0.048090019 | X23: =(W23-$L23)^2 -> 0.067152968 | AA23: =0.3*L22+0.7*AA22 -> 0.076671432 | AB23: =(AA23-$L23)^2 -> 0.053156753 | AC23: =0.4*L22+0.6*AC22 -> 0.098634024 | AD23: =(AC23-$L23)^2 -> 0.043511829
J24: 1946 | K24: 15.3 | L24: =(K24-K23)/K23 -> -0.11866359 | M24: =AVERAGE(L21:L23) -> 0.21322079 | N24: =(M24-$L24)^2 -> 0.11014725 | O24: =AVERAGE(L20:L23) -> 0.19098579 | P24: =(O24-$L24)^2 -> 0.095882741 | Q24: =AVERAGE(L19:L23) -> 0.11706084 | R24: =(Q24-$L24)^2 -> 0.05556601 | S24: =AVERAGE(L17:L23) -> 0.053982531 | T24: =(S24-$L24)^2 -> 0.029806685 | U24: =AVERAGE(L14:L23) -> 0.052332218 | V24: =(U24-$L24)^2 -> 0.029239568 | W24: =AVERAGE(L10:L24) -> 0.071556775 | X24: =(W24-$L24)^2 -> 0.036183789 | AA24: =0.3*L23+0.7*AA23 -> 0.14583868 | AB24: =(AA24-$L24)^2 -> 0.069961452 | AC24: =0.4*L23+0.6*AC23 -> 0.18207198 | AD24: =(AC24-$L24)^2 -> 0.090441886
J25: 1947 | K25: 15.3 | L25: =(K25-K24)/K24 -> 0 | M25: =AVERAGE(L22:L24) -> 0.10884197 | N25: =(M25-$L25)^2 -> 0.011846574 | O25: =AVERAGE(L21:L24) -> 0.1302497 | P25: =(O25-$L25)^2 -> 0.016964983 | Q25: =AVERAGE(L20:L24) -> 0.12905591 | R25: =(Q25-$L25)^2 -> 0.016655429 | S25: =AVERAGE(L18:L24) -> 0.044816898 | T25: =(S25-$L25)^2 -> 0.0020085543 | U25: =AVERAGE(L15:L24) -> 0.012543297 | V25: =(U25-$L25)^2 -> 0.00015733429 | W25: =AVERAGE(L11:L25) -> 0.081655297 | X25: =(W25-$L25)^2 -> 0.0066675875 | AA25: =0.3*L24+0.7*AA24 -> 0.066487996 | AB25: =(AA25-$L25)^2 -> 0.0044206536 | AC25: =0.4*L24+0.6*AC24 -> 0.06177775 | AD25: =(AC25-$L25)^2 -> 0.0038164904
J26: 1948 | K26: 15.2 | L26: =(K26-K25)/K25 -> -0.0065359477 | M26: =AVERAGE(L23:L25) -> 0.062855107 | N26: =(M26-$L26)^2 -> 0.0048151185 | O26: =AVERAGE(L22:L25) -> 0.081631476 | P26: =(O26-$L26)^2 -> 0.0077734946 | Q26: =AVERAGE(L21:L25) -> 0.10419976 | R26: =(Q26-$L26)^2 -> 0.012262396 | S26: =AVERAGE(L19:L25) -> 0.066662946 | T26: =(S26-$L26)^2 -> 0.005358078 | U26: =AVERAGE(L16:L25) -> 0.051134682 | V26: =(U26-$L26)^2 -> 0.0033259015 | W26: =AVERAGE(L12:L26) -> 0.05016006 | X26: =(W26-$L26)^2 -> 0.0032144373 | Y26: =AVERAGE(L7:L26) -> 0.0096102874 | Z26: =(Y26-$L26)^2 -> 0.00026070091 | AA26: =0.3*L25+0.7*AA25 -> 0.046541597 | AB26: =(AA26-$L26)^2 -> 0.0028172257 | AC26: =0.4*L25+0.6*AC25 -> 0.03706665 | AD26: =(AC26-$L26)^2 -> 0.0019011865
J27: 1949 | K27: 16.76 | L27: =(K27-K26)/K26 -> 0.10263158 | M27: =AVERAGE(L24:L26) -> -0.041733181 | N27: =(M27-$L27)^2 -> 0.020841184 | O27: =AVERAGE(L23:L26) -> 0.045507343 | P27: =(O27-$L27)^2 -> 0.0032631783 | Q27: =AVERAGE(L22:L26) -> 0.063997991 | R27: =(Q27-$L27)^2 -> 0.0014925541 | S27: =AVERAGE(L20:L26) -> 0.091249088 | T27: =(S27-$L27)^2 -> 0.0001295611 | U27: =AVERAGE(L17:L26) -> 0.025267817 | V27: =(U27-$L27)^2 -> 0.0059851516 | W27: =AVERAGE(L13:L27) -> 0.060962562 | X27: =(W27-$L27)^2 -> 0.001736307 | Y27: =AVERAGE(L8:L27) -> 0.020696692 | Z27: =(Y27-$L27)^2 -> 0.0067133257 | AA27: =0.3*L26+0.7*AA26 -> 0.030618334 | AB27: =(AA27-$L27)^2 -> 0.0051859075 | AC27: =0.4*L26+0.6*AC26 -> 0.019625611 | AD27: =(AC27-$L27)^2 -> 0.0068899907
J28: 1950 | K28: 20.41 | L28: =(K28-K27)/K27 -> 0.21778043 | M28: =AVERAGE(L25:L27) -> 0.032031877 | N28: =(M28-$L28)^2 -> 0.034502525 | O28: =AVERAGE(L24:L27) -> -0.0056419908 | P28: =(O28-$L28)^2 -> 0.049917578 | Q28: =AVERAGE(L23:L27) -> 0.05693219 | R28: =(Q28-$L28)^2 -> 0.025872156 | S28: =AVERAGE(L21:L27) -> 0.088156344 | T28: =(S28-$L28)^2 -> 0.016802403 | U28: =AVERAGE(L18:L27) -> 0.040981391 | V28: =(U28-$L28)^2 -> 0.0312579 | W28: =AVERAGE(L14:L28) -> 0.04790231 | X28: =(W28-$L28)^2 -> 0.028858576 | Y28: =AVERAGE(L9:L28) -> 0.045828138 | Z28: =(Y28-$L28)^2 -> 0.029567591 | AA28: =0.3*L27+0.7*AA27 -> 0.052222307 | AB28: =(AA28-$L28)^2 -> 0.027409492 | AC28: =0.4*L27+0.6*AC27 -> 0.052827998 | AD28: =(AC28-$L28)^2 -> 0.027209305
J29: 1951 | K29: 23.77 | L29: =(K29-K28)/K28 -> 0.16462518 | M29: =AVERAGE(L26:L28) -> 0.10462535 | N29: =(M29-$L29)^2 -> 0.0035999796 | O29: =AVERAGE(L25:L28) -> 0.078469015 | P29: =(O29-$L29)^2 -> 0.0074228854 | Q29: =AVERAGE(L24:L28) -> 0.039042493 | R29: =(Q29-$L29)^2 -> 0.015771012 | S29: =AVERAGE(L22:L28) -> 0.091485995 | T29: =(S29-$L29)^2 -> 0.0053493409 | U29: =AVERAGE(L19:L28) -> 0.078051668 | V29: =(U29-$L29)^2 -> 0.0074949736 | W29: =AVERAGE(L15:L29) -> 0.040262281 | X29: =(W29-$L29)^2 -> 0.015466132 | Y29: =AVERAGE(L10:L29) -> 0.077592643 | Z29: =(Y29-$L29)^2 -> 0.0075746631 | AA29: =0.3*L28+0.7*AA28 -> 0.10188974 | AB29: =(AA29-$L29)^2 -> 0.0039357354 | AC29: =0.4*L28+0.6*AC28 -> 0.11880897 | AD29: =(AC29-$L29)^2 -> 0.0020991254
J30: 1952 | K30: 26.57 | L30: =(K30-K29)/K29 -> 0.11779554 | M30: =AVERAGE(L27:L29) -> 0.16167906 | N30: =(M30-$L30)^2 -> 0.0019257636 | O30: =AVERAGE(L26:L29) -> 0.11962531 | P30: =(O30-$L30)^2 -> 3.3480602e-06 | Q30: =AVERAGE(L25:L29) -> 0.095700249 | R30: =(Q30-$L30)^2 -> 0.00048820191 | S30: =AVERAGE(L23:L29) -> 0.095295224 | T30: =(S30-$L30)^2 -> 0.00050626426 | U30: =AVERAGE(L20:L29) -> 0.11237808 | V30: =(U30-$L30)^2 -> 2.9348872e-05 | W30: =AVERAGE(L16:L30) -> 0.073842907 | X30: =(W30-$L30)^2 -> 0.001931834 | Y30: =AVERAGE(L11:L30) -> 0.091056312 | Z30: =(Y30-$L30)^2 -> 0.00071498636 | AA30: =0.3*L29+0.7*AA29 -> 0.12071038 | AB30: =(AA30-$L30)^2 -> 8.4962645e-06 | AC30: =0.4*L29+0.6*AC29 -> 0.13713546 | AD30: =(AC30-$L30)^2 -> 0.00037403233
J31: 1953 | K31: 24.81 | L31: =(K31-K30)/K30 -> -0.06624012 | M31: =AVERAGE(L28:L30) -> 0.16673372 | N31: =(M31-$L31)^2 -> 0.054276809 | O31: =AVERAGE(L27:L30) -> 0.15070818 | P31: =(O31-$L31)^2 -> 0.047066566 | Q31: =AVERAGE(L26:L30) -> 0.11925936 | R31: =(Q31-$L31)^2 -> 0.034410056 | S31: =AVERAGE(L24:L30) -> 0.068233313 | T31: =(S31-$L31)^2 -> 0.018083104 | U31: =AVERAGE(L21:L30) -> 0.11172956 | V31: =(U31-$L31)^2 -> 0.031673206 | W31: =AVERAGE(L17:L31) -> 0.052618052 | X31: =(W31-$L31)^2 -> 0.014127265 | Y31: =AVERAGE(L12:L31) -> 0.064449676 | Z31: =(Y31-$L31)^2 -> 0.017079823 | AA31: =0.3*L30+0.7*AA30 -> 0.11983593 | AB31: =(AA31-$L31)^2 -> 0.034624295 | AC31: =0.4*L30+0.6*AC30 -> 0.12939949 | AD31: =(AC31-$L31)^2 -> 0.038274857
J32: 1954 | K32: 35.98 | L32: =(K32-K31)/K31 -> 0.45022168 | M32: =AVERAGE(L29:L31) -> 0.072060201 | N32: =(M32-$L32)^2 -> 0.14300611 | O32: =AVERAGE(L28:L31) -> 0.10849026 | P32: =(O32-$L32)^2 -> 0.11678037 | Q32: =AVERAGE(L27:L31) -> 0.10731852 | R32: =(Q32-$L32)^2 -> 0.11758258 | S32: =AVERAGE(L25:L31) -> 0.075722381 | T32: =(S32-$L32)^2 -> 0.14024973 | U32: =AVERAGE(L22:L31) -> 0.085658257 | V32: =(U32-$L32)^2 -> 0.13290649 | W32: =AVERAGE(L18:L32) -> 0.086266442 | X32: =(W32-$L32)^2 -> 0.13246342 | Y32: =AVERAGE(L13:L32) -> 0.089931057 | Z32: =(Y32-$L32)^2 -> 0.12980934 | AA32: =0.3*L31+0.7*AA31 -> 0.064013112 | AB32: =(AA32-$L32)^2 -> 0.14915706 | AC32: =0.4*L31+0.6*AC31 -> 0.051143646 | AD32: =(AC32-$L32)^2 -> 0.15926328
J33: 1955 | K33: 45.48 | L33: =(K33-K32)/K32 -> 0.26403558 | M33: =AVERAGE(L30:L32) -> 0.16725903 | N33: =(M33-$L33)^2 -> 0.0093656988 | O33: =AVERAGE(L29:L32) -> 0.16660057 | P33: =(O33-$L33)^2 -> 0.0094935798 | Q33: =AVERAGE(L28:L32) -> 0.17683654 | R33: =(Q33-$L33)^2 -> 0.0076036711 | S33: =AVERAGE(L26:L32) -> 0.14003976 | T33: =(S33-$L33)^2 -> 0.015374961 | U33: =AVERAGE(L23:L32) -> 0.11688437 | V33: =(U33-$L33)^2 -> 0.021653478 | W33: =AVERAGE(L19:L33) -> 0.11406364 | X33: =(W33-$L33)^2 -> 0.022491582 | Y33: =AVERAGE(L14:L33) -> 0.082448625 | Z33: =(Y33-$L33)^2 -> 0.03297382 | AA33: =0.3*L32+0.7*AA32 -> 0.17987568 | AB33: =(AA33-$L33)^2 -> 0.0070828874 | AC33: =0.4*L32+0.6*AC32 -> 0.21077486 | AD33: =(AC33-$L33)^2 -> 0.0028367037
J34: 1956 | K34: 46.67 | L34: =(K34-K33)/K33 -> 0.026165347 | M34: =AVERAGE(L31:L33) -> 0.21600571 | N34: =(M34-$L34)^2 -> 0.036039364 | O34: =AVERAGE(L30:L33) -> 0.19145317 | P34: =(O34-$L34)^2 -> 0.027320064 | Q34: =AVERAGE(L29:L33) -> 0.18608757 | R34: =(Q34-$L34)^2 -> 0.025575118 | S34: =AVERAGE(L27:L33) -> 0.17869284 | T34: =(S34-$L34)^2 -> 0.023264636 | U34: =AVERAGE(L24:L33) -> 0.11256503 | V34: =(U34-$L34)^2 -> 0.0074649057 | W34: =AVERAGE(L20:L34) -> 0.12771726 | X34: =(W34-$L34)^2 -> 0.01031279 | Y34: =AVERAGE(L15:L34) -> 0.069795612 | Z34: =(Y34-$L34)^2 -> 0.0019036 | AA34: =0.3*L33+0.7*AA33 -> 0.20512365 | AB34: =(AA34-$L34)^2 -> 0.032026074 | AC34: =0.4*L33+0.6*AC33 -> 0.23207915 | AD34: =(AC34-$L34)^2 -> 0.042400493
J35: 1957 | K35: 39.99 | L35: =(K35-K34)/K34 -> -0.14313263 | M35: =AVERAGE(L32:L34) -> 0.24680754 | N35: =(M35-$L35)^2 -> 0.15205334 | O35: =AVERAGE(L31:L34) -> 0.16854562 | P35: =(O35-$L35)^2 -> 0.097143335 | Q35: =AVERAGE(L30:L34) -> 0.15839561 | R35: =(Q35-$L35)^2 -> 0.090919279 | S35: =AVERAGE(L28:L34) -> 0.16776909 | T35: =(S35-$L35)^2 -> 0.096659883 | U35: =AVERAGE(L25:L34) -> 0.12704793 | V35: =(U35-$L35)^2 -> 0.072997535 | W35: =AVERAGE(L21:L35) -> 0.10988969 | X35: =(W35-$L35)^2 -> 0.064020298 | Y35: =AVERAGE(L16:L35) -> 0.081934673 | Z35: =(Y35-$L35)^2 -> 0.050655292 | AA35: =0.3*L34+0.7*AA34 -> 0.15143616 | AB35: =(AA35-$L35)^2 -> 0.086770774 | AC35: =0.4*L34+0.6*AC34 -> 0.14971363 | AD35: =(AC35-$L35)^2 -> 0.085758932
F36: Year | G36: S&P 500 Yield Forecast | J36: 1958 | K36: 55.21 | L36: =(K36-K35)/K35 -> 0.38059515 | M36: =AVERAGE(L33:L35) -> 0.049022763 | N36: =(M36-$L36)^2 -> 0.10994025 | O36: =AVERAGE(L32:L35) -> 0.14932249 | P36: =(O36-$L36)^2 -> 0.053487041 | Q36: =AVERAGE(L31:L35) -> 0.10620997 | R36: =(Q36-$L36)^2 -> 0.075287226 | S36: =AVERAGE(L29:L35) -> 0.11621008 | T36: =(S36-$L36)^2 -> 0.069899463 | U36: =AVERAGE(L26:L35) -> 0.11273466 | V36: =(U36-$L36)^2 -> 0.071749239 | W36: =AVERAGE(L22:L36) -> 0.12229785 | X36: =(W36-$L36)^2 -> 0.066717497 | Y36: =AVERAGE(L17:L36) -> 0.088357795 | Z36: =(Y36-$L36)^2 -> 0.085402671 | AA36: =0.3*L35+0.7*AA35 -> 0.063065522 | AB36: =(AA36-$L36)^2 -> 0.10082506 | AC36: =0.4*L35+0.6*AC35 -> 0.032575123 | AD36: =(AC36-$L36)^2 -> 0.12111794
F37: 2024 | G37: =W102 -> 0.098685946 | J37: 1959 | K37: 59.89 | L37: =(K37-K36)/K36 -> 0.084767252 | M37: =AVERAGE(L34:L36) -> 0.087875954 | N37: =(M37-$L37)^2 -> 9.6640279e-06 | O37: =AVERAGE(L33:L36) -> 0.13191586 | P37: =(O37-$L37)^2 -> 0.0022229912 | Q37: =AVERAGE(L32:L36) -> 0.19557702 | R37: =(Q37-$L37)^2 -> 0.012278806 | S37: =AVERAGE(L30:L36) -> 0.14706293 | T37: =(S37-$L37)^2 -> 0.003880752 | U37: =AVERAGE(L27:L36) -> 0.15144777 | V37: =(U37-$L37)^2 -> 0.0044462919 | W37: =AVERAGE(L23:L37) -> 0.11875162 | X37: =(W37-$L37)^2 -> 0.0011549375 | Y37: =AVERAGE(L18:L37) -> 0.095321366 | Z37: =(Y37-$L37)^2 -> 0.00011138932 | AA37: =0.3*L36+0.7*AA36 -> 0.15832441 | AB37: =(AA37-$L37)^2 -> 0.0054106554 | AC37: =0.4*L36+0.6*AC36 -> 0.17178313 | AD37: =(AC37-$L37)^2 -> 0.0075717635
F38: 2025 | G38: =W103 -> 0.096994787 | J38: 1960 | K38: 58.11 | L38: =(K38-K37)/K37 -> -0.029721155 | M38: =AVERAGE(L35:L37) -> 0.10740992 | N38: =(M38-$L38)^2 -> 0.018804933 | O38: =AVERAGE(L34:L37) -> 0.087098779 | P38: =(O38-$L38)^2 -> 0.013646897 | Q38: =AVERAGE(L33:L37) -> 0.12248614 | R38: =(Q38-$L38)^2 -> 0.02316706 | S38: =AVERAGE(L31:L37) -> 0.14234461 | T38: =(S38-$L38)^2 -> 0.029606627 | U38: =AVERAGE(L28:L37) -> 0.14966134 | V38: =(U38-$L38)^2 -> 0.03217808 | W38: =AVERAGE(L24:L38) -> 0.096288286 | X38: =(W38-$L38)^2 -> 0.015878379 | Y38: =AVERAGE(L19:L38) -> 0.10148143 | Z38: =(Y38-$L38)^2 -> 0.017214117 | AA38: =0.3*L37+0.7*AA37 -> 0.13625726 | AB38: =(AA38-$L38)^2 -> 0.027548835 | AC38: =0.4*L37+0.6*AC37 -> 0.13697678 | AD38: =(AC38-$L38)^2 -> 0.027788202
F39: 2026 | G39: =W104 -> 0.11002739 | J39: 1961 | K39: 71.55 | L39: =(K39-K38)/K38 -> 0.23128549 | M39: =AVERAGE(L36:L38) -> 0.14521375 | N39: =(M39-$L39)^2 -> 0.0074083452 | O39: =AVERAGE(L35:L38) -> 0.073127153 | P39: =(O39-$L39)^2 -> 0.025014061 | Q39: =AVERAGE(L34:L38) -> 0.063734792 | R39: =(Q39-$L39)^2 -> 0.028073237 | S39: =AVERAGE(L32:L38) -> 0.1475616 | T39: =(S39-$L39)^2 -> 0.0070096898 | U39: =AVERAGE(L29:L38) -> 0.12491118 | V39: =(U39-$L39)^2 -> 0.011315494 | W39: =AVERAGE(L25:L39) -> 0.11961823 | X39: =(W39-$L39)^2 -> 0.012469579 | Y39: =AVERAGE(L20:L39) -> 0.12197765 | Z39: =(Y39-$L39)^2 -> 0.011948205 | AA39: =0.3*L38+0.7*AA38 -> 0.086463737 | AB39: =(AA39-$L39)^2 -> 0.020973341 | AC39: =0.4*L38+0.6*AC38 -> 0.070297606 | AD39: =(AC39-$L39)^2 -> 0.0259171
F40: 2027+ | G40: =W105 -> 0.11212413 | J40: 1962 | K40: 63.1 | L40: =(K40-K39)/K39 -> -0.11809923 | M40: =AVERAGE(L37:L39) -> 0.095443863 | N40: =(M40-$L40)^2 -> 0.045600653 | O40: =AVERAGE(L36:L39) -> 0.16673168 | P40: =(O40-$L40)^2 -> 0.081128651 | Q40: =AVERAGE(L35:L39) -> 0.10475882 | R40: =(Q40-$L40)^2 -> 0.049665712 | S40: =AVERAGE(L33:L39) -> 0.116285 | T40: =(S40-$L40)^2 -> 0.05493597 | U40: =AVERAGE(L30:L39) -> 0.13157721 | V40: =(U40-$L40)^2 -> 0.062338327 | W40: =AVERAGE(L26:L40) -> 0.11174494 | X40: =(W40-$L40)^2 -> 0.052828345 | Y40: =AVERAGE(L21:L40) -> 0.10985865 | Z40: =(Y40-$L40)^2 -> 0.051964794 | AA40: =0.3*L39+0.7*AA39 -> 0.12991026 | AB40: =(AA40-$L40)^2 -> 0.06150871 | AC40: =0.4*L39+0.6*AC39 -> 0.13469276 | AD40: =(AC40-$L40)^2 -> 0.063903791
J41: 1963 | K41: 75.02 | L41: =(K41-K40)/K40 -> 0.1889065 | M41: =AVERAGE(L38:L40) -> 0.027821702 | N41: =(M41-$L41)^2 -> 0.025948311 | O41: =AVERAGE(L37:L40) -> 0.04205809 | P41: =(O41-$L41)^2 -> 0.021564455 | Q41: =AVERAGE(L36:L40) -> 0.1097655 | R41: =(Q41-$L41)^2 -> 0.0062632973 | S41: =AVERAGE(L34:L40) -> 0.061694317 | T41: =(S41-$L41)^2 -> 0.016182939 | U41: =AVERAGE(L31:L40) -> 0.10798774 | V41: =(U41-$L41)^2 -> 0.006547846 | W41: =AVERAGE(L27:L41) -> 0.12477444 | X41: =(W41-$L41)^2 -> 0.0041129209 | Y41: =AVERAGE(L22:L41) -> 0.10958033 | Z41: =(Y41-$L41)^2 -> 0.0062926413 | AA41: =0.3*L40+0.7*AA40 -> 0.055507415 | AB41: =(AA41-$L41)^2 -> 0.017795315 | AC41: =0.4*L40+0.6*AC40 -> 0.033575964 | AD41: =(AC41-$L41)^2 -> 0.024127575
J42: 1964 | K42: 84.75 | L42: =(K42-K41)/K41 -> 0.12969875 | M42: =AVERAGE(L39:L41) -> 0.10069759 | N42: =(M42-$L42)^2 -> 0.00084106731 | O42: =AVERAGE(L38:L41) -> 0.068092901 | P42: =(O42-$L42)^2 -> 0.0037952803 | Q42: =AVERAGE(L37:L41) -> 0.071427771 | R42: =(Q42-$L42)^2 -> 0.0033955066 | S42: =AVERAGE(L35:L41) -> 0.084943053 | T42: =(S42-$L42)^2 -> 0.0020030721 | U42: =AVERAGE(L32:L41) -> 0.1335024 | V42: =(U42-$L42)^2 -> 1.446776e-05 | W42: =AVERAGE(L28:L42) -> 0.12657892 | X42: =(W42-$L42)^2 -> 9.7333373e-06 | Y42: =AVERAGE(L23:L42) -> 0.10916724 | Z42: =(Y42-$L42)^2 -> 0.00042154296 | AA42: =0.3*L41+0.7*AA41 -> 0.09552714 | AB42: =(AA42-$L42)^2 -> 0.0011676987 | AC42: =0.4*L41+0.6*AC41 -> 0.095708178 | AD42: =(AC42-$L42)^2 -> 0.0011553588
J43: 1965 | K43: 92.43 | L43: =(K43-K42)/K42 -> 0.090619469 | M43: =AVERAGE(L40:L42) -> 0.066835338 | N43: =(M43-$L43)^2 -> 0.0005656849 | O43: =AVERAGE(L39:L42) -> 0.10794788 | P43: =(O43-$L43)^2 -> 0.00030027371 | Q43: =AVERAGE(L38:L42) -> 0.08041407 | R43: =(Q43-$L43)^2 -> 0.00010415017 | S43: =AVERAGE(L36:L42) -> 0.12391896 | T43: =(S43-$L43)^2 -> 0.0011088564 | U43: =AVERAGE(L33:L42) -> 0.1014501 | V43: =(U43-$L43)^2 -> 0.00011730266 | W43: =AVERAGE(L29:L43) -> 0.11810152 | X43: =(W43-$L43)^2 -> 0.00075526312 | Y43: =AVERAGE(L24:L43) -> 0.098336763 | Z43: =(Y43-$L43)^2 -> 5.955663e-05 | AA43: =0.3*L42+0.7*AA42 -> 0.10577862 | AB43: =(AA43-$L43)^2 -> 0.00022979992 | AC43: =0.4*L42+0.6*AC42 -> 0.10930441 | AD43: =(AC43-$L43)^2 -> 0.00034912684
J44: 1966 | K44: 80.33 | L44: =(K44-K43)/K43 -> -0.13090988 | M44: =AVERAGE(L41:L43) -> 0.13640824 | N44: =(M44-$L44)^2 -> 0.071458975 | O44: =AVERAGE(L40:L43) -> 0.072781371 | P44: =(O44-$L44)^2 -> 0.041490125 | Q44: =AVERAGE(L39:L43) -> 0.1044822 | R44: =(Q44-$L44)^2 -> 0.055409428 | S44: =AVERAGE(L37:L43) -> 0.082493867 | T44: =(S44-$L44)^2 -> 0.045541158 | U44: =AVERAGE(L34:L43) -> 0.084108494 | V44: =(U44-$L44)^2 -> 0.0462329 | W44: =AVERAGE(L30:L44) -> 0.098399183 | X44: =(W44-$L44)^2 -> 0.052582645 | Y44: =AVERAGE(L25:L44) -> 0.097724449 | Z44: =(Y44-$L44)^2 -> 0.052273655 | AA44: =0.3*L43+0.7*AA43 -> 0.10123088 | AB44: =(AA44-$L44)^2 -> 0.05388933 | AC44: =0.4*L43+0.6*AC43 -> 0.10183043 | AD44: =(AC44-$L44)^2 -> 0.054168051
J45: 1967 | K45: 96.47 | L45: =(K45-K44)/K44 -> 0.2009212 | M45: =AVERAGE(L42:L44) -> 0.029802779 | N45: =(M45-$L45)^2 -> 0.029281514 | O45: =AVERAGE(L41:L44) -> 0.069578709 | P45: =(O45-$L45)^2 -> 0.01725085 | Q45: =AVERAGE(L40:L44) -> 0.032043121 | R45: =(Q45-$L45)^2 -> 0.028519806 | S45: =AVERAGE(L38:L44) -> 0.051682849 | T45: =(S45-$L45)^2 -> 0.022272085 | U45: =AVERAGE(L35:L44) -> 0.068400971 | V45: =(U45-$L45)^2 -> 0.017561611 | W45: =AVERAGE(L31:L45) -> 0.10394089 | X45: =(W45-$L45)^2 -> 0.0094051799 | Y45: =AVERAGE(L26:L45) -> 0.10777051 | Z45: =(Y45-$L45)^2 -> 0.0086770512 | AA45: =0.3*L44+0.7*AA44 -> 0.03158865 | AB45: =(AA45-$L45)^2 -> 0.028673512 | AC45: =0.4*L44+0.6*AC44 -> 0.0087343074 | AD45: =(AC45-$L45)^2 -> 0.036935802
J46: 1968 | K46: 103.86 | L46: =(K46-K45)/K45 -> 0.076604126 | M46: =AVERAGE(L43:L45) -> 0.053543597 | N46: =(M46-$L46)^2 -> 0.00053178798 | O46: =AVERAGE(L42:L45) -> 0.072582385 | P46: =(O46-$L46)^2 -> 1.6174401e-05 | Q46: =AVERAGE(L41:L45) -> 0.095847207 | R46: =(Q46-$L46)^2 -> 0.00037029619 | S46: =AVERAGE(L39:L45) -> 0.084631757 | T46: =(S46-$L46)^2 -> 6.4442862e-05 | U46: =AVERAGE(L36:L45) -> 0.10280635 | V46: =(U46-$L46)^2 -> 0.00068655679 | W46: =AVERAGE(L32:L46) -> 0.11346384 | X46: =(W46-$L46)^2 -> 0.0013586388 | Y46: =AVERAGE(L27:L46) -> 0.11192751 | Z46: =(Y46-$L46)^2 -> 0.0012477417 | AA46: =0.3*L45+0.7*AA45 -> 0.082388415 | AB46: =(AA46-$L46)^2 -> 3.3458004e-05 | AC46: =0.4*L45+0.6*AC45 -> 0.085609064 | AD46: =(AC46-$L46)^2 -> 8.1088923e-05
J47: 1969 | K47: 92.06 | L47: =(K47-K46)/K46 -> -0.11361448 | M47: =AVERAGE(L44:L46) -> 0.048871816 | N47: =(M47-$L47)^2 -> 0.026401797 | O47: =AVERAGE(L43:L46) -> 0.059308729 | P47: =(O47-$L47)^2 -> 0.029902437 | Q47: =AVERAGE(L42:L46) -> 0.073386733 | R47: =(Q47-$L47)^2 -> 0.034969454 | S47: =AVERAGE(L40:L46) -> 0.062534419 | T47: =(S47-$L47)^2 -> 0.031028435 | U47: =AVERAGE(L37:L46) -> 0.072407252 | V47: =(U47-$L47)^2 -> 0.034604085 | W47: =AVERAGE(L33:L47) -> 0.075874765 | X47: =(W47-$L47)^2 -> 0.035906174 | Y47: =AVERAGE(L28:L47) -> 0.10111521 | Z47: =(Y47-$L47)^2 -> 0.04610884 | AA47: =0.3*L46+0.7*AA46 -> 0.080653128 | AB47: =(AA47-$L47)^2 -> 0.037739904 | AC47: =0.4*L46+0.6*AC46 -> 0.082007089 | AD47: =(AC47-$L47)^2 -> 0.038267799
J48: 1970 | K48: 92.15 | L48: =(K48-K47)/K47 -> 0.00097762329 | M48: =AVERAGE(L45:L47) -> 0.054636948 | N48: =(M48-$L48)^2 -> 0.0028793232 | O48: =AVERAGE(L44:L47) -> 0.0082502417 | P48: =(O48-$L48)^2 -> 5.2890979e-05 | Q48: =AVERAGE(L43:L47) -> 0.024724087 | R48: =(Q48-$L48)^2 -> 0.00056389455 | S48: =AVERAGE(L41:L47) -> 0.063175097 | T48: =(S48-$L48)^2 -> 0.0038685258 | U48: =AVERAGE(L38:L47) -> 0.052569079 | V48: =(U48-$L48)^2 -> 0.0026616783 | W48: =AVERAGE(L34:L48) -> 0.058337568 | X48: =(W48-$L48)^2 -> 0.0032901633 | Y48: =AVERAGE(L29:L48) -> 0.090275069 | Z48: =(Y48-$L48)^2 -> 0.0079740339 | AA48: =0.3*L47+0.7*AA47 -> 0.022372845 | AB48: =(AA48-$L48)^2 -> 0.00045775553 | AC48: =0.4*L47+0.6*AC47 -> 0.0037584609 | AD48: =(AC48-$L48)^2 -> 7.733058e-06
J49: 1971 | K49: 102.09 | L49: =(K49-K48)/K48 -> 0.10786761 | M49: =AVERAGE(L46:L48) -> -0.012010911 | N49: =(M49-$L49)^2 -> 0.014370859 | O49: =AVERAGE(L45:L48) -> 0.041222117 | P49: =(O49-$L49)^2 -> 0.0044416214 | Q49: =AVERAGE(L44:L48) -> 0.006795718 | R49: =(Q49-$L49)^2 -> 0.010215527 | S49: =AVERAGE(L42:L48) -> 0.036328115 | T49: =(S49-$L49)^2 -> 0.0051178989 | U49: =AVERAGE(L39:L48) -> 0.055638957 | V49: =(U49-$L49)^2 -> 0.0027278319 | W49: =AVERAGE(L35:L49) -> 0.063784386 | X49: =(W49-$L49)^2 -> 0.0019433304 | Y49: =AVERAGE(L30:L49) -> 0.087437191 | Z49: =(Y49-$L49)^2 -> 0.00041740192 | AA49: =0.3*L48+0.7*AA48 -> 0.015954279 | AB49: =(AA49-$L49)^2 -> 0.0084480599 | AC49: =0.4*L48+0.6*AC48 -> 0.0026461259 | AD49: =(AC49-$L49)^2 -> 0.01107156
J50: 1972 | K50: 118.05 | L50: =(K50-K49)/K49 -> 0.15633265 | M50: =AVERAGE(L47:L49) -> -0.0015897502 | N50: =(M50-$L50)^2 -> 0.024939484 | O50: =AVERAGE(L46:L49) -> 0.017958719 | P50: =(O50-$L50)^2 -> 0.019147344 | Q50: =AVERAGE(L45:L49) -> 0.054551215 | R50: =(Q50-$L50)^2 -> 0.01035946 | S50: =AVERAGE(L43:L49) -> 0.033209381 | T50: =(S50-$L50)^2 -> 0.015159339 | U50: =AVERAGE(L40:L49) -> 0.043297168 | V50: =(U50-$L50)^2 -> 0.01277702 | W50: =AVERAGE(L36:L50) -> 0.083748738 | X50: =(W50-$L50)^2 -> 0.005268424 | Y50: =AVERAGE(L31:L50) -> 0.089364046 | Z50: =(Y50-$L50)^2 -> 0.0044847936 | AA50: =0.3*L49+0.7*AA49 -> 0.043528277 | AB50: =(AA50-$L50)^2 -> 0.012724826 | AC50: =0.4*L49+0.6*AC49 -> 0.044734718 | AD50: =(AC50-$L50)^2 -> 0.012454098
J51: 1973 | K51: 97.55 | L51: =(K51-K50)/K50 -> -0.17365523 | M51: =AVERAGE(L48:L50) -> 0.088392626 | N51: =(M51-$L51)^2 -> 0.068669079 | O51: =AVERAGE(L47:L50) -> 0.037890849 | P51: =(O51-$L51)^2 -> 0.044751744 | Q51: =AVERAGE(L46:L50) -> 0.045633505 | R51: =(Q51-$L51)^2 -> 0.048087549 | S51: =AVERAGE(L44:L50) -> 0.042596978 | T51: =(S51-$L51)^2 -> 0.046765018 | U51: =AVERAGE(L41:L50) -> 0.070740356 | V51: =(U51-$L51)^2 -> 0.059729203 | W51: =AVERAGE(L37:L51) -> 0.046798712 | X51: =(W51-$L51)^2 -> 0.048599941 | Y51: =AVERAGE(L32:L51) -> 0.08399329 | Z51: =(Y51-$L51)^2 -> 0.066382761 | AA51: =0.3*L50+0.7*AA50 -> 0.077369588 | AB51: =(AA51-$L51)^2 -> 0.06301346 | AC51: =0.4*L50+0.6*AC50 -> 0.08937389 | AD51: =(AC51-$L51)^2 -> 0.069184318
J52: 1974 | K52: 68.56 | L52: =(K52-K51)/K51 -> -0.29718093 | M52: =AVERAGE(L49:L51) -> 0.030181675 | N52: =(M52-$L52)^2 -> 0.10716628 | O52: =AVERAGE(L48:L51) -> 0.022880662 | P52: =(O52-$L52)^2 -> 0.10243942 | Q52: =AVERAGE(L47:L51) -> -0.0044183668 | R52: =(Q52-$L52)^2 -> 0.08570992 | S52: =AVERAGE(L45:L51) -> 0.036490499 | T52: =(S52-$L52)^2 -> 0.11133662 | U52: =AVERAGE(L42:L51) -> 0.034484183 | V52: =(U52-$L52)^2 -> 0.11000175 | W52: =AVERAGE(L38:L52) -> 0.0213355 | X52: =(W52-$L52)^2 -> 0.10145272 | Y52: =AVERAGE(L33:L52) -> 0.04662316 | Z52: =(Y52-$L52)^2 -> 0.11820125 | AA52: =0.3*L51+0.7*AA51 -> 0.0020621426 | AB52: =(AA52-$L52)^2 -> 0.089546418 | AC52: =0.4*L51+0.6*AC51 -> -0.015837758 | AD52: =(AC52-$L52)^2 -> 0.079153982
... J101: 2023 | K101: 4327.78 | L101: =(K101-K100)/K100 -> 0.12717281 | M101: =AVERAGE(L98:L100) -> 0.079029447 | N101: =(M101-$L101)^2 -> 0.0023177833 | O101: =AVERAGE(L97:L100) -> 0.13146727 | P101: =(O101-$L101)^2 -> 1.8442398e-05 | Q101: =AVERAGE(L96:L100) -> 0.092699297 | R101: =(Q101-$L101)^2 -> 0.001188423 | S101: =AVERAGE(L94:L100) -> 0.10757804 | T101: =(S101-$L101)^2 -> 0.00038395492 | U101: =AVERAGE(L91:L100) -> 0.11556991 | V101: =(U101-$L101)^2 -> 0.00013462724 | W101: =AVERAGE(L87:L101) -> 0.11861774 | X101: =(W101-$L101)^2 -> 7.3189229e-05 | Y101: =AVERAGE(L82:L101) -> 0.08429215 | Z101: =(Y101-$L101)^2 -> 0.0018387509 | AA101: =0.3*L100+0.7*AA100 -> 0.067676864 | AB101: =(AA101-$L101)^2 -> 0.0035397674 | AC101: =0.4*L100+0.6*AC100 -> 0.042066588 | AD101: =(AC101-$L101)^2 -> 0.0072430688
W102: =AVERAGE(L92:L101) -> 0.098685946
J103: REGRESSION SUMMARY OUTPUT: insignificant dependency -> using Moving Average or Exponential Smoothing instead of Linear Regression | W103: =AVERAGE(L93:L102) -> 0.096994787
W104: =AVERAGE(L94:L103) -> 0.11002739
J105: Regression Statistics | W105: =AVERAGE(L95:L104) -> 0.11212413
J106: Multiple R | K106: 0.12722804
J107: R Square | K107: 0.016186974
J108: Adjusted R Square | K108: 0.0056083392
J109: Standard Error | K109: 0.1887495
J110: Observations | K110: 95
J112: ANOVA
K113: df | L113: SS | M113: MS | N113: F | O113: Significance F
J114: Regression | K114: 1 | L114: 0.054513954 | M114: 0.054513954 | N114: 1.5301572 | O114: 0.21920335
J115: Residual | K115: 93 | L115: 3.3132529 | M115: 0.035626375
J116: Total | K116: 94 | L116: 3.3677668
K118: Coefficients | L118: Standard Error | M118: t Stat | N118: P-value | O118: Lower 95% | P118: Upper 95% | Q118: Lower 95.0% | R118: Upper 95.0%
J119: Intercept | K119: -1.6518484 | L119: 1.395545 | M119: -1.1836583 | N119: 0.23956506 | O119: -4.4231242 | P119: 1.1194274 | Q119: -4.4231242 | R119: 1.1194274
J120: X Variable 1 | K120: 0.00087354065 | L120: 0.00070617948 | M120: 1.2369952 | N120: 0.21920335 | O120: -0.00052879185 | P120: 0.0022758731 | Q120: -0.00052879185 | R120: 0.0022758731
